Workbook

Sheet Input
A4: Input LFM Pin No in D4 | D4: RG199
A5: & press return.
D6: =VLOOKUP($D$4,PINS!$A$5:$C$146,2,FALSE) -> EA117 | E6: =VLOOKUP($D$4,PINS!$A$5:$C$146,3,FALSE) -> Trowbridge Primary | G6: =+Report!R5 -> Trowbridge Primary

Sheet Report
A1: =+Input!D6 -> EA117 | C1: Put cost centre in here
E2: Balances | F2: =+Q133-Q142 -> -0.0049999981 | G2: Actual | H2: Formula | I2: Governors | O2: CARDIFF COUNCIL/GYNGOR CAERDYDD | V2: 1
E3: Exp | F3: =+U110-R110 -> 0 | O3: SCHOOLS OUTTURN OF EXPENDITURE/CANLYNIAD GWARIANT YSGOLION 2023-2024
B4: Actuals | C4: Budgets | D4: Gvnrs
O5: Governing Body/Corff Llywodraethu of: | R5: =VLOOKUP($A$1,Data!$A$7:$B$135,2) -> Trowbridge Primary
B6: 3 | C6: 63 | D6: 115 | E6: 1 | F6: Teaching Costs | G6: =VLOOKUP($A$1,Data!$A$7:$GD$135,B6) -> 580350.16 | H6: =VLOOKUP($A$1,Data!$A$7:$GD$135,C6) -> 0 | I6: =VLOOKUP($A$1,Data!$A$7:$GD$135,D6) -> 579412
B7: 4 | C7: 64 | D7: 116 | E7: 2 | F7: Special Needs Teachers | G7: =VLOOKUP($A$1,Data!$A$7:$GD$135,B7) -> 0 | H7: =VLOOKUP($A$1,Data!$A$7:$GD$135,C7) -> 0 | I7: =VLOOKUP($A$1,Data!$A$7:$GD$135,D7) -> 0
B8: 5 | C8: 65 | D8: 117 | E8: 3 | F8: Teachers for statemented pupils | G8: =VLOOKUP($A$1,Data!$A$7:$GD$135,B8) -> 0 | H8: =VLOOKUP($A$1,Data!$A$7:$GD$135,C8) -> 0 | I8: =VLOOKUP($A$1,Data!$A$7:$GD$135,D8) -> 0 | Q8: Governor Approved Budget/Cyllideb a Gymeradwywyd gan y Llywodraethwyr | T8: Actual Expenditure/ Gwariant Cyflawnedig
B9: 6 | C9: 66 | D9: 118 | E9: 4 | F9: Short Term Supply | G9: =VLOOKUP($A$1,Data!$A$7:$GD$135,B9) -> 0 | H9: =VLOOKUP($A$1,Data!$A$7:$GD$135,C9) -> 0 | I9: =VLOOKUP($A$1,Data!$A$7:$GD$135,D9) -> 0 | Q9: £ | R9: £ | T9: £ | U9: £
B10: 7 | C10: 67 | D10: 119 | E10: 5 | F10: Long Term Supply | G10: =VLOOKUP($A$1,Data!$A$7:$GD$135,B10) -> 20091.43 | H10: =VLOOKUP($A$1,Data!$A$7:$GD$135,C10) -> 0 | I10: =VLOOKUP($A$1,Data!$A$7:$GD$135,D10) -> 18354 | O10: Staffing costs/Costau Staff
B11: 8 | C11: 68 | D11: 120 | E11: 6 | F11: Special Needs Support Staff | G11: =VLOOKUP($A$1,Data!$A$7:$GD$135,B11) -> 0 | H11: =VLOOKUP($A$1,Data!$A$7:$GD$135,C11) -> 0 | I11: =VLOOKUP($A$1,Data!$A$7:$GD$135,D11) -> 0 | O11: Teaching Costs/Costau Addysgu | Q11: =I6 -> 579412 | T11: =G6 -> 580350.16
B12: 9 | C12: 69 | D12: 121 | E12: 7 | F12: Nursery Assts/ Teachers Aides / Adult Helpers | G12: =VLOOKUP($A$1,Data!$A$7:$GD$135,B12) -> 110374.68 | H12: =VLOOKUP($A$1,Data!$A$7:$GD$135,C12) -> 0 | I12: =VLOOKUP($A$1,Data!$A$7:$GD$135,D12) -> 110413 | O12: Special Needs Teachers/Athrawon Anghenion Arbennig | Q12: =I7 -> 0 | T12: =G7 -> 0
B13: 10 | C13: 70 | D13: 122 | E13: 8 | F13: Foreign Language Assistants | G13: =VLOOKUP($A$1,Data!$A$7:$GD$135,B13) -> 0 | H13: =VLOOKUP($A$1,Data!$A$7:$GD$135,C13) -> 0 | I13: =VLOOKUP($A$1,Data!$A$7:$GD$135,D13) -> 0 | O13: Teachers for statemented pupils/Athrawon ar gyfer disgyblion sy'n destun datganiad | Q13: =I8 -> 0 | T13: =G8 -> 0
B14: 11 | C14: 71 | D14: 123 | E14: 9 | F14: Technicians | G14: =VLOOKUP($A$1,Data!$A$7:$GD$135,B14) -> 0 | H14: =VLOOKUP($A$1,Data!$A$7:$GD$135,C14) -> 0 | I14: =VLOOKUP($A$1,Data!$A$7:$GD$135,D14) -> 0 | O14: Short Term Supply/Llanw Byr Dymor | Q14: =I9 -> 0 | T14: =G9 -> 0
B15: 12 | C15: 72 | D15: 124 | E15: 10 | F15: Mid Day Supervisors | G15: =VLOOKUP($A$1,Data!$A$7:$GD$135,B15) -> 10384.95 | H15: =VLOOKUP($A$1,Data!$A$7:$GD$135,C15) -> 0 | I15: =VLOOKUP($A$1,Data!$A$7:$GD$135,D15) -> 10251 | O15: Long Term Supply/Llanw Hir Dymor | Q15: =I10 -> 18354 | T15: =G10 -> 20091.43
B16: 13 | C16: 73 | D16: 125 | E16: 11 | F16: Library Staff | G16: =VLOOKUP($A$1,Data!$A$7:$GD$135,B16) -> 0 | H16: =VLOOKUP($A$1,Data!$A$7:$GD$135,C16) -> 0 | I16: =VLOOKUP($A$1,Data!$A$7:$GD$135,D16) -> 0 | O16: Special Needs Support Staff/Staff Cymorth Anghenion Arbennig | Q16: =I11 -> 0 | T16: =G11 -> 0
B17: 14 | C17: 74 | D17: 126 | E17: 12 | F17: Administrative Staff | G17: =VLOOKUP($A$1,Data!$A$7:$GD$135,B17) -> 36833.98 | H17: =VLOOKUP($A$1,Data!$A$7:$GD$135,C17) -> 0 | I17: =VLOOKUP($A$1,Data!$A$7:$GD$135,D17) -> 36324 | O17: Nursery Assts/ Teachers Aides / Adult Helpers/Cynorthwywyr Meithrinfa/ Cymhorthion Athrawon / Cynorthwywyr | Q17: =I12 -> 110413 | T17: =G12 -> 110374.68
B18: 15 | C18: 75 | D18: 127 | E18: 13 | F18: Non teaching supply costs | G18: =VLOOKUP($A$1,Data!$A$7:$GD$135,B18) -> 0 | H18: =VLOOKUP($A$1,Data!$A$7:$GD$135,C18) -> 0 | I18: =VLOOKUP($A$1,Data!$A$7:$GD$135,D18) -> 0 | O18: Foreign Language Assistants/Cynorthwywyr Ieithoedd Tramor | Q18: =I13 -> 0 | T18: =G13 -> 0
B19: 16 | C19: 76 | D19: 128 | E19: 14 | F19: Training Costs | G19: =VLOOKUP($A$1,Data!$A$7:$GD$135,B19) -> 66574.16 | H19: =VLOOKUP($A$1,Data!$A$7:$GD$135,C19) -> 0 | I19: =VLOOKUP($A$1,Data!$A$7:$GD$135,D19) -> 67360 | O19: Technicians/Technegwyr | Q19: =I14 -> 0 | T19: =G14 -> 0
B20: 17 | C20: 77 | D20: 129 | E20: 15 | F20: Other Staff Costs | G20: =VLOOKUP($A$1,Data!$A$7:$GD$135,B20) -> 84207.11 | H20: =VLOOKUP($A$1,Data!$A$7:$GD$135,C20) -> 0 | I20: =VLOOKUP($A$1,Data!$A$7:$GD$135,D20) -> 115488 | O20: Mid Day Supervisors/Gorychwylwyr Canol Dydd | Q20: =I15 -> 10251 | T20: =G15 -> 10384.95
B21: 18 | C21: 78 | D21: 130 | E21: 15.5 | F21: Performance Management | G21: =VLOOKUP($A$1,Data!$A$7:$GD$135,B21) -> 0 | H21: =VLOOKUP($A$1,Data!$A$7:$GD$135,C21) -> 0 | I21: =VLOOKUP($A$1,Data!$A$7:$GD$135,D21) -> 0 | O21: Library Staff / Attend Officer/Staff Llyfrgell / Swyddog Presenoldeb | Q21: =I16 -> 0 | T21: =G16 -> 0
B22: 19 | C22: 79 | D22: 131 | E22: 16 | F22: Caretaking Staff | G22: =VLOOKUP($A$1,Data!$A$7:$GD$135,B22) -> 25701.54 | H22: =VLOOKUP($A$1,Data!$A$7:$GD$135,C22) -> 0 | I22: =VLOOKUP($A$1,Data!$A$7:$GD$135,D22) -> 23986 | O22: Administrative Staff/Staff Gweinyddol | Q22: =+I17 -> 36324 | T22: =+G17 -> 36833.98
B23: 20 | C23: 80 | D23: 132 | E23: 17 | F23: Domestic Staff | G23: =VLOOKUP($A$1,Data!$A$7:$GD$135,B23) -> 9597.02 | H23: =VLOOKUP($A$1,Data!$A$7:$GD$135,C23) -> 0 | I23: =VLOOKUP($A$1,Data!$A$7:$GD$135,D23) -> 9415 | O23: Non teaching supply costs/Costau llanw staff heb fod yn athrawon | Q23: =I18 -> 0 | T23: =G18 -> 0
B24: 21 | C24: 81 | D24: 133 | E24: 18 | F24: Grounds Staff | G24: =VLOOKUP($A$1,Data!$A$7:$GD$135,B24) -> 510 | H24: =VLOOKUP($A$1,Data!$A$7:$GD$135,C24) -> 0 | I24: =VLOOKUP($A$1,Data!$A$7:$GD$135,D24) -> 515 | O24: Training Costs/Costau hyfforddi | Q24: =I19 -> 67360 | T24: =G19 -> 66574.16
B25: 22 | C25: 82 | D25: 134 | E25: 19 | F25: Cleaning Costs | G25: =VLOOKUP($A$1,Data!$A$7:$GD$135,B25) -> 27529.13 | H25: =VLOOKUP($A$1,Data!$A$7:$GD$135,C25) -> 0 | I25: =VLOOKUP($A$1,Data!$A$7:$GD$135,D25) -> 28342 | O25: Other Staff Costs/Costau staff eraill | Q25: =I20 -> 115488 | T25: =G20 -> 84207.11
B26: 23 | C26: 83 | D26: 135 | E26: 20 | F26: Energy Costs | G26: =VLOOKUP($A$1,Data!$A$7:$GD$135,B26) -> 28097.78 | H26: =VLOOKUP($A$1,Data!$A$7:$GD$135,C26) -> 0 | I26: =VLOOKUP($A$1,Data!$A$7:$GD$135,D26) -> 33652 | O26: Performance Management/Rheoli Perfformiad | Q26: =I21 -> 0 | T26: =G21 -> 0
B27: 24 | C27: 84 | D27: 136 | E27: 21 | F27: Rates | G27: =VLOOKUP($A$1,Data!$A$7:$GD$135,B27) -> 20062.5 | H27: =VLOOKUP($A$1,Data!$A$7:$GD$135,C27) -> 20062.5 | I27: =VLOOKUP($A$1,Data!$A$7:$GD$135,D27) -> 20062.5
B28: 26 | C28: 85 | D28: 138 | E28: 22 | F28: Water | G28: =VLOOKUP($A$1,Data!$A$7:$GD$135,B28) -> 2204.22 | H28: =VLOOKUP($A$1,Data!$A$7:$GD$135,C28) -> 0 | I28: =VLOOKUP($A$1,Data!$A$7:$GD$135,D28) -> 2680 | O28: Total Staffing Costs/Cyfanswm Costau Staff | R28: =SUM(Q11:Q26) -> 937602 | U28: =SUM(T11:T26) -> 908816.47
B29: 25 | C29: 86 | D29: 137 | E29: 23 | F29: Reapirs and Maintenance | G29: =VLOOKUP($A$1,Data!$A$7:$GD$135,B29) -> 15839.75 | H29: =VLOOKUP($A$1,Data!$A$7:$GD$135,C29) -> 0 | I29: =VLOOKUP($A$1,Data!$A$7:$GD$135,D29) -> 10184
B30: 27 | C30: 87 | D30: 139 | E30: 25 | F30: Pupil Transport Costs | G30: =VLOOKUP($A$1,Data!$A$7:$GD$135,B30) -> 557.63 | H30: =VLOOKUP($A$1,Data!$A$7:$GD$135,C30) -> 0 | I30: =VLOOKUP($A$1,Data!$A$7:$GD$135,D30) -> 0
B31: 28 | C31: 88 | D31: 140 | E31: 26 | F31: Staff Transport Costs | G31: =VLOOKUP($A$1,Data!$A$7:$GD$135,B31) -> 0 | H31: =VLOOKUP($A$1,Data!$A$7:$GD$135,C31) -> 0 | I31: =VLOOKUP($A$1,Data!$A$7:$GD$135,D31) -> 0 | O31: Premises Related Costs/Costau Eiddo
B32: 29 | C32: 89 | D32: 141 | E32: 27 | F32: Vehichle Costs | G32: =VLOOKUP($A$1,Data!$A$7:$GD$135,B32) -> 256.71 | H32: =VLOOKUP($A$1,Data!$A$7:$GD$135,C32) -> 0 | I32: =VLOOKUP($A$1,Data!$A$7:$GD$135,D32) -> 500 | O32: Caretaking Staff/Staff Gofalwyr | Q32: =+I22 -> 23986 | T32: =+G22 -> 25701.54
B33: 30 | C33: 90 | D33: 142 | E33: 29 | F33: Teaching Materials | G33: =VLOOKUP($A$1,Data!$A$7:$GD$135,B33) -> 9327.58 | H33: =VLOOKUP($A$1,Data!$A$7:$GD$135,C33) -> 0 | I33: =VLOOKUP($A$1,Data!$A$7:$GD$135,D33) -> 15000 | O33: Domestic Staff/Staff Domestig | Q33: =I23 -> 9415 | T33: =+G23 -> 9597.02
B34: 31 | C34: 91 | D34: 143 | E34: 30 | F34: Equipment Furniture & Materials | G34: =VLOOKUP($A$1,Data!$A$7:$GD$135,B34) -> 4629.75 | H34: =VLOOKUP($A$1,Data!$A$7:$GD$135,C34) -> 0 | I34: =VLOOKUP($A$1,Data!$A$7:$GD$135,D34) -> 3670 | O34: Grounds Staff/Staff y Tir | Q34: =I24 -> 515 | T34: =+G24 -> 510
B35: 32 | C35: 92 | D35: 144 | E35: 31 | F35: Library Books & Materials | G35: =VLOOKUP($A$1,Data!$A$7:$GD$135,B35) -> 0 | H35: =VLOOKUP($A$1,Data!$A$7:$GD$135,C35) -> 0 | I35: =VLOOKUP($A$1,Data!$A$7:$GD$135,D35) -> 0 | O35: Cleaning Costs/Costau Glanhau | Q35: =I25 -> 28342 | T35: =+G25 -> 27529.13
B36: 33 | C36: 93 | D36: 145 | E36: 32 | F36: Catering Costs | G36: =VLOOKUP($A$1,Data!$A$7:$GD$135,B36) -> 1323.18 | H36: =VLOOKUP($A$1,Data!$A$7:$GD$135,C36) -> 0 | I36: =VLOOKUP($A$1,Data!$A$7:$GD$135,D36) -> 1020 | O36: Energy Costs/Costau Ynni | Q36: =I26 -> 33652 | T36: =+G26 -> 28097.78
B37: 34 | C37: 94 | D37: 146 | E37: 33 | F37: Savings to be found | G37: =VLOOKUP($A$1,Data!$A$7:$GD$135,B37) -> 0 | H37: =VLOOKUP($A$1,Data!$A$7:$GD$135,C37) -> 788947.5 | I37: =VLOOKUP($A$1,Data!$A$7:$GD$135,D37) -> 1155.625 | O37: Rates/Cyfraddau | Q37: =I27 -> 20062.5 | T37: =+G27 -> 20062.5
B38: 35 | C38: 95 | D38: 147 | E38: 34 | F38: Communications Equipment and Services | G38: =VLOOKUP($A$1,Data!$A$7:$GD$135,B38) -> 4349.56 | H38: =VLOOKUP($A$1,Data!$A$7:$GD$135,C38) -> 0 | I38: =VLOOKUP($A$1,Data!$A$7:$GD$135,D38) -> 5887 | O38: Repairs and Maintenance/Atgyweiriau a Chynhaliaeth | Q38: =I29 -> 10184 | T38: =+G29 -> 15839.75
B39: 36 | C39: 96 | D39: 148 | E39: 35 | F39: Consultants Fees | G39: =VLOOKUP($A$1,Data!$A$7:$GD$135,B39) -> 0 | H39: =VLOOKUP($A$1,Data!$A$7:$GD$135,C39) -> 0 | I39: =VLOOKUP($A$1,Data!$A$7:$GD$135,D39) -> 0 | O39: Water/Dŵr | Q39: =I28 -> 2680 | T39: =+G28 -> 2204.22
B40: 37 | C40: 97 | D40: 149 | E40: 36 | F40: Examinations Fees | G40: =VLOOKUP($A$1,Data!$A$7:$GD$135,B40) -> 0 | H40: =VLOOKUP($A$1,Data!$A$7:$GD$135,C40) -> 0 | I40: =VLOOKUP($A$1,Data!$A$7:$GD$135,D40) -> 0
B41: 38 | C41: 98 | D41: 150 | E41: 37 | F41: Games & School Activities | G41: =VLOOKUP($A$1,Data!$A$7:$GD$135,B41) -> 870 | H41: =VLOOKUP($A$1,Data!$A$7:$GD$135,C41) -> 0 | I41: =VLOOKUP($A$1,Data!$A$7:$GD$135,D41) -> 2800 | O41: Total Premises Related Costs/Cyfanswm Costau Eiddo | R41: =SUM(Q32:Q39) -> 128836.5 | U41: =SUM(T32:T39) -> 129541.94
B42: 39 | C42: 99 | D42: 151 | E42: 38 | F42: Clerk to Governing Body | G42: =VLOOKUP($A$1,Data!$A$7:$GD$135,B42) -> 812.59 | H42: =VLOOKUP($A$1,Data!$A$7:$GD$135,C42) -> 0 | I42: =VLOOKUP($A$1,Data!$A$7:$GD$135,D42) -> 900
B43: 40 | C43: 100 | D43: 152 | E43: 39 | F43: Other office costs | G43: =VLOOKUP($A$1,Data!$A$7:$GD$135,B43) -> 4036.5 | H43: =VLOOKUP($A$1,Data!$A$7:$GD$135,C43) -> 0 | I43: =VLOOKUP($A$1,Data!$A$7:$GD$135,D43) -> 4171
B44: 41 | C44: 101 | D44: 153 | E44: 40 | F44: Printing & Stationery | G44: =VLOOKUP($A$1,Data!$A$7:$GD$135,B44) -> 4264.52 | H44: =VLOOKUP($A$1,Data!$A$7:$GD$135,C44) -> 0 | I44: =VLOOKUP($A$1,Data!$A$7:$GD$135,D44) -> 5750 | O44: Transport Costs/Costau Cludiant
B45: 42 | C45: 102 | D45: 154 | E45: 41 | F45: Pupil Exclusions | G45: =VLOOKUP($A$1,Data!$A$7:$GD$135,B45) -> 0 | H45: =VLOOKUP($A$1,Data!$A$7:$GD$135,C45) -> 0 | I45: =VLOOKUP($A$1,Data!$A$7:$GD$135,D45) -> 0 | O45: Pupil Transport Costs/Costau Cludiant Disgyblion | Q45: =+I30 -> 0 | T45: =+G30 -> 557.63
B46: 43 | C46: 103 | D46: 155 | E46: 43 | F46: Subsistence and expenses | G46: =VLOOKUP($A$1,Data!$A$7:$GD$135,B46) -> 65 | H46: =VLOOKUP($A$1,Data!$A$7:$GD$135,C46) -> 0 | I46: =VLOOKUP($A$1,Data!$A$7:$GD$135,D46) -> 0 | O46: Staff Transport Costs/Costau Cludiant Staff | Q46: =+I31 -> 0 | T46: =+G31 -> 0
B47: 44 | C47: 104 | D47: 156 | E47: 45 | F47: School Meals | G47: =VLOOKUP($A$1,Data!$A$7:$GD$135,B47) -> 0 | H47: =VLOOKUP($A$1,Data!$A$7:$GD$135,C47) -> 0 | I47: =VLOOKUP($A$1,Data!$A$7:$GD$135,D47) -> 0 | O47: Vehichle Costs/Costau Cerbydau | Q47: =+I32 -> 500 | T47: =+G32 -> 256.71
B48: 45 | C48: 105 | D48: 157 | E48: 46 | F48: Service Level Agreements | G48: =VLOOKUP($A$1,Data!$A$7:$GD$135,B48) -> 12355.89 | H48: =VLOOKUP($A$1,Data!$A$7:$GD$135,C48) -> 0 | I48: =VLOOKUP($A$1,Data!$A$7:$GD$135,D48) -> 13151
B49: 46 | C49: 106 | D49: 158 | E49: 47 | F49: Additional Central Funding | G49: =VLOOKUP($A$1,Data!$A$7:$GD$135,B49) -> -17849.172 | H49: =VLOOKUP($A$1,Data!$A$7:$GD$135,C49) -> 0 | I49: =VLOOKUP($A$1,Data!$A$7:$GD$135,D49) -> -213207 | O49: Total Transport Costs/Cyfanswm Costau Cludiant | R49: =SUM(Q45:Q47) -> 500 | U49: =SUM(T45:T47) -> 814.34
B50: 47 | C50: 107 | D50: 159 | E50: 48 | F50: Community Education | G50: =VLOOKUP($A$1,Data!$A$7:$GD$135,B50) -> 0 | H50: =VLOOKUP($A$1,Data!$A$7:$GD$135,C50) -> 0 | I50: =VLOOKUP($A$1,Data!$A$7:$GD$135,D50) -> 0
B51: 48 | C51: 108 | D51: 160 | E51: 49 | F51: Donations | G51: =VLOOKUP($A$1,Data!$A$7:$GD$135,B51) -> -4286.68 | H51: =VLOOKUP($A$1,Data!$A$7:$GD$135,C51) -> 0 | I51: =VLOOKUP($A$1,Data!$A$7:$GD$135,D51) -> -1132
B52: 49 | C52: 109 | D52: 161 | E52: 51 | F52: Lettings | G52: =VLOOKUP($A$1,Data!$A$7:$GD$135,B52) -> 0 | H52: =VLOOKUP($A$1,Data!$A$7:$GD$135,C52) -> 0 | I52: =VLOOKUP($A$1,Data!$A$7:$GD$135,D52) -> 0 | O52: Supplies and Services/Cyflenwadau a Gwasanaethau
B53: 50 | C53: 110 | D53: 162 | E53: 52 | F53: Other Income | G53: =VLOOKUP($A$1,Data!$A$7:$GD$135,B53) -> -1290 | H53: =VLOOKUP($A$1,Data!$A$7:$GD$135,C53) -> 0 | I53: =VLOOKUP($A$1,Data!$A$7:$GD$135,D53) -> 0 | O53: Teaching Materials/Adnoddau Addysgu | Q53: =+I33 -> 15000 | T53: =+G33 -> 9327.58
B54: 51 | C54: 111 | D54: 163 | E54: 53 | F54: Grant Income | G54: =VLOOKUP($A$1,Data!$A$7:$GD$135,B54) -> -244373.54 | H54: =VLOOKUP($A$1,Data!$A$7:$GD$135,C54) -> 0 | I54: =VLOOKUP($A$1,Data!$A$7:$GD$135,D54) -> 0 | O54: Equipment, Furniture, Materials & music tuition/Offer, Dodrefn, Deunyddiau a hyfforddiant cerddoriaeth | Q54: =+I34 -> 3670 | T54: =+G34 -> 4629.75
B55: 52 | C55: 112 | D55: 164 | E55: 54 | F55: Sales | G55: =VLOOKUP($A$1,Data!$A$7:$GD$135,B55) -> 0 | H55: =VLOOKUP($A$1,Data!$A$7:$GD$135,C55) -> 0 | I55: =VLOOKUP($A$1,Data!$A$7:$GD$135,D55) -> 0 | O55: Library Books & Materials/Llyfrau a Deunyddiau Llyfrgell | Q55: =+I35 -> 0 | T55: =+G35 -> 0
B56: 53 | C56: 113 | D56: 165 | E56: 55 | F56: School Meals Recharge | G56: =VLOOKUP($A$1,Data!$A$7:$GD$135,B56) -> 0 | H56: =VLOOKUP($A$1,Data!$A$7:$GD$135,C56) -> 0 | I56: =VLOOKUP($A$1,Data!$A$7:$GD$135,D56) -> 0 | O56: Catering Costs/Costau Arlwyo | Q56: =+I36 -> 1020 | T56: =+G36 -> 1323.18
B57: 54 | C57: 114 | D57: 166 | E57: 56 | F57: Training and Tuition Income | G57: =VLOOKUP($A$1,Data!$A$7:$GD$135,B57) -> -3125 | H57: =VLOOKUP($A$1,Data!$A$7:$GD$135,C57) -> 0 | I57: =VLOOKUP($A$1,Data!$A$7:$GD$135,D57) -> 0 | O57: Unallocated / Savings to be found/Arian heb ei ddosbarthu / Cynilion | Q57: =+I37 -> 1155.625 | T57: =+G37 -> 0
O58: Communications Equipment and Services/Offer a Gwasanaethau Cyfathrebu | Q58: =+I38 -> 5887 | T58: =+G38 -> 4349.56
B59: 55 | D59: 167 | F59: Interest on investments Income | G59: =VLOOKUP($A$1,Data!$A$7:$GD$135,B59) -> 0 | I59: =VLOOKUP($A$1,Data!$A$7:$GD$135,D59) -> 0 | O59: Consultants Fees/Ffioedd Ymgynghorwyr | Q59: =+I39 -> 0 | T59: =+G39 -> 0
B60: 56 | D60: 168 | F60: School Investments Expenditure | G60: =VLOOKUP($A$1,Data!$A$7:$GD$135,B60) -> 0 | I60: =VLOOKUP($A$1,Data!$A$7:$GD$135,D60) -> 0 | O60: Examinations Fees/Ffioedd Arholiadau | Q60: =+I40 -> 0 | T60: =+G40 -> 0
B61: 57 | D61: 169 | F61: Withdrawl of Investments | G61: =VLOOKUP($A$1,Data!$A$7:$GD$135,B61) -> 0 | I61: =VLOOKUP($A$1,Data!$A$7:$GD$135,D61) -> 0 | O61: Games & School Activities/Gemau a Gweithgareddau Ysgol | Q61: =+I41 -> 2800 | T61: =+G41 -> 870
B62: 58 | F62: Contribution to/from Reserves | G62: =VLOOKUP($A$1,Data!$A$7:$GD$135,B62) -> -1272.93 | O62: Clerk to Governing Body/Clerc y Corff Llywodraethu | Q62: =+I42 -> 900 | T62: =+G42 -> 812.59
B63: 59 | D63: 170 | F63: School Deficit | G63: =VLOOKUP($A$1,Data!$A$7:$GD$135,B63) -> 0 | I63: =VLOOKUP($A$1,Data!$A$7:$GD$135,D63) -> 0 | O63: Other office costs/Costau swyddfa eraill | Q63: =+I43 -> 4171 | T63: =+G43 -> 4036.5
B64: 60 | D64: 171 | F64: Temporary Loans Income | G64: =VLOOKUP($A$1,Data!$A$7:$GD$135,B64) -> 0 | I64: =VLOOKUP($A$1,Data!$A$7:$GD$135,D64) -> 0 | O64: Printing & Stationery/Argraffu a Deunydd Ysgrifennu | Q64: =+I44 -> 5750 | T64: =+G44 -> 4264.52
B65: 61 | D65: 172 | F65: Interest | G65: =VLOOKUP($A$1,Data!$A$7:$GD$135,B65) -> 0 | I65: =VLOOKUP($A$1,Data!$A$7:$GD$135,D65) -> 0 | O65: Pupil Exclusions/Gwaharddiadau Disgyblion | Q65: =+I45 -> 0 | T65: =+G45 -> 0
B66: 62 | D66: 173 | F66: Temporary Loans Repayment | G66: =VLOOKUP($A$1,Data!$A$7:$GD$135,B66) -> 0 | I66: =VLOOKUP($A$1,Data!$A$7:$GD$135,D66) -> 0 | O66: Subsistence and expenses/Cynhaliaeth a threuliau | Q66: =+I46 -> 0 | T66: =+G46 -> 65
O68: Total Supplies and Services/Cyfanswm Cyflenwadau a Gwasanaethau | R68: =SUM(Q53:Q66) -> 40353.625 | U68: =SUM(T53:T66) -> 29678.68
B69: 174 | F69: Total Balance 2011 12 | G69: =VLOOKUP($A$1,Data!$A$7:$GD$135,B69) -> -97094.125
B70: 175 | F70: Invested Balance 2003 04 | G70: =VLOOKUP($A$1,Data!$A$7:$GD$135,B70) -> 0
B71: 176 | F71: Uninvested Balance 2011 12 | G71: =VLOOKUP($A$1,Data!$A$7:$GD$135,B71) -> -97094.125 | O71: Central Services/Gwasanaethau Canolog
B72: 177 | F72: Balance Adjustment 2011 12 | G72: =VLOOKUP($A$1,Data!$A$7:$GD$135,B72) -> 0 | O72: School Meals/Prydau Ysgol | Q72: =+I47 -> 0 | T72: =+G47 -> 0
B73: 178 | F73: Total Balance 2012 13 | G73: =VLOOKUP($A$1,Data!$A$7:$GD$135,B73) -> -95821.2 | O73: Service Level Agreements/Trefniadau Lefel Gwasanaeth | Q73: =+I48 -> 13151 | T73: =+G48 -> 12355.89
B74: 179 | F74: Invested Balance 2012 13 | G74: =VLOOKUP($A$1,Data!$A$7:$GD$135,B74) -> 0
B75: 180 | F75: Uninvested Balance 2012 13 | G75: =VLOOKUP($A$1,Data!$A$7:$GD$135,B75) -> -95821.2 | O75: Total for Central Services/Cyfanswm ar gyfer Gwasanaethau Canolog | R75: =SUM(Q72:Q73) -> 13151 | U75: =SUM(T72:T73) -> 12355.89
B76: 181 | F76: Change in Temporary Loans | G76: =VLOOKUP($A$1,Data!$A$7:$GD$135,B76) -> 0
B77: 182 | F77: Opening Balance Loans | G77: =VLOOKUP($A$1,Data!$A$7:$GD$135,B77) -> 0
B78: 183 | F78: Closing Balance Loans | G78: =VLOOKUP($A$1,Data!$A$7:$GD$135,B78) -> 0 | O78: Income/Incwm
B79: 184 | F79: Devolved Budgets | G79: =VLOOKUP($A$1,Data!$A$7:$GD$135,B79) -> 0 | O79: Additional Central Funding/Nawdd Canolog Ychwanegol | Q79: =+I49 -> -213207 | T79: =+G49 -> -17849.172
B80: 186 | F80: RAISE Bal | G80: =VLOOKUP($A$1,Data!$A$7:$GD$135,B80) -> 0 | O80: Community Education/Addysg Cymunedol | Q80: =+I50 -> 0 | T80: =+G50 -> 0
O81: Donations/Rhoddion | Q81: =+I51 -> -1132 | T81: =+G51 -> -4286.68
O82: Lettings/Gosodiadau | Q82: =+I52 -> 0 | T82: =+G52 -> 0
O83: Other Income/Incwm arall | Q83: =+I53 -> 0 | T83: =+G53 -> -1290
O84: Grant Income/Incwm rhent | Q84: =+I54 -> 0 | T84: =+G54 -> -244373.54
O85: Sales/Gwerthiannau | Q85: =+I55 -> 0 | T85: =+G55 -> 0
O86: School Meals Recharge/Talu am Brydau Ysgol | Q86: =+I56 -> 0 | T86: =+G56 -> 0
O87: Training and Tuition Income/Incwm Hyfforddiant | Q87: =+I57 -> 0 | T87: =+G57 -> -3125
O89: Total Income/Cyfanswm Incwm | R89: =SUM(Q79:Q87) -> -214339 | U89: =SUM(T79:T87) -> -270924.39
O92: Interest and Other/Llog ac Arall
O93: Interest on investments/Llog ar fuddsoddiadau | Q93: =+I59 -> 0 | T93: =+G59 -> 0
O94: School Investments/Buddsoddiadau Ysgol | Q94: =+I60 -> 0 | T94: =+G60 -> 0
O95: Withdrawl Investments/Buddsoddiadau Dileadau | Q95: =+I61 -> 0 | T95: =+G61 -> 0
O96: School Deficit/Gwariant Ysgol
O97: Temporary Loans/Benthyciadau Dros Dro | Q97: =+I64 -> 0 | T97: =+G64 -> 0
O98: Temporary Loans/Benthyciadau Dros Dro | Q98: =+I66 -> 0 | T98: =+G66 -> 0
O99: Interest/Llog | Q99: =+I65 -> 0 | T99: =+G65 -> 0
R100: =SUM(Q93:Q99) -> 0 | U100: =SUM(T93:T99) -> 0
O101: Total Interest and Other/Cyfanswm Llog ac arall
O104: Total Net Expenditure/Cyfanswm Gwariant Net | R104: =SUM(R28:R100) -> 906104.13 | U104: =SUM(U28:U100) -> 810282.93
O106: Less Uninvested Balance Brought Forward/Llai'r Balans na fuddsoddwyd a ddygwyd ymlaen | R106: =+G71 -> -97094.125
O107: Less earmarked Rates/Llai'r Cyfraddau a glustnodwyd | R107: =+Q37*-1 -> -20062.5 | U107: =+T37*-1 -> -20062.5
...

Sheet Sheet1

Sheet Eng Abridged
A2: CITY AND COUNTY OF CARDIFF COUNCIL
A3: SCHOOLS OUTTURN OF EXPENDITURE 2008-2009
B5: Governing Body of | C5: =+Report!Q5 -> 0
C8: Governor Approved Budget | F8: Actual Expenditure
C9: £ | D9: £ | F9: £ | G9: £
A10: Staffing costs
A11: Teaching Costs | C11: =+Report!Q11+Report!Q12+Report!Q13+Report!Q14+Report!Q15 -> 597766 | F11: =+Report!T11+Report!T12+Report!T13+Report!T14+Report!T15 -> 600441.59
A12: Non Teaching Costs | C12: =+Report!Q16+Report!Q17+Report!Q18+Report!Q19+Report!Q20+Report!Q21+Report!Q22+Report!Q23+Report!Q32 -> 180974 | F12: =+Report!T16+Report!T17+Report!T18+Report!T19+Report!T20+Report!T21+Report!T22+Report!T23+Report!T32 -> 183295.15
A13: Other Staff Costs | C13: =+Report!Q24+Report!Q25+Report!Q26 -> 182848 | F13: =+Report!T24+Report!T25+Report!T26 -> 150781.27
A15: Total Staffing Costs | D15: =SUM(C11:C13) -> 961588 | G15: =SUM(F11:F13) -> 934518.01
A18: Premises Related Costs
A19: Caretaking Staff | C19: 0 | F19: 0
A20: Domestic Staff | C20: =+Report!Q33 -> 9415 | F20: =+Report!T33 -> 9597.02
A21: Grounds Staff | C21: =+Report!Q34 -> 515 | F21: =+Report!T34 -> 510
A22: Cleaning Costs | C22: =+Report!Q35 -> 28342 | F22: =+Report!T35 -> 27529.13
A23: Energy Costs | C23: =+Report!Q36 -> 33652 | F23: =+Report!T36 -> 28097.78
A24: Rates | C24: =+Report!Q37 -> 20062.5 | F24: =+Report!T37 -> 20062.5
A25: Repairs and Maintenance | C25: =+Report!Q38 -> 10184 | F25: =+Report!T38 -> 15839.75
A26: Water | C26: =+Report!Q39 -> 2680 | F26: =+Report!T39 -> 2204.22
A28: Total Premises Related Costs | D28: =SUM(C19:C26) -> 104850.5 | G28: =SUM(F19:F26) -> 103840.4
A31: Transport Costs
A32: Pupil Transport Costs | C32: =+Report!Q45 -> 0 | F32: =+Report!T45 -> 557.63
A33: Staff Transport Costs | C33: =+Report!Q46 -> 0 | F33: =+Report!T46 -> 0
A34: Vehichle Costs | C34: =+Report!Q47 -> 500 | F34: =+Report!T47 -> 256.71
A36: Total Transport Costs | D36: =SUM(C32:C34) -> 500 | G36: =SUM(F32:F34) -> 814.34
A39: Supplies and Services
A40: Teaching Materials | C40: =+Report!Q53 -> 15000 | F40: =+Report!T53 -> 9327.58
A41: Equipment, Furniture, Materials & music tuition | C41: =+Report!Q54 -> 3670 | F41: =+Report!T54 -> 4629.75
A42: Library Books & Materials | C42: =+Report!Q55 -> 0 | F42: =+Report!T55 -> 0
A43: Catering Costs | C43: =+Report!Q56 -> 1020 | F43: =+Report!T56 -> 1323.18
A44: Unallocated / Savings to be found | C44: =+Report!Q57 -> 1155.625 | F44: =+Report!T57 -> 0
A45: Communications Equipment and Services | C45: =+Report!Q58 -> 5887 | F45: =+Report!T58 -> 4349.56
A46: Consultants Fees | C46: =+Report!Q59 -> 0 | F46: =+Report!T59 -> 0
A47: Examinations Fees | C47: =+Report!Q60 -> 0 | F47: =+Report!T60 -> 0
A48: Games & School Activities | C48: =+Report!Q61 -> 2800 | F48: =+Report!T61 -> 870
A49: Clerk to Governing Body | C49: =+Report!Q62 -> 900 | F49: =+Report!T62 -> 812.59
A50: Other office costs | C50: =+Report!Q63 -> 4171 | F50: =+Report!T63 -> 4036.5
A51: Printing & Stationery | C51: =+Report!Q64 -> 5750 | F51: =+Report!T64 -> 4264.52
... A53: Subsistence and expenses | C53: =+Report!Q66 -> 0 | F53: =+Report!T66 -> 65
A55: Total Supplies and Services | D55: =SUM(C40:C53) -> 40353.625 | G55: =SUM(F40:F53) -> 29678.68
A58: Central Services
A59: School Meals | C59: =+Report!Q72 -> 0 | F59: =+Report!T72 -> 0
A60: Service Level Agreements | C60: =+Report!Q73 -> 13151 | F60: =+Report!T73 -> 12355.89
A62: Total for Central Services | D62: =SUM(C59:C60) -> 13151 | G62: =SUM(F59:F60) -> 12355.89
A65: Income
A66: Additional Central Funding | C66: =+Report!Q79 -> -213207 | F66: =+Report!T79 -> -17849.172
A67: Community Education | C67: =+Report!Q80 -> 0 | F67: =+Report!T80 -> 0
A68: Donations | C68: =+Report!Q81 -> -1132 | F68: =+Report!T81 -> -4286.68
A69: Lettings | C69: =+Report!Q82 -> 0 | F69: =+Report!T82 -> 0
A70: Other Income | C70: =+Report!Q83 -> 0 | F70: =+Report!T83 -> -1290
A71: Grant Income | C71: =+Report!Q84 -> 0 | F71: =+Report!T84 -> -244373.54
A72: Sales | C72: =+Report!Q85 -> 0 | F72: =+Report!T85 -> 0
A73: School Meals Recharge | C73: =+Report!Q86 -> 0 | F73: =+Report!T86 -> 0
A74: Training and Tuition Income | C74: =+Report!Q87 -> 0 | F74: =+Report!T87 -> -3125
A76: Total Income | D76: =SUM(C66:C74) -> -214339 | G76: =SUM(F66:F74) -> -270924.39
A78: Interest and Other
A79: Interest on investments | C79: =+Report!Q93 -> 0 | F79: =+Report!T93 -> 0
A80: School Investments | C80: =+Report!Q94 -> 0 | F80: =+Report!T94 -> 0
A81: Withdrawl Investments | C81: =+Report!Q95 -> 0 | F81: =+Report!T95 -> 0
A82: School Deficit | C82: =+Report!Q96 -> 0 | F82: =+Report!T96 -> 0
A83: Temporary Loans | C83: =+Report!Q97 -> 0 | F83: =+Report!T97 -> 0
A84: Temporary Loans | C84: =+Report!Q98 -> 0 | F84: =+Report!T98 -> 0
A85: Interest | C85: =+Report!Q99 -> 0 | F85: =+Report!T99 -> 0
D86: =SUM(C79:C85) -> 0 | G86: =SUM(F79:F85) -> 0
A87: Total Interest and Other
A89: Total Net Expenditure | D89: =SUM(D15:D86) -> 906104.13 | G89: =SUM(G15:G86) -> 810282.93
A91: Less Uninvested Balance Brought Forward | D91: =+Report!R106 -> -97094.125 | G91: =+Report!U106 -> 0
A92: Less earmarked Rates | D92: =+Report!R107 -> -20062.5 | G92: =+Report!U107 -> -20062.5
A93: Contribution to / from balances | D93: =+Report!R108 -> 0 | G93: =+Report!U108 -> -1272.93
A95: Revised Net Expenditure | D95: =SUM(D89:D92) -> 788947.5 | G95: =SUM(G89:G93) -> 788947.5
A101: Summary
A103: Total resources available in 2008-2009 | C103: £
A105: School balances Brought forward from 2007-2008 | C105: =+Report!Q120 -> 97094.125
A106: School Loans Brought forward from 2007-2008 | C106: =+Report!Q121 -> 0
A107: Prior Year Adjustment | C107: =+Report!Q122 -> 0
A108: Total delegated resources | C108: =+Report!Q123 -> 809010
A110: Total | C110: =SUM(C105:C108) -> 906104.13
A113: Actual Expenditure | C113: =+Report!Q128 -> 810282.93
A114: Less change in investments | C114: =+Report!Q129 -> 0
A115: Less Movements in Temporary Loan | C115: =+Report!Q130 -> 0
A116: Less variance in earmarked rates | C116: =+Report!Q131 -> 0
A118: Total balance carried forward to 2009-2010 | C118: =C110-C113+C114+C116+C115 -> 95821.195
A121: Statement of Balances Held | C121: £
A123: Uninvested Balance as at 31st March 2009 | C123: =+Report!Q138 -> 95821.2
A124: Invested Balance as at 31st March 2009 | C124: =+Report!Q139 -> 0
A125: Outstanding Loans as at 31st March 2009 | C125: =+Report!Q140 -> 0
A126: WAG Grant Balance 31st March 2009 | C126: =+Report!G80*-1 -> 0
A128: Total Balances held as at 31st March 2009 | C128: =SUM(C123:C127)+0.5 -> 95821.7
A135: for City and County Treasurer

Sheet Eng Devolved
A2: CITY AND COUNTY OF CARDIFF COUNCIL
A3: SCHOOLS OUTTURN OF EXPENDITURE 2008-2009
B5: Governing Body of | C5: =+Report!Q5 -> 0
C8: Governor Approved Budget | F8: Actual Expenditure
C9: £ | D9: £ | F9: £ | G9: £
A10: Staffing costs
A11: Teaching Costs | C11: =+Report!Q11 -> 579412 | F11: =+Report!T11 -> 580350.16
A12: Special Needs Teachers | C12: =+Report!Q12 -> 0 | F12: =+Report!T12 -> 0
A13: Teachers for statemented pupils | C13: =+Report!Q13 -> 0 | F13: =+Report!T13 -> 0
A14: Short Term Supply | C14: =+Report!Q14 -> 0 | F14: =+Report!T14 -> 0
A15: Long Term Supply | C15: =+Report!Q15 -> 18354 | F15: =+Report!T15 -> 20091.43
A16: Special Needs Support Staff | C16: =+Report!Q16 -> 0 | F16: =+Report!T16 -> 0
A17: Nursery Assts/ Teachers Aides / Adult Helpers | C17: =+Report!Q17 -> 110413 | F17: =+Report!T17 -> 110374.68
A18: Foreign Language Assistants | C18: =+Report!Q18 -> 0 | F18: =+Report!T18 -> 0
A19: Technicians | C19: =+Report!Q19 -> 0 | F19: =+Report!T19 -> 0
A20: Mid Day Supervisors | C20: =+Report!Q20 -> 10251 | F20: =+Report!T20 -> 10384.95
A21: Library Staff | C21: =+Report!Q21 -> 0 | F21: =+Report!T21 -> 0
A22: Administrative Staff | C22: =+Report!Q22 -> 36324 | F22: =+Report!T22 -> 36833.98
... A26: Performance Management | C26: =+Report!Q26 -> 0 | F26: =+Report!T26 -> 0
A28: Total Staffing Costs | D28: =SUM(C11:C26) -> 937602 | G28: =SUM(F11:F26) -> 908816.47
A31: Premises Related Costs
A32: Caretaking Staff | C32: =+Report!Q32 -> 23986 | F32: =+Report!T32 -> 25701.54
A33: Domestic Staff | C33: =+Report!Q33 -> 9415 | F33: =+Report!T33 -> 9597.02
A34: Grounds Staff | C34: =+Report!Q34 -> 515 | F34: =+Report!T34 -> 510
A35: Cleaning Costs | C35: =+Report!Q35 -> 28342 | F35: =+Report!T35 -> 27529.13
A36: Energy Costs | C36: =+Report!Q36 -> 33652 | F36: =+Report!T36 -> 28097.78
A37: Rates | C37: =+Report!Q37 -> 20062.5 | F37: =+Report!T37 -> 20062.5
A38: Repairs and Maintenance | C38: =+Report!Q38 -> 10184 | F38: =+Report!T38 -> 15839.75
A39: Water | C39: =+Report!Q39 -> 2680 | F39: =+Report!T39 -> 2204.22
A41: Total Premises Related Costs | D41: =SUM(C32:C39) -> 128836.5 | G41: =SUM(F32:F39) -> 129541.94
A44: Transport Costs
A45: Pupil Transport Costs | C45: =+Report!Q45 -> 0 | F45: =+Report!T45 -> 557.63
A46: Staff Transport Costs | C46: =+Report!Q46 -> 0 | F46: =+Report!T46 -> 0
A47: Vehichle Costs | C47: =+Report!Q47 -> 500 | F47: =+Report!T47 -> 256.71
A49: Total Transport Costs | D49: =SUM(C45:C47) -> 500 | G49: =SUM(F45:F47) -> 814.34
A52: Supplies and Services
A53: Teaching Materials | C53: =+Report!Q53 -> 15000 | F53: =+Report!T53 -> 9327.58
A54: Equipment, Furniture, Materials & music tuition | C54: =+Report!Q54 -> 3670 | F54: =+Report!T54 -> 4629.75
A55: Library Books & Materials | C55: =+Report!Q55 -> 0 | F55: =+Report!T55 -> 0
A56: Catering Costs | C56: =+Report!Q56 -> 1020 | F56: =+Report!T56 -> 1323.18
A57: Unallocated / Savings to be found | C57: =+Report!Q57 -> 1155.625 | F57: =+Report!T57 -> 0
A58: Communications Equipment and Services | C58: =+Report!Q58 -> 5887 | F58: =+Report!T58 -> 4349.56
A59: Consultants Fees | C59: =+Report!Q59 -> 0 | F59: =+Report!T59 -> 0
A60: Examinations Fees | C60: =+Report!Q60 -> 0 | F60: =+Report!T60 -> 0
A61: Games & School Activities | C61: =+Report!Q61 -> 2800 | F61: =+Report!T61 -> 870
A62: Clerk to Governing Body | C62: =+Report!Q62 -> 900 | F62: =+Report!T62 -> 812.59
A63: Other office costs | C63: =+Report!Q63 -> 4171 | F63: =+Report!T63 -> 4036.5
A64: Printing & Stationery | C64: =+Report!Q64 -> 5750 | F64: =+Report!T64 -> 4264.52
... A66: Subsistence and expenses | C66: =+Report!Q66 -> 0 | F66: =+Report!T66 -> 65
A68: Total Supplies and Services | D68: =SUM(C53:C66) -> 40353.625 | G68: =SUM(F53:F66) -> 29678.68
A71: Central Services
A72: School Meals | C72: =+Report!Q72 -> 0 | F72: =+Report!T72 -> 0
A73: Service Level Agreements | C73: =+Report!Q73 -> 13151 | F73: =+Report!T73 -> 12355.89
A75: Total for Central Services | D75: =SUM(C72:C73) -> 13151 | G75: =SUM(F72:F73) -> 12355.89
A78: Income
A79: Additional Central Funding | C79: =+Report!Q79 -> -213207 | F79: =+Report!T79 -> -17849.172
A80: Community Education | C80: =+Report!Q80 -> 0 | F80: =+Report!T80 -> 0
A81: Donations | C81: =+Report!Q81 -> -1132 | F81: =+Report!T81 -> -4286.68
A82: Lettings | C82: =+Report!Q82 -> 0 | F82: =+Report!T82 -> 0
A83: Other Income | C83: =+Report!Q83 -> 0 | F83: =+Report!T83 -> -1290
A84: Grant Income | C84: =+Report!Q84 -> 0 | F84: =+Report!T84 -> -244373.54
A85: Sales | C85: =+Report!Q85 -> 0 | F85: =+Report!T85 -> 0
A86: School Meals Recharge | C86: =+Report!Q86 -> 0 | F86: =+Report!T86 -> 0
A87: Training and Tuition Income | C87: =+Report!Q87 -> 0 | F87: =+Report!T87 -> -3125
A89: Total Income | D89: =SUM(C79:C87) -> -214339 | G89: =SUM(F79:F87) -> -270924.39
A92: Interest and Other
A93: Interest on investments | C93: =+Report!Q93 -> 0 | F93: =+Report!T93 -> 0
A94: School Investments | C94: =+Report!Q94 -> 0 | F94: =+Report!T94 -> 0
A95: Withdrawl Investments | C95: =+Report!Q95 -> 0 | F95: =+Report!T95 -> 0
A96: School Deficit | C96: =+Report!Q96 -> 0 | F96: =+Report!T96 -> 0
A97: Temporary Loans | C97: =+Report!Q97 -> 0 | F97: =+Report!T97 -> 0
A98: Temporary Loans | C98: =+Report!Q98 -> 0 | F98: =+Report!T98 -> 0
A99: Interest | C99: =+Report!Q99 -> 0 | F99: =+Report!T99 -> 0
D100: =SUM(C93:C99) -> 0 | G100: =SUM(F93:F99) -> 0
A101: Total Interest and Other
A104: Total Net Expenditure | D104: =SUM(D28:D100) -> 906104.13 | G104: =SUM(G28:G100) -> 810282.93
A106: Less Uninvested Balance Brought Forward | D106: =+Report!R106 -> -97094.125 | G106: =+Report!U106 -> 0
A107: Less earmarked Rates | D107: =+Report!R107 -> -20062.5 | G107: =+Report!U107 -> -20062.5
A108: Contribution to / from balances | D108: =+Report!R108 -> 0 | G108: =+Report!U108 -> -1272.93
A110: Revised Net Expenditure | D110: =SUM(D104:D107) -> 788947.5 | G110: =SUM(G104:G108) -> 788947.5
A116: Summary
A118: Total resources available in 2008-2009 | C118: £
A120: School balances Brought forward from 2009-2008 | C120: =+Report!Q120 -> 97094.125
A121: School Loans Brought forward from 2009-2008 | C121: =+Report!Q121 -> 0
A122: Prior Year Adjustment | C122: =+Report!Q122 -> 0
A123: Total Delegated resources | C123: =+Report!Q123-Report!G79 -> 809010
A124: Total Devolved resources | C124: =+Report!G79 -> 0
A126: Total | C126: =SUM(C120:C125) -> 906104.13
A129: Actual Expenditure | C129: =+Report!Q128 -> 810282.93
A130: Less change in investments | C130: =+Report!Q129 -> 0
A131: Less Movements in Temporary Loan | C131: =+Report!Q130 -> 0
A132: Less variance in earmarked rates | C132: =+Report!Q131 -> 0
A134: Total balance carried forward to 2009-2010 | C134: =C126-C129+C130+C132+C131 -> 95821.195
A137: Statement of Balances Held | C137: £
A139: Uninvested Balance as at 31st March 2009 | C139: =+Report!Q138 -> 95821.2
A140: Invested Balance as at 31st March 2009 | C140: =+Report!Q139 -> 0
A141: Outstanding Loans as at 31st March 2009 | C141: =+Report!Q140 -> 0
A143: Total Balances held as at 31st March 2009 | C143: =SUM(C139:C142) -> 95821.2
A150: for City and County Treasurer

Sheet Welsh
A5: CYNGOR SIR DINAS A SIR CAERDYDD
A6: CANLYNIAD GWARIANT YSGOLION 2012-2013
A8: Corff Llywodraethu : | C8: =+Report!Q5 -> 0
C11: Cyllideb a Gymeradwywyd gan y Llywodraethwyr | F11: Gwariant Cyflawnedig
C13: £ | D13: £ | F13: £ | G13: £
A14: Costau Staff
A15: Costau Addysgu | C15: =+Report!Q11 -> 579412 | F15: =+Report!T11 -> 580350.16
A16: Athrawon Anghenion Arbennig | C16: =+Report!Q12 -> 0 | F16: =+Report!T12 -> 0
A17: Athrawon ar gyfer disgyblion sy'n destun datganiad | C17: =+Report!Q13 -> 0 | F17: =+Report!T13 -> 0
A18: Llanw Byr Dymor | C18: =+Report!Q14 -> 0 | F18: =+Report!T14 -> 0
A19: Llanw Hir Dymor | C19: =+Report!Q15 -> 18354 | F19: =+Report!T15 -> 20091.43
A20: Staff Cymorth Anghenion Arbennig | C20: =+Report!Q16 -> 0 | F20: =+Report!T16 -> 0
A21: Cynorthwywyr Meithrinfa/ Cymhorthion Athrawon / Cynorthwywyr | C21: =+Report!Q17 -> 110413 | F21: =+Report!T17 -> 110374.68
A22: Cynorthwywyr Ieithoedd Tramor | C22: =+Report!Q18 -> 0 | F22: =+Report!T18 -> 0
A23: Technegwyr | C23: =+Report!Q19 -> 0 | F23: =+Report!T19 -> 0
A24: Gorychwylwyr Canol Dydd | C24: =+Report!Q20 -> 10251 | F24: =+Report!T20 -> 10384.95
A25: Staff Llyfrgell / Swyddog Presenoldeb | C25: =+Report!Q21 -> 0 | F25: =+Report!T21 -> 0
A26: Staff Gweinyddol | C26: =+Report!Q22 -> 36324 | F26: =+Report!T22 -> 36833.98
... A30: Rheoli Perfformiad | C30: =+Report!Q26 -> 0 | F30: =+Report!T26 -> 0
A32: Cyfanswm Costau Staff | D32: =SUM(C15:C30) -> 937602 | G32: =SUM(F15:F30) -> 908816.47
A35: Costau Eiddo
A36: Staff Gofalwyr | C36: =+Report!Q32 -> 23986 | F36: =+Report!T32 -> 25701.54
A37: Staff Domestig | C37: =+Report!Q33 -> 9415 | F37: =+Report!T33 -> 9597.02
A38: Staff y Tir | C38: =+Report!Q34 -> 515 | F38: =+Report!T34 -> 510
A39: Costau Glanhau | C39: =+Report!Q35 -> 28342 | F39: =+Report!T35 -> 27529.13
A40: Costau Ynni | C40: =+Report!Q36 -> 33652 | F40: =+Report!T36 -> 28097.78
A41: Cyfraddau | C41: =+Report!Q37 -> 20062.5 | F41: =+Report!T37 -> 20062.5
A42: Atgyweiriau a Chynhaliaeth | C42: =+Report!Q38 -> 10184 | F42: =+Report!T38 -> 15839.75
A43: Dŵr | C43: =+Report!Q39 -> 2680 | F43: =+Report!T39 -> 2204.22
A45: Cyfanswm Costau Eiddo | D45: =SUM(C36:C44) -> 128836.5 | G45: =SUM(F36:F44) -> 129541.94
A47: Costau Cludiant
A48: Costau Cludiant Disgyblion | C48: =+Report!Q45 -> 0 | F48: =+Report!T45 -> 557.63
A49: Costau Cludiant Staff | C49: =+Report!Q46 -> 0 | F49: =+Report!T46 -> 0
A50: Costau Cerbydau | C50: =+Report!Q47 -> 500 | F50: =+Report!T47 -> 256.71
A52: Cyfanswm Costau Cludiant | D52: =SUM(C48:C51) -> 500 | G52: =SUM(F48:F51) -> 814.34
A54: Cyflenwadau a Gwasanaethau
A55: Adnoddau Addysgu | C55: =+Report!Q53 -> 15000 | F55: =+Report!T53 -> 9327.58
A56: Offer, Dodrefn, Deunyddiau a hyfforddiant cerddoriaeth | C56: =+Report!Q54 -> 3670 | F56: =+Report!T54 -> 4629.75
A57: Llyfrau a Deunyddiau Llyfrgell | C57: =+Report!Q55 -> 0 | F57: =+Report!T55 -> 0
A58: Costau Arlwyo | C58: =+Report!Q56 -> 1020 | F58: =+Report!T56 -> 1323.18
A59: Arian heb ei ddosbarthu / Cynilion | C59: =+Report!Q57 -> 1155.625 | F59: =+Report!T57 -> 0
A60: Offer a Gwasanaethau Cyfathrebu | C60: =+Report!Q58 -> 5887 | F60: =+Report!T58 -> 4349.56
A61: Ffioedd Ymgynghorwyr | C61: =+Report!Q59 -> 0 | F61: =+Report!T59 -> 0
A62: Ffioedd Arholiadau | C62: =+Report!Q60 -> 0 | F62: =+Report!T60 -> 0
A63: Gemau a Gweithgareddau Ysgol | C63: =+Report!Q61 -> 2800 | F63: =+Report!T61 -> 870
A64: Clerc y Corff Llywodraethu | C64: =+Report!Q62 -> 900 | F64: =+Report!T62 -> 812.59
A65: Costau swyddfa eraill | C65: =+Report!Q63 -> 4171 | F65: =+Report!T63 -> 4036.5
A66: Argraffu a Deunydd Ysgrifennu | C66: =+Report!Q64 -> 5750 | F66: =+Report!T64 -> 4264.52
... A68: Cynhaliaeth a threuliau | C68: =+Report!Q66 -> 0 | F68: =+Report!T66 -> 65
A70: Cyfanswm Cyflenwadau a Gwasanaethau | D70: =SUM(C55:C69) -> 40353.625 | G70: =SUM(F55:F69) -> 29678.68
A72: Gwasanaethau Canolog
A73: Prydau Ysgol | C73: =+Report!Q72 -> 0 | F73: =+Report!T72 -> 0
A74: Trefniadau Lefel Gwasanaeth | C74: =+Report!Q73 -> 13151 | F74: =+Report!T73 -> 12355.89
A76: Cyfanswm ar gyfer Gwasanaethau Canolog | D76: =SUM(C73:C76) -> 13151 | G76: =SUM(F73:F76) -> 12355.89
A78: Incwm
A79: Nawdd Canolog Ychwanegol | C79: =+Report!Q79 -> -213207 | F79: =+Report!T79 -> -17849.172
A80: Addysg Cymunedol | C80: =+Report!Q80 -> 0 | F80: =+Report!T80 -> 0
A81: Rhoddion | C81: =+Report!Q81 -> -1132 | F81: =+Report!T81 -> -4286.68
A82: Gosodiadau | C82: =+Report!Q82 -> 0 | F82: =+Report!T82 -> 0
A83: Incwm arall | C83: =+Report!Q83 -> 0 | F83: =+Report!T83 -> -1290
A84: Incwm rhent | C84: =+Report!Q84 -> 0 | F84: =+Report!T84 -> -244373.54
A85: Gwerthiannau | C85: =+Report!Q85 -> 0 | F85: =+Report!T85 -> 0
A86: Talu am Brydau Ysgol | C86: =+Report!Q86 -> 0 | F86: =+Report!T86 -> 0
A87: Incwm Hyfforddiant | C87: =+Report!Q87 -> 0 | F87: =+Report!T87 -> -3125
A89: Cyfanswm Incwm | D89: =SUM(C79:C88) -> -214339 | G89: =SUM(F79:F88) -> -270924.39
A92: Llog ac Arall
A93: Llog ar fuddsoddiadau | C93: =+Report!Q93 -> 0 | F93: =+Report!T93 -> 0
A94: Buddsoddiadau Ysgol | C94: =+Report!Q94 -> 0 | F94: =+Report!T94 -> 0
A95: Buddsoddiadau Dileadau | C95: =+Report!Q95 -> 0 | F95: =+Report!T95 -> 0
A96: Gwariant Ysgol | C96: =+Report!Q96 -> 0 | F96: =+Report!T96 -> 0
A97: Benthyciadau Dros Dro | C97: =+Report!Q97 -> 0 | F97: =+Report!T97 -> 0
A98: Benthyciadau Dros Dro | C98: =+Report!Q98 -> 0 | F98: =+Report!T98 -> 0
A99: Llog | C99: =+Report!Q99 -> 0 | F99: =+Report!T99 -> 0
A101: Cyfanswm Llog ac arall | D101: =SUM(C93:C100) -> 0 | G101: =SUM(F93:F100) -> 0
A104: Cyfanswm Gwariant Net | D104: =+D101+D89+D76+D70+D52+D45+D32 -> 906104.13 | G104: =+G101+G89+G76+G70+G52+G45+G32 -> 810282.93
A106: Llai'r Balans na fuddsoddwyd a ddygwyd ymlaen | D106: =+Report!R106 -> -97094.125 | G106: =+Report!U106 -> 0
A107: Llai'r Cyfraddau a glustnodwyd | D107: =+Report!R107 -> -20062.5 | G107: =+Report!U107 -> -20062.5
A108: Cyfraniad i / o falansys | D108: =+Report!R108 -> 0 | G108: =+Report!U108 -> -1272.93
A110: Gwariant Net Diwygiedig | D110: =+D104+D106+D107 -> 788947.5 | G110: =+G104+G107+G108 -> 788947.5
A116: Crynodeb
A118: Cyfanswm adnoddau ar gael yn 2012-2013 | C118: £
A120: Balansau ysgol a ddygwyd ymlaen o 2011-2012 | C120: =+Report!Q120 -> 97094.125
A121: Benthyciadau Ysgol a Ddygwyd ymlaen o 2011-2012 | C121: =+Report!Q121 -> 0
A122: Cyn Addasiad Blwyddyn | C122: =+Report!Q122 -> 0
A123: Cyfanswm adnoddau dirprwyedig | C123: =+Report!Q123 -> 809010
A125: Cyfanswm | C125: =SUM(C120:C124) -> 906104.13
A128: Gwariant Cyflawnedig | C128: =+Report!Q128 -> 810282.93
A129: Llai'r newid mewn buddsoddiadau | C129: =+Report!Q129 -> 0
A130: Llai'r Symudiadau â Benthyciadau Dros Dro | C130: =+Report!Q130 -> 0
A131: Llai'r amrywiant â chyfraddau a glustnodir | C131: =+Report!Q131 -> 0
A133: Cyfanswm Balans a ddygwyd ymlaen i 2013-2014 | C133: =+C125-C128+C131+C129+C130 -> 95821.195
A136: Datganiad Balansau | C136: £
A138: Balans na fuddsoddwyd ar 31 Mawrth 2013 | C138: =+Report!Q138 -> 95821.2
A139: Balans a fuddsoddwyd ar 31 Mawrth 2013 | C139: =+Report!Q139 -> 0
A140: Benthyciadau dros ben ar 31 Mawrth 2013 | C140: =+Report!Q140 -> 0
A142: Cyfanswm Balansau ar 31 Mawrth 2013 | C142: =SUM(C138:C141) -> 95821.2
A149: Prif Cyfarwyddwr Corfforaethol Adnoddau

Sheet Eng WAG Grant Bal
C2: CITY AND COUNTY OF CARDIFF COUNCIL
C3: SCHOOLS OUTTURN OF EXPENDITURE 2008-2009
D5: Governing Body of | E5: =+Report!Q5 -> 0
E7: Governor Approved Budget | H7: Actual Expenditure
E8: £ | F8: £ | H8: £ | I8: £
C9: Staffing costs
C10: Teaching Costs | E10: =+Report!Q11 -> 579412 | H10: =+Report!T11 -> 580350.16
C11: Special Needs Teachers | E11: =+Report!Q12 -> 0 | H11: =+Report!T12 -> 0
C12: Teachers for statemented pupils | E12: =+Report!Q13 -> 0 | H12: =+Report!T13 -> 0
C13: Short Term Supply | E13: =+Report!Q14 -> 0 | H13: =+Report!T14 -> 0
C14: Long Term Supply | E14: =+Report!Q15 -> 18354 | H14: =+Report!T15 -> 20091.43
C15: Special Needs Support Staff | E15: =+Report!Q16 -> 0 | H15: =+Report!T16 -> 0
C16: Nursery Assts/ Teachers Aides / Adult Helpers | E16: =+Report!Q17 -> 110413 | H16: =+Report!T17 -> 110374.68
C17: Foreign Language Assistants | E17: =+Report!Q18 -> 0 | H17: =+Report!T18 -> 0
C18: Technicians | E18: =+Report!Q19 -> 0 | H18: =+Report!T19 -> 0
C19: Mid Day Supervisors | E19: =+Report!Q20 -> 10251 | H19: =+Report!T20 -> 10384.95
C20: Library Staff | E20: =+Report!Q21 -> 0 | H20: =+Report!T21 -> 0
C21: Administrative Staff | E21: =+Report!Q22 -> 36324 | H21: =+Report!T22 -> 36833.98
... C25: Performance Management | E25: =+Report!Q26 -> 0 | H25: =+Report!T26 -> 0
C27: Total Staffing Costs | F27: =SUM(E10:E25) -> 937602 | I27: =SUM(H10:H25) -> 908816.47
C29: Premises Related Costs
C30: Caretaking Staff | E30: =+Report!Q32 -> 23986 | H30: =+Report!T32 -> 25701.54
C31: Domestic Staff | E31: =+Report!Q33 -> 9415 | H31: =+Report!T33 -> 9597.02
C32: Grounds Staff | E32: =+Report!Q34 -> 515 | H32: =+Report!T34 -> 510
C33: Cleaning Costs | E33: =+Report!Q35 -> 28342 | H33: =+Report!T35 -> 27529.13
C34: Energy Costs | E34: =+Report!Q36 -> 33652 | H34: =+Report!T36 -> 28097.78
C35: Rates | E35: =+Report!Q37 -> 20062.5 | H35: =+Report!T37 -> 20062.5
C36: Repairs and Maintenance | E36: =+Report!Q38 -> 10184 | H36: =+Report!T38 -> 15839.75
C37: Water | E37: =+Report!Q39 -> 2680 | H37: =+Report!T39 -> 2204.22
C39: Total Premises Related Costs | F39: =SUM(E30:E37) -> 128836.5 | I39: =SUM(H30:H37) -> 129541.94
C41: Transport Costs
C42: Pupil Transport Costs | E42: =+Report!Q45 -> 0 | H42: =+Report!T45 -> 557.63
C43: Staff Transport Costs | E43: =+Report!Q46 -> 0 | H43: =+Report!T46 -> 0
C44: Vehichle Costs | E44: =+Report!Q47 -> 500 | H44: =+Report!T47 -> 256.71
C46: Total Transport Costs | F46: =SUM(E42:E44) -> 500 | I46: =SUM(H42:H44) -> 814.34
C48: Supplies and Services
C49: Teaching Materials | E49: =+Report!Q53 -> 15000 | H49: =+Report!T53 -> 9327.58
C50: Equipment, Furniture, Materials & music tuition | E50: =+Report!Q54 -> 3670 | H50: =+Report!T54 -> 4629.75
C51: Library Books & Materials | E51: =+Report!Q55 -> 0 | H51: =+Report!T55 -> 0
C52: Catering Costs | E52: =+Report!Q56 -> 1020 | H52: =+Report!T56 -> 1323.18
C53: Unallocated / Savings to be found | E53: =+Report!Q57 -> 1155.625 | H53: =+Report!T57 -> 0
C54: Communications Equipment and Services | E54: =+Report!Q58 -> 5887 | H54: =+Report!T58 -> 4349.56
C55: Consultants Fees | E55: =+Report!Q59 -> 0 | H55: =+Report!T59 -> 0
C56: Examinations Fees | E56: =+Report!Q60 -> 0 | H56: =+Report!T60 -> 0
C57: Games & School Activities | E57: =+Report!Q61 -> 2800 | H57: =+Report!T61 -> 870
C58: Clerk to Governing Body | E58: =+Report!Q62 -> 900 | H58: =+Report!T62 -> 812.59
C59: Other office costs | E59: =+Report!Q63 -> 4171 | H59: =+Report!T63 -> 4036.5
C60: Printing & Stationery | E60: =+Report!Q64 -> 5750 | H60: =+Report!T64 -> 4264.52
... C62: Subsistence and expenses | E62: =+Report!Q66 -> 0 | H62: =+Report!T66 -> 65
C64: Total Supplies and Services | F64: =SUM(E49:E62) -> 40353.625 | I64: =SUM(H49:H62) -> 29678.68
C66: Central Services
C67: School Meals | E67: =+Report!Q72 -> 0 | H67: =+Report!T72 -> 0
C68: Service Level Agreements | E68: =+Report!Q73 -> 13151 | H68: =+Report!T73 -> 12355.89
C70: Total for Central Services | F70: =SUM(E67:E68) -> 13151 | I70: =SUM(H67:H68) -> 12355.89
C72: Income
C73: Additional Central Funding | E73: =+Report!Q79 -> -213207 | H73: =+Report!T79 -> -17849.172
C74: Community Education | E74: =+Report!Q80 -> 0 | H74: =+Report!T80 -> 0
C75: Donations | E75: =+Report!Q81 -> -1132 | H75: =+Report!T81 -> -4286.68
C76: Lettings | E76: =+Report!Q82 -> 0 | H76: =+Report!T82 -> 0
C77: Other Income | E77: =+Report!Q83 -> 0 | H77: =+Report!T83 -> -1290
C78: Grant Income | E78: =+Report!Q84 -> 0 | H78: =+Report!T84 -> -244373.54
C79: Sales | E79: =+Report!Q85 -> 0 | H79: =+Report!T85 -> 0
C80: School Meals Recharge | E80: =+Report!Q86 -> 0 | H80: =+Report!T86 -> 0
C81: Training and Tuition Income | E81: =+Report!Q87 -> 0 | H81: =+Report!T87 -> -3125
C83: Total Income | F83: =SUM(E73:E81) -> -214339 | I83: =SUM(H73:H81) -> -270924.39
C86: Interest and Other
C87: Interest on investments | E87: =+Report!Q93 -> 0 | H87: =+Report!T93 -> 0
C88: School Investments | E88: =+Report!Q94 -> 0 | H88: =+Report!T94 -> 0
C89: Withdrawl Investments | E89: =+Report!Q95 -> 0 | H89: =+Report!T95 -> 0
C91: Temporary Loans | E91: =+Report!Q97 -> 0 | H91: =+Report!T97 -> 0
C92: Temporary Loans | E92: =+Report!Q98 -> 0 | H92: =+Report!T98 -> 0
C93: Interest | E93: =+Report!Q99 -> 0 | H93: =+Report!T99 -> 0
F94: =SUM(E87:E93) -> 0 | I94: =SUM(H87:H93) -> 0
C95: Total Interest and Other
C98: Total Net Expenditure | F98: =SUM(F27:F94) -> 906104.13 | I98: =SUM(I27:I94) -> 810282.93
C100: Less Uninvested Balance Brought Forward | F100: =+Report!R106 -> -97094.125
C101: Less earmarked Rates | F101: =+Report!R107+0.4 -> -20062.1 | I101: =+Report!U107 -> -20062.5
C102: Contribution to / from balances | I102: =+Report!U108 -> -1272.93
C104: Revised Net Expenditure | F104: =SUM(F98:F101) -> 788947.9 | I104: =SUM(I98:I102) -> 788947.5
C110: Summary
C112: Total resources available in 2008-2009 | E112: £
C114: School balances Brought forward from 2007-2008 | E114: =+Report!Q120 -> 97094.125
C115: School Loans Brought forward from 2007-2008 | E115: =+Report!Q121 -> 0
C116: Prior Year Adjustment | E116: =+Report!Q122 -> 0
C117: Total delegated resources | E117: =+Report!Q123+1 -> 809011
C119: Total | E119: =SUM(E114:E117) -> 906105.13
C122: Actual Expenditure | E122: =+Report!Q128 -> 810282.93
C123: Less change in investments | E123: =+Report!Q129 -> 0
C124: Less Movements in Temporary Loan | E124: =+Report!Q130 -> 0
C125: Less variance in earmarked rates | E125: =+Report!Q131-0.4 -> -0.4
C127: Total balance carried forward to 2009-2010 | E127: =E119-E122+E123+E125+E124 -> 95821.795
C130: Statement of Balances Held | E130: £
C132: Uninvested Balance as at 31st March 2009 | E132: =+Report!Q138 -> 95821.2
C133: Invested Balance as at 31st March 2009 | E133: =+Report!Q139 -> 0
C134: Outstanding Loans as at 31st March 2009 | E134: =+Report!Q140 -> 0
C135: WAG Grant Balance 31st March 2009 | E135: =+Report!G80*-1 -> 0
C137: Total Balances held as at 31st March 2009 | E137: =SUM(E132:E136) -> 95821.2
C144: for City and County Treasurer

Sheet Data
A3: 1 | B3: 2 | C3: 3 | D3: 4 | E3: 5 | F3: 6 | G3: 7 | H3: 8 | I3: 9 | J3: 10 | K3: 11 | L3: 12 | M3: 13 | N3: 14 | O3: 15 | P3: 16 | Q3: 17 | R3: 18 | S3: 19 | T3: 20 | U3: 21 | V3: 22 | W3: 23 | X3: 24 | Y3: 25 | Z3: 26 | AA3: 27 | AB3: 28 | AC3: 29 | AD3: 30 | AE3: 31 | AF3: 32 | AG3: 33 | AH3: 34 | AI3: 35 | AJ3: 36 | AK3: 37 | AL3: 38 | AM3: 39 | AN3: 40 | AO3: 41 | AP3: 42 | AQ3: 43 | AR3: 44 | AS3: 45 | AT3: 46 | AU3: 47 | AV3: 48 | AW3: 49 | AX3: 50 | AY3: 51 | AZ3: 52 | BA3: 53 | BB3: 54 | BC3: 55 | BD3: 56 | BE3: 57 | BF3: 58 | BG3: 59 | BH3: 60 | BI3: 61 | BJ3: 62 | BK3: 63 | BL3: 64 | BM3: 65 | BN3: 66 | BO3: 67 | BP3: 68 | BQ3: 69 | BR3: 70 | BS3: 71 | BT3: 72 | BU3: 73 | BV3: 74 | BW3: 75 | BX3: 76 | BY3: 77 | BZ3: 78 | CA3: 79 | CB3: 80 | CC3: 81 | CD3: 82 | CE3: 83 | CF3: 84 | CG3: 85 | CH3: 86 | CI3: 87 | CJ3: 88 | CK3: 89 | CL3: 90 | CM3: 91 | CN3: 92 | CO3: 93 | CP3: 94 | CQ3: 95 | CR3: 96 | CS3: 97 | CT3: 98 | CU3: 99 | CV3: 100 | CW3: 101 | CX3: 102 | CY3: 103 | CZ3: 104 | DA3: 105 | DB3: 106 | DC3: 107 | DD3: 108 | DE3: 109 | DF3: 110 | DG3: 111 | DH3: 112 | DI3: 113 | DJ3: 114 | DK3: 115 | DL3: 116 | DM3: 117 | DN3: 118 | DO3: 119 | DP3: 120 | DQ3: 121 | DR3: 122 | DS3: 123 | DT3: 124 | DU3: 125 | DV3: 126 | DW3: 127 | DX3: 128 | DY3: 129 | DZ3: 130 | EA3: 131 | EB3: 132 | EC3: 133 | ED3: 134 | EE3: 135 | EF3: 136 | EG3: 137 | EH3: 138 | EI3: 139 | EJ3: 140 | EK3: 141 | EL3: 142 | EM3: 143 | EN3: 144 | EO3: 145 | EP3: 146 | EQ3: 147 | ER3: 148 | ES3: 149 | ET3: 150 | EU3: 151 | EV3: 152 | EW3: 153 | EX3: 154 | EY3: 155 | EZ3: 156 | FA3: 157 | FB3: 158 | FC3: 159 | FD3: 160 | FE3: 161 | FF3: 162 | FG3: 163 | FH3: 164 | FI3: 165 | FJ3: 166 | FK3: 167 | FL3: 168 | FM3: 169 | FN3: 170 | FO3: 171 | FP3: 172 | FQ3: 173 | FR3: 174 | FS3: 175 | FT3: 176 | FU3: 177 | FV3: 178 | FW3: 179 | FX3: 180 | FY3: 181 | FZ3: 182 | GA3: 183 | GB3: 184 | GC3: 185 | GD3: 186
C5: Teaching Costs | D5: Special Needs Teachers | E5: Teachers for statemented pupils | F5: Short Term Supply | G5: Long Term Supply | H5: Special Needs Support Staff | I5: Nursery Assts/ Teachers Aides / Adult Helpers | J5: Foreign Language Assistants | K5: Technicians | L5: Mid Day Supervisors | M5: Library Staff/ Attend Officer | N5: Administrative Staff | O5: Non teaching supply costs | P5: Training Costs | Q5: Other Staff Costs | R5: Performance Management | S5: Caretaking Staff | T5: Domestic Staff | U5: Grounds Staff | V5: Cleaning Costs | W5: Energy Costs | X5: Rates | Y5: Repairs and Maintenance | Z5: Water | AA5: Pupil Transport Costs | AB5: Staff Transport Costs | AC5: Vehichle Costs | AD5: Teaching Materials | AE5: Equipment Furniture & Materials | AF5: Library Books & Materials | AG5: Catering Costs | AH5: Savings to be found | AI5: Communications Equipment and Services | AJ5: Consultants Fees | AK5: Examinations Fees | AL5: Games & School Activities | AM5: Clerk to Governing Body | AN5: Other office costs | AO5: Printing & Stationery | AP5: Pupil Exclusions | AQ5: Subsistence and expenses | AR5: School Meals | AS5: Service Level Agreements | AT5: Additional Central Funding | AU5: Community Education | AV5: Donations | AW5: Lettings | AX5: Other Income | AY5: Grant Income | AZ5: Sales | BA5: School Meals Recharge | BB5: Training and Tuition Income | BC5: Income Investmet Interest | BD5: Expenditure School Investments | BE5: Income Investment Withdrawl | BF5: Contribution to Reserves | BG5: Contribution from Reserves | BH5: Income Temporary Loans | BI5: Interest | BJ5: Repayment Temprorary Loans | BK5: Teaching Costs | BL5: Special Needs Teachers | BM5: Teachers for statemented pupils | BN5: Short Term Supply | BO5: Long Term Supply | BP5: Special Needs Support Staff | BQ5: Nursery Assts/ Teachers Aides / Adult Helpers | BR5: Foreign Language Assistants | BS5: Technicians | BT5: Mid Day Supervisors | BU5: Library Staff | BV5: Administrative Staff | BW5: Non teaching supply costs | BX5: Training Costs | BY5: Other Staff Costs | BZ5: Performance Management | CA5: Caretaking Staff | CB5: Domestic Staff | CC5: Grounds Staff | CD5: Cleaning Costs | CE5: Energy Costs | CF5: Rates | CG5: Reapirs and Maintenance | CH5: Water | CI5: Pupil Transport Costs | CJ5: Staff Transport Costs | CK5: Vehichle Costs | CL5: Teaching Materials | CM5: Equipment Furniture & Materials | CN5: Library Books & Materials | CO5: Catering Costs | CP5: Savings to be found | CQ5: Communications Equipment and Services | CR5: Consultants Fees | CS5: Examinations Fees | CT5: Games & School Activities | CU5: Clerk to Governing Body | CV5: Other office costs | CW5: Printing & Stationery | CX5: Pupil Exclusions | CY5: Subsistence and expenses | CZ5: School Meals | DA5: Service Level Agreements | DB5: Additional Central Funding | DC5: Community Education | DD5: Donations | DE5: Lettings | DF5: Other Income | DG5: Rental Income | DH5: Sales | DI5: School Meals Recharge | DJ5: Training and Tuition Income | DK5: Teaching Costs | DL5: Special Needs Teachers | DM5: Teachers for statemented pupils | DN5: Short Term Supply | DO5: Long Term Supply | DP5: Special Needs Support Staff | DQ5: Nursery Assts/ Teachers Aides / Adult Helpers | DR5: Foreign Language Assistants | DS5: Technicians | DT5: Mid Day Supervisors | DU5: Library Staff | DV5: Administrative Staff | DW5: Non teaching supply costs | DX5: Training Costs | DY5: Other Staff Costs | DZ5: Performance Management | EA5: Caretaking Staff | EB5: Domestic Staff | EC5: Grounds Staff | ED5: Cleaning Costs | EE5: Energy Costs | EF5: Rates | EG5: Repairs and Maintenance | EH5: Water | EI5: Pupil Transport Costs | EJ5: Staff Transport Costs | EK5: Vehichle Costs | EL5: Teaching Materials | EM5: Equipment Furniture & Materials | EN5: Library Books & Materials | EO5: Catering Costs | EP5: Savings to be found | EQ5: Communications Equipment and Services | ER5: Consultants Fees | ES5: Examinations Fees | ET5: Games & School Activities | EU5: Clerk to Governing Body | EV5: Other office costs | EW5: Printing & Stationery | EX5: Pupil Exclusions | EY5: Subsistence and expenses | EZ5: School Meals | FA5: Service Level Agreements | FB5: Additional Central Funding | FC5: Community Education | FD5: Donations | FE5: Lettings | FF5: Other Income | FG5: Grant Income | FH5: Sales | FI5: School Meals Recharge | FJ5: Training and Tuition Income | FK5: Income Investmet Interest | FL5: Expenditure School Investments | FM5: Income Investment Withdrawl | FN5: School Deficit | FO5: Income Temporary Loans | FP5: Interest | FQ5: Repayment Temprorary Loans | FR5: Total Balances 2022 23 | FS5: Invested Balances 2022 23 | FT5: Uninvested Balances 2022 23 | FU5: Bal Adj | FV5: Total Balances 2023 24 | FW5: Invested Balances 2023 24 | FX5: Uninvested Balances 2023 24 | FY5: Change in Temporary Loans | FZ5: Opening Balance Loans | GA5: Closing Balance Loans | GB5: Devolved Budgets | GC5: Formula Budget | GF5: Actuals | GG5: Formula | GH5: Governor
A7: EA001 | B7: Adamsdown Primary School | C7: 1071881.8 | D7: 0 | E7: 0 | F7: 0 | G7: 100269.29 | H7: 65547.35 | I7: 336267.59 | J7: 0 | K7: 0 | L7: 23685.73 | M7: 0 | N7: 65789.87 | O7: 0 | P7: 48691.28 | Q7: 268862.97 | R7: 0 | S7: 31693.57 | T7: 13299.62 | U7: 2368.44 | V7: 54379.22 | W7: 48844.12 | X7: 47347.5 | Y7: 26265.66 | Z7: 9369.19 | AA7: 5759 | AB7: 0 | AC7: 0 | AD7: 27787.54 | AE7: 905.82 | AF7: 0 | AG7: 2472.08 | AH7: 0 | AI7: 4613.71 | AJ7: 0 | AK7: 0 | AL7: 9384.3 | AM7: 1163.72 | AN7: 7044.9 | AO7: 44699.66 | AP7: 0 | AQ7: 0 | AR7: 0 | AS7: 16445.29 | AT7: -93044.464 | AU7: 0 | AV7: 0 | AW7: 0 | AX7: -4667.5 | AY7: -615132.9 | AZ7: 0 | BA7: 0 | BB7: -6217.11 | BC7: 0 | BD7: 0 | BE7: 0 | BF7: -44697.25 | BG7: 0 | BH7: 0 | BI7: 0 | BJ7: 0 | CF7: 47347.5 | CP7: =+GC7-BZ7-CF7 -> 1523732.5 | DK7: 1181321 | DL7: 0 | DM7: 0 | DN7: 0 | DO7: 37884 | DP7: 83836 | DQ7: 336034 | DR7: 0 | DS7: 0 | DT7: 22980 | DU7: 0 | DV7: 63515 | DW7: 0 | DX7: 22931 | DY7: 148937 | DZ7: 0 | EA7: 31062 | EB7: 12828 | EC7: 2375 | ED7: 62500 | EE7: 56500 | EF7: 47347.5 | EG7: 16351 | EH7: 7000 | EI7: 0 | EJ7: 0 | EK7: 0 | EL7: 30000 | EM7: 4110 | EN7: 0 | EO7: 4000 | EP7: -67862.53 | EQ7: 5850 | ER7: 0 | ES7: 0 | ET7: 7000 | EU7: 994 | EV7: 5500 | EW7: 44600 | EX7: 0 | EY7: 0 | EZ7: 0 | FA7: 17173 | FB7: -558433 | FC7: 0 | FD7: 0 | FE7: 0 | FF7: 0 | FG7: 0 | FH7: 0 | FI7: 0 | FJ7: 0 | FK7: 0 | FL7: 0 | FM7: 0 | FN7: 0 | FO7: 0 | FP7: 0 | FQ7: 0 | FR7: -55252.97 | FS7: 0 | FT7: -55252.97 | FU7: 0 | FV7: =+FW7+FX7 -> -10555.72 | FW7: 0 | FX7: -10555.72 | FY7: 0 | FZ7: 0 | GA7: 0 | GB7: 0 | GC7: 1571080 | GD7: =+FW7-FS7 -> 0 | GF7: =SUM(C7:BJ7) -> 1571080 | GG7: 1571080 | GH7: =SUM(DK7:FQ7) -> 1626333 | GI7: =+GC7-GG7 -> 0 | GJ7: EA001 | GK7: Adamsdown Primary School | GL7: 1475260 | GM7: =+GF7-GL7 -> 95820 | GN7: 1516366 | GO7: =+GH7-GN7 -> 109966.97 | GQ7: 1475260 | GR7: =+GF7-GQ7 -> 95820
A8: EA002 | B8: Albany Primary School | C8: 1294008.9 | D8: 0 | E8: 0 | F8: 0 | G8: 48998.15 | H8: 51462.51 | I8: 346102.68 | J8: 0 | K8: 0 | L8: 20438.86 | M8: 0 | N8: 34459.59 | O8: 0 | P8: 7835.26 | Q8: 152512.11 | R8: 0 | S8: 33449.7 | T8: 5351.04 | U8: 0 | V8: 60999.91 | W8: 45602.03 | X8: 23005 | Y8: 21861.33 | Z8: 7516.9 | AA8: 0 | AB8: 0 | AC8: 737.33 | AD8: 39796.99 | AE8: 0 | AF8: 0 | AG8: 2740.58 | AH8: 0 | AI8: 9034.6 | AJ8: 0 | AK8: 0 | AL8: 28737.88 | AM8: 995 | AN8: 2576.05 | AO8: 12091.82 | AP8: 0 | AQ8: 0 | AR8: 0 | AS8: 14412.71 | AT8: -25972.725 | AU8: 0 | AV8: -1635.84 | AW8: 0 | AX8: -1200 | AY8: -504695.45 | AZ8: 0 | BA8: 0 | BB8: -4350 | BC8: 0 | BD8: 0 | BE8: 0 | BF8: 4438.04 | BG8: 0 | BH8: 0 | BI8: -3380.93 | BJ8: 0 | CF8: 23005 | CP8: =+GC8-BZ8-CF8 -> 1704925 | DK8: 1309224 | DL8: 0 | DM8: 0 | DN8: 0 | DO8: 38563 | DP8: 47358 | DQ8: 348564 | DR8: 0 | DS8: 0 | DT8: 19665 | DU8: 0 | DV8: 34075 | DW8: 0 | DX8: 9588 | DY8: 78135 | DZ8: 0 | EA8: 34649 | EB8: 5156 | EC8: 0 | ED8: 65275 | EE8: 48500 | EF8: 23005 | EG8: 28173 | EH8: 10675 | EI8: 0 | EJ8: 0 | EK8: 750 | EL8: 33000 | EM8: 110 | EN8: 0 | EO8: 3000 | EP8: 26277.18 | EQ8: 15000 | ER8: 0 | ES8: 0 | ET8: 30000 | EU8: 994 | EV8: 2580 | EW8: 12400 | EX8: 0 | EY8: 0 | EZ8: 0 | FA8: 15381 | FB8: -436454 | FC8: 0 | FD8: 0 | FE8: 0 | FF8: 0 | FG8: 0 | FH8: 0 | FI8: 0 | FJ8: 0 | FK8: 0 | FL8: 0 | FM8: 0 | FN8: 0 | FO8: 0 | FP8: 0 | FQ8: 0 | FR8: -75713.18 | FS8: 0 | FT8: -75713.18 | FU8: 0 | FV8: =+FW8+FX8 -> -80151.22 | FW8: 0 | FX8: -80151.22 | FY8: 0 | FZ8: 0 | GA8: 0 | GB8: 0 | GC8: 1727930 | GD8: =+FW8-FS8 -> 0 | GF8: =SUM(C8:BJ8) -> 1727930 | GG8: 1727930 | GH8: =SUM(DK8:FQ8) -> 1803643.2 | GI8: =+GC8-GG8 -> 0 | GJ8: EA002 | GK8: Albany Primary School | GL8: 1543560 | GM8: =+GF8-GL8 -> 184370 | GN8: 1661420 | GO8: =+GH8-GN8 -> 142223.18 | GQ8: 1543560 | GR8: =+GF8-GQ8 -> 184370
A9: EA003 | B9: Allensbank Primary School | C9: 699654.56 | D9: 56061.49 | E9: 67366.94 | F9: 0 | G9: 45211.64 | H9: 59568.21 | I9: 156457.45 | J9: 0 | K9: 0 | L9: 29849.02 | M9: 0 | N9: 31585.55 | O9: 0 | P9: 9315.74 | Q9: 202597.78 | R9: 0 | S9: 30963.97 | T9: 13264.56 | U9: 0 | V9: 54451.42 | W9: 59262.64 | X9: 16585 | Y9: 8336.2 | Z9: 4660.81 | AA9: 0 | AB9: 257.39 | AC9: 0 | AD9: 15512.41 | AE9: 0 | AF9: 0 | AG9: 1394.88 | AH9: 0 | AI9: 1245.18 | AJ9: 0 | AK9: 0 | AL9: 0 | AM9: 1097.61 | AN9: 13716.94 | AO9: 5890.18 | AP9: 0 | AQ9: 195 | AR9: 0 | AS9: 13946.06 | AT9: -21026.422 | AU9: 0 | AV9: -4321.16 | AW9: 0 | AX9: -1990 | AY9: -268837.48 | AZ9: 0 | BA9: 0 | BB9: 0 | BC9: 0 | BD9: 0 | BE9: 0 | BF9: -157943.57 | BG9: 0 | BH9: 0 | BI9: 0 | BJ9: 0 | CF9: 16585 | CP9: =+GC9-BZ9-CF9 -> 1127745 | DK9: 702512 | DL9: 55968 | DM9: 67770 | DN9: 0 | DO9: 24107 | DP9: 58692 | DQ9: 147875 | DR9: 0 | DS9: 0 | DT9: 32348 | DU9: 0 | DV9: 33471 | DW9: 0 | DX9: 14999 | DY9: 177836 | DZ9: 0 | EA9: 32705 | EB9: 12623 | EC9: 0 | ED9: 56119 | EE9: 58154 | EF9: 16585 | EG9: 30385 | EH9: 4400 | EI9: 0 | EJ9: 650 | EK9: 0 | EL9: 10000 | EM9: 110 | EN9: 0 | EO9: 1800 | EP9: -274787.64 | EQ9: 2825 | ER9: 0 | ES9: 0 | ET9: 0 | EU9: 1106 | EV9: 6950 | EW9: 5780 | EX9: 0 | EY9: 0 | EZ9: 0 | FA9: 14493 | FB9: -201773 | FC9: 0 | FD9: 0 | FE9: 0 | FF9: 0 | FG9: 0 | FH9: 0 | FI9: 0 | FJ9: 0 | FK9: 0 | FL9: 0 | FM9: 0 | FN9: 0 | FO9: 0 | FP9: 0 | FQ9: 0 | FR9: 50627.64 | FS9: 0 | FT9: 50627.64 | FU9: 0 | FV9: =+FW9+FX9 -> 208571.21 | FW9: 0 | FX9: 208571.21 | FY9: 0 | FZ9: 0 | GA9: 0 | GB9: 0 | GC9: 1144330 | GD9: =+FW9-FS9 -> 0 | GF9: =SUM(C9:BJ9) -> 1144330 | GG9: 1144330 | GH9: =SUM(DK9:FQ9) -> 1093702.4 | GI9: =+GC9-GG9 -> 0 | GJ9: EA003 | GK9: Allensbank Primary School | GL9: 1089295.4 | GM9: =+GF9-GL9 -> 55034.57 | GN9: 1154409 | GO9: =+GH9-GN9 -> -60706.64 | GQ9: 1089295.4 | GR9: =+GF9-GQ9 -> 55034.57
A10: EA004 | B10: All Saints C.W. Primary School | C10: 474950.46 | D10: 0 | E10: 0 | F10: 0 | G10: 19191.54 | H10: 0 | I10: 127761.87 | J10: 0 | K10: 0 | L10: 12670.25 | M10: 0 | N10: 29575.58 | O10: 0 | P10: 3017.66 | Q10: 41236.12 | R10: 0 | S10: 12773.81 | T10: 10151.94 | U10: 1985.25 | V10: 25284.14 | W10: 23999.36 | X10: 0 | Y10: 12234.61 | Z10: 1937.56 | AA10: 0 | AB10: 29.1 | AC10: 0 | AD10: 8687.08 | AE10: 0 | AF10: 0 | AG10: 1809.57 | AH10: 0 | AI10: 2010.76 | AJ10: 0 | AK10: 0 | AL10: 1170 | AM10: 1232.18 | AN10: 6952.35 | AO10: 3981.75 | AP10: 0 | AQ10: 230 | AR10: 0 | AS10: 10910.92 | AT10: -7880.4015 | AU10: 0 | AV10: 0 | AW10: -1500 | AX10: -450 | AY10: -111536.47 | AZ10: 0 | BA10: 0 | BB10: -1250 | BC10: 0 | BD10: 0 | BE10: 0 | BF10: -19486.99 | BG10: 0 | BH10: 0 | BI10: 0 | BJ10: 0 | CF10: 0 | CP10: =+GC10-BZ10-CF10 -> 691680 | DK10: 481453 | DL10: 0 | DM10: 0 | DN10: 0 | DO10: 15779 | DP10: 0 | DQ10: 153671 | DR10: 0 | DS10: 0 | DT10: 12244 | DU10: 0 | DV10: 29057 | DW10: 0 | DX10: 4007 | DY10: 9244 | DZ10: 0 | EA10: 12512 | EB10: 9761 | EC10: 1947 | ED10: 26505 | EE10: 22436 | EF10: 0 | EG10: 16630 | EH10: 2100 | EI10: 0 | EJ10: 0 | EK10: 0 | EL10: 15000 | EM10: 110 | EN10: 0 | EO10: 3000 | EP10: 8230.12 | EQ10: 4402 | ER10: 0 | ES10: 0 | ET10: 4500 | EU10: 1017 | EV10: 10651 | EW10: 4120 | EX10: 0 | EY10: 0 | EZ10: 0 | FA10: 11621 | FB10: -89279 | FC10: 0 | FD10: 0 | FE10: 0 | FF10: 0 | FG10: 0 | FH10: 0 | FI10: 0 | FJ10: 0 | FK10: 0 | FL10: 0 | FM10: 0 | FN10: 0 | FO10: 0 | FP10: 0 | FQ10: 0 | FR10: -79038.12 | FS10: 0 | FT10: -79038.12 | FU10: 0 | FV10: =+FW10+FX10 -> -59551.13 | FW10: 0 | FX10: -59551.13 | FY10: 0 | FZ10: 0 | GA10: 0 | GB10: 0 | GC10: 691680 | GD10: =+FW10-FS10 -> 0 | GF10: =SUM(C10:BJ10) -> 691680 | GG10: 691680 | GH10: =SUM(DK10:FQ10) -> 770718.12 | GI10: =+GC10-GG10 -> 0 | GJ10: EA004 | GK10: All Saints C.W. Primary School | GL10: 672000 | GM10: =+GF10-GL10 -> 19680 | GN10: 706371 | GO10: =+GH10-GN10 -> 64347.12 | GQ10: 672000 | GR10: =+GF10-GQ10 -> 19680
A11: EA005 | B11: Baden Powell Primary School | C11: 978029.16 | D11: 71967.19 | E11: 23134.88 | F11: 0 | G11: 65213.89 | H11: 190845.63 | I11: 319070.61 | J11: 0 | K11: 0 | L11: 19317.26 | M11: 0 | N11: 70883.05 | O11: 0 | P11: 69568.29 | Q11: 137628.5 | R11: 0 | S11: 32610.63 | T11: 13718.05 | U11: 341.86 | V11: 50970.19 | W11: 46179.94 | X11: 23941.25 | Y11: 15228.52 | Z11: 5052.46 | AA11: 73.56 | AB11: 651.4 | AC11: 0 | AD11: 25111.72 | AE11: 0 | AF11: 0 | AG11: 2112.88 | AH11: 0 | AI11: 4735.91 | AJ11: 0 | AK11: 0 | AL11: 2716.17 | AM11: 1328.88 | AN11: 7667.04 | AO11: 9621.78 | AP11: 0 | AQ11: 625.67 | AR11: 0 | AS11: 17527.82 | AT11: -5951.0637 | AU11: 0 | AV11: -999.06 | AW11: 0 | AX11: -26234.02 | AY11: -441672.94 | AZ11: 0 | BA11: 0 | BB11: -4848.69 | BC11: 0 | BD11: 0 | BE11: 0 | BF11: -110268.42 | BG11: 0 | BH11: 0 | BI11: 0 | BJ11: 0 | CF11: 23941.25 | CP11: =+GC11-BZ11-CF11 -> 1591958.8 | DK11: 959239 | DL11: 0 | DM11: 113159 | DN11: 0 | DO11: 39375 | DP11: 231974 | DQ11: 323239 | DR11: 0 | DS11: 0 | DT11: 24658 | DU11: 0 | DV11: 68715 | DW11: 0 | DX11: 9143 | DY11: 60263 | DZ11: 0 | EA11: 32705 | EB11: 11235 | EC11: 2216 | ED11: 56828 | EE11: 43764 | EF11: 23941.25 | EG11: 27161 | EH11: 5683 | EI11: 0 | EJ11: 100 | EK11: 0 | EL11: 30000 | EM11: 3812 | EN11: 0 | EO11: 1260 | EP11: 42820.002 | EQ11: 758 | ER11: 0 | ES11: 0 | ET11: 2000 | EU11: 1500 | EV11: 900 | EW11: 9193 | EX11: 0 | EY11: 0 | EZ11: 0 | FA11: 18039 | FB11: -370651 | FC11: 0 | FD11: 0 | FE11: 0 | FF11: 0 | FG11: 0 | FH11: 0 | FI11: 0 | FJ11: 0 | FK11: 0 | FL11: 0 | FM11: 0 | FN11: 0 | FO11: 0 | FP11: 0 | FQ11: 0 | FR11: -157129.25 | FS11: 0 | FT11: -157129.25 | FU11: 0 | FV11: =+FW11+FX11 -> -46860.83 | FW11: 0 | FX11: -46860.83 | FY11: 0 | FZ11: 0 | GA11: 0 | GB11: 0 | GC11: 1615900 | GD11: =+FW11-FS11 -> 0 | GF11: =SUM(C11:BJ11) -> 1615900 | GG11: 1615900 | GH11: =SUM(DK11:FQ11) -> 1773029.3 | GI11: =+GC11-GG11 -> 0 | GJ11: EA005 | GK11: Baden Powell Primary School | GL11: 1532101.3 | GM11: =+GF11-GL11 -> 83798.66 | GN11: 1621379 | GO11: =+GH11-GN11 -> 151650.25 | GQ11: 1532101.3 | GR11: =+GF11-GQ11 -> 83798.66
A12: EA006 | B12: Birchgrove Primary School | C12: 1015411.2 | D12: 68563.61 | E12: 0 | F12: 11129.75 | G12: 58311.44 | H12: 84269.21 | I12: 343863.88 | J12: 0 | K12: 0 | L12: 16998.87 | M12: 0 | N12: 50913.22 | O12: 0 | P12: 8794.86 | Q12: 37341.98 | R12: 0 | S12: 17449.69 | T12: 11240.78 | U12: 0 | V12: 41921.84 | W12: 43847.16 | X12: 19393.75 | Y12: 6223.75 | Z12: 4687.18 | AA12: 0 | AB12: 0 | AC12: 0 | AD12: 10041.86 | AE12: 325.65 | AF12: 0 | AG12: 0 | AH12: 0 | AI12: 10484.65 | AJ12: 0 | AK12: 0 | AL12: 16488.98 | AM12: 554.16 | AN12: 7687.74 | AO12: 3576.29 | AP12: 0 | AQ12: 65 | AR12: 0 | AS12: 15422.89 | AT12: -49326.677 | AU12: 0 | AV12: -35576.67 | AW12: -6430 | AX12: -13281 | AY12: -301555.36 | AZ12: 0 | BA12: 0 | BB12: -5000 | BC12: -470.87 | BD12: 470.87 | BE12: 0 | BF12: -40269.64 | BG12: 0 | BH12: 0 | BI12: 0 | BJ12: 0 | CF12: 19393.75 | CP12: =+GC12-BZ12-CF12 -> 1434176.2 | DK12: 1024653 | DL12: 68972 | DM12: 0 | DN12: 0 | DO12: 37829 | DP12: 54947 | DQ12: 361422 | DR12: 0 | DS12: 0 | DT12: 24031 | DU12: 0 | DV12: 54584 | DW12: 0 | DX12: 12489 | DY12: 25321 | DZ12: 0 | EA12: 17102 | EB12: 12540 | EC12: 0 | ED12: 44927 | EE12: 46300 | EF12: 19393.75 | EG12: 22636 | EH12: 4725 | EI12: 0 | EJ12: 0 | EK12: 0 | EL12: 12000 | EM12: 554 | EN12: 0 | EO12: 4000 | EP12: 20578.597 | EQ12: 3483 | ER12: 0 | ES12: 0 | ET12: 4000 | EU12: 1013 | EV12: 5200 | EW12: 5250 | EX12: 0 | EY12: 0 | EZ12: 0 | FA12: 17009 | FB12: -201023 | FC12: 0 | FD12: 0 | FE12: -3800 | FF12: 0 | FG12: 0 | FH12: 0 | FI12: 0 | FJ12: -17400 | FK12: 0 | FL12: 0 | FM12: 0 | FN12: 0 | FO12: 0 | FP12: 0 | FQ12: 0 | FR12: -238253.66 | FS12: -9087.31 | FT12: -229166.35 | FU12: 0 | FV12: =+FW12+FX12 -> -198454.89 | FW12: -9558.18 | FX12: -188896.71 | FY12: 0 | FZ12: 0 | GA12: 0 | GB12: 0 | GC12: 1453570 | GD12: =+FW12-FS12 -> -470.87 | GF12: =SUM(C12:BJ12) -> 1453570 | GG12: 1453570 | GH12: =SUM(DK12:FQ12) -> 1682736.3 | GI12: =+GC12-GG12 -> 0 | GJ12: EA006 | GK12: Birchgrove Primary School | GL12: 1336061.1 | GM12: =+GF12-GL12 -> 117508.91 | GN12: 1473546 | GO12: =+GH12-GN12 -> 209190.35 | GQ12: 1336061.1 | GR12: =+GF12-GQ12 -> 117508.91
A13: EA007 | B13: Bishop Childs C.W. Primary School | C13: 597203.76 | D13: 0 | E13: 0 | F13: 0 | G13: 21211.47 | H13: 0 | I13: 185346.35 | J13: 0 | K13: 0 | L13: 29262.2 | M13: 0 | N13: 23496.42 | O13: 0 | P13: 3420.64 | Q13: 70263.42 | R13: 0 | S13: 28380.46 | T13: 13391.66 | U13: 2843.82 | V13: 27266.76 | W13: 28104.96 | X13: 0 | Y13: 20919.96 | Z13: 3889.49 | AA13: 17830.11 | AB13: 0 | AC13: 0 | AD13: 20066.24 | AE13: 6016.85 | AF13: 0 | AG13: 3321.58 | AH13: 0 | AI13: 6944.02 | AJ13: 0 | AK13: 0 | AL13: 2411.18 | AM13: 1171.19 | AN13: 24925.74 | AO13: 6974.21 | AP13: 0 | AQ13: 1367.72 | AR13: 0 | AS13: 12694.82 | AT13: -15171.856 | AU13: 0 | AV13: -13150.06 | AW13: -250 | AX13: -3001.46 | AY13: -176763.17 | AZ13: 0 | BA13: 0 | BB13: -3735 | BC13: 0 | BD13: 0 | BE13: 0 | BF13: -109113.48 | BG13: 0 | BH13: 0 | BI13: 0 | BJ13: 0 | CF13: 0 | CP13: =+GC13-BZ13-CF13 -> 837540 | DK13: 606626 | DL13: 0 | DM13: 0 | DN13: 0 | DO13: 21163 | DP13: 0 | DQ13: 199879 | DR13: 0 | DS13: 0 | DT13: 29669 | DU13: 0 | DV13: 27283 | DW13: 0 | DX13: 7000 | DY13: 35200 | DZ13: 0 | EA13: 27281 | EB13: 12501 | EC13: 2531 | ED13: 29967 | EE13: 36135 | EF13: 0 | EG13: 26618 | EH13: 3066 | EI13: 0 | EJ13: 0 | EK13: 0 | EL13: 30100 | EM13: 12000 | EN13: 0 | EO13: 2258 | EP13: -162931.41 | EQ13: 3843 | ER13: 0 | ES13: 0 | ET13: 4000 | EU13: 2200 | EV13: 11873 | EW13: 7560 | EX13: 0 | EY13: 0 | EZ13: 0 | FA13: 19887 | FB13: -147118 | FC13: 0 | FD13: 0 | FE13: 0 | FF13: 0 | FG13: 0 | FH13: 0 | FI13: 0 | FJ13: 0 | FK13: 0 | FL13: 0 | FM13: 0 | FN13: 0 | FO13: 0 | FP13: 0 | FQ13: 0 | FR13: -11050.59 | FS13: 0 | FT13: -11050.59 | FU13: 0 | FV13: =+FW13+FX13 -> 98062.89 | FW13: 0 | FX13: 98062.89 | FY13: 0 | FZ13: 0 | GA13: 0 | GB13: 0 | GC13: 837540 | GD13: =+FW13-FS13 -> 0 | GF13: =SUM(C13:BJ13) -> 837540 | GG13: 837540 | GH13: =SUM(DK13:FQ13) -> 848590.59 | GI13: =+GC13-GG13 -> 0 | GJ13: EA007 | GK13: Bishop Childs C.W. Primary School | GL13: 739930 | GM13: =+GF13-GL13 -> 97610 | GN13: 783685 | GO13: =+GH13-GN13 -> 64905.59 | GQ13: 739930 | GR13: =+GF13-GQ13 -> 97610
A14: EA008 | B14: Bryn Celyn Primary School | C14: 604325.09 | D14: 0 | E14: 0 | F14: 0 | G14: 76701.14 | H14: 0 | I14: 323758.02 | J14: 0 | K14: 0 | L14: 19528.02 | M14: 0 | N14: 34140.2 | O14: 0 | P14: 3450 | Q14: 53522.96 | R14: 0 | S14: 14659.18 | T14: 9531.85 | U14: 2943.72 | V14: 36686.53 | W14: 23201.19 | X14: 22336.25 | Y14: 11513.55 | Z14: 3312.94 | AA14: 1629 | AB14: 0 | AC14: 1359.68 | AD14: 18574.16 | AE14: -1471.21 | AF14: 0 | AG14: 3927.06 | AH14: 0 | AI14: 9104.12 | AJ14: 0 | AK14: 0 | AL14: 5214.6 | AM14: 1081.21 | AN14: 464 | AO14: 1475.99 | AP14: 0 | AQ14: 130 | AR14: 0 | AS14: 13207.25 | AT14: -63112.603 | AU14: 0 | AV14: -5236.75 | AW14: 0 | AX14: -31759 | AY14: -270590.95 | AZ14: 0 | BA14: 0 | BB14: -495 | BC14: 0 | BD14: 0 | BE14: 0 | BF14: -31662.2 | BG14: 0 | BH14: 0 | BI14: 0 | BJ14: 0 | CF14: 22336.25 | CP14: =+GC14-BZ14-CF14 -> 869113.75 | DK14: 607098 | DL14: 0 | DM14: 0 | DN14: 0 | DO14: 21202 | DP14: 0 | DQ14: 319784 | DR14: 0 | DS14: 0 | DT14: 17853 | DU14: 0 | DV14: 33765 | DW14: 0 | DX14: 4046 | DY14: 23282 | DZ14: 0 | EA14: 13768 | EB14: 9037 | EC14: 1000 | ED14: 36071 | EE14: 28164 | EF14: 22336.25 | EG14: 8441 | EH14: 3442 | EI14: 0 | EJ14: 0 | EK14: 500 | EL14: 14000 | EM14: 110 | EN14: 0 | EO14: 3000 | EP14: -23996.768 | EQ14: 2100 | ER14: 0 | ES14: 0 | ET14: 1000 | EU14: 981 | EV14: 475 | EW14: 2000 | EX14: 0 | EY14: 0 | EZ14: 0 | FA14: 13149 | FB14: -232876 | FC14: 0 | FD14: 0 | FE14: 0 | FF14: 0 | FG14: 0 | FH14: 0 | FI14: 0 | FJ14: 0 | FK14: 0 | FL14: 0 | FM14: 0 | FN14: 0 | FO14: 0 | FP14: 0 | FQ14: 0 | FR14: -38281.482 | FS14: 0 | FT14: -38281.482 | FU14: 0 | FV14: =+FW14+FX14 -> -6619.28 | FW14: 0 | FX14: -6619.28 | FY14: 0 | FZ14: 0 | GA14: 0 | GB14: 0 | GC14: 891450 | GD14: =+FW14-FS14 -> 0 | GF14: =SUM(C14:BJ14) -> 891450 | GG14: 891450 | GH14: =SUM(DK14:FQ14) -> 929731.48 | GI14: =+GC14-GG14 -> 0 | GJ14: EA008 | GK14: Bryn Celyn Primary School | GL14: 847361.25 | GM14: =+GF14-GL14 -> 44088.75 | GN14: 919871 | GO14: =+GH14-GN14 -> 9860.4825 | GQ14: 847361.25 | GR14: =+GF14-GQ14 -> 44088.75
A15: EA009 | B15: Bryn Deri Primary School | C15: 662559.7 | D15: 0 | E15: 0 | F15: 0 | G15: 25482.92 | H15: 95703.75 | I15: 192290.91 | J15: 0 | K15: 0 | L15: 17860.69 | M15: 0 | N15: 34332.27 | O15: 0 | P15: 8948.45 | Q15: 23234.17 | R15: 818.12 | S15: 19180.19 | T15: 15988.52 | U15: 2492.6 | V15: 29348.48 | W15: 27083.01 | X15: 16986.25 | Y15: 11262.95 | Z15: 0 | AA15: 2442 | AB15: 0 | AC15: 0 | AD15: 16041.43 | AE15: 5344.87 | AF15: 0 | AG15: 3264.79 | AH15: 0 | AI15: 1854.25 | AJ15: 0 | AK15: 0 | AL15: 3388.5 | AM15: 2778.62 | AN15: 0 | AO15: 5585.89 | AP15: 0 | AQ15: 0 | AR15: 0 | AS15: 13714.96 | AT15: -13714.233 | AU15: 0 | AV15: -4196 | AW15: -6468.93 | AX15: -3684.56 | AY15: -162231.8 | AZ15: 0 | BA15: 0 | BB15: 0 | BC15: 0 | BD15: 0 | BE15: 0 | BF15: -70872.77 | BG15: 0 | BH15: 0 | BI15: 0 | BJ15: 0 | CF15: 16986.25 | CP15: =+GC15-BZ15-CF15 -> 959833.75 | DK15: 655537 | DL15: 0 | DM15: 0 | DN15: 0 | DO15: 24490 | DP15: 92763 | DQ15: 190221 | DR15: 0 | DS15: 0 | DT15: 16977 | DU15: 0 | DV15: 32580 | DW15: 0 | DX15: 4473 | DY15: 28911 | DZ15: 1980 | EA15: 18349 | EB15: 15723 | EC15: 2242 | ED15: 30930 | EE15: 27898 | EF15: 16986.25 | EG15: 10581 | EH15: 1800 | EI15: 0 | EJ15: 0 | EK15: 0 | EL15: 15000 | EM15: 110 | EN15: 0 | EO15: 3500 | EP15: -64999.49 | EQ15: 5120 | ER15: 0 | ES15: 0 | ET15: 1500 | EU15: 2182 | EV15: 250 | EW15: 7229 | EX15: 0 | EY15: 0 | EZ15: 0 | FA15: 13772 | FB15: -142090 | FC15: 0 | FD15: 0 | FE15: -8850 | FF15: -3500 | FG15: 0 | FH15: 0 | FI15: 0 | FJ15: 0 | FK15: 0 | FL15: 0 | FM15: 0 | FN15: 0 | FO15: 0 | FP15: 0 | FQ15: 0 | FR15: -24844.76 | FS15: 0 | FT15: -24844.76 | FU15: 0 | FV15: =+FW15+FX15 -> 46028.01 | FW15: 0 | FX15: 46028.01 | FY15: 0 | FZ15: 0 | GA15: 0 | GB15: 0 | GC15: 976820 | GD15: =+FW15-FS15 -> 0 | GF15: =SUM(C15:BJ15) -> 976820 | GG15: 976820 | GH15: =SUM(DK15:FQ15) -> 1001664.8 | GI15: =+GC15-GG15 -> 0 | GJ15: EA009 | GK15: Bryn Deri Primary School | GL15: 906770 | GM15: =+GF15-GL15 -> 70050 | GN15: 928567 | GO15: =+GH15-GN15 -> 73097.76 | GQ15: 906770 | GR15: =+GF15-GQ15 -> 70050
A16: EA010 | B16: Bryn Hafod Primary School | C16: 944105.03 | D16: 74565.64 | E16: 127234.5 | F16: 0 | G16: 128838.78 | H16: 155490.03 | I16: 545815.04 | J16: 0 | K16: 0 | L16: 27255.12 | M16: 0.18 | N16: 75197.7 | O16: 0 | P16: 15192.22 | Q16: 192921.2 | R16: 0 | S16: 33479.22 | T16: 18165.69 | U16: 3143.64 | V16: 72511.67 | W16: 53746.08 | X16: 18725 | Y16: 26652.12 | Z16: 10001.39 | AA16: 0 | AB16: 0 | AC16: 20447.08 | AD16: 11087.96 | AE16: 5666.43 | AF16: 0 | AG16: 3993.39 | AH16: 0 | AI16: 2623.73 | AJ16: 0 | AK16: 0 | AL16: 69464.48 | AM16: 775.01 | AN16: 17195.5 | AO16: 5908.02 | AP16: 0 | AQ16: 0 | AR16: 0 | AS16: 15695.08 | AT16: -89606.904 | AU16: 0 | AV16: -89875.8 | AW16: 0 | AX16: -2730 | AY16: -462282.49 | AZ16: 0 | BA16: 0 | BB16: -1850 | BC16: 0 | BD16: 0 | BE16: 0 | BF16: -49871.74 | BG16: 0 | BH16: 0 | BI16: 0 | BJ16: 0 | CF16: 18725 | CP16: =+GC16-BZ16-CF16 -> 1960955 | DK16: 981232 | DL16: 75022 | DM16: 128002 | DN16: 0 | DO16: 52786 | DP16: 129338 | DQ16: 535927 | DR16: 0 | DS16: 0 | DT16: 24092 | DU16: 0 | DV16: 78757 | DW16: 0 | DX16: 20894 | DY16: 193356 | DZ16: 0 | EA16: 32864 | EB16: 17454 | EC16: 3240 | ED16: 69601 | EE16: 57028 | EF16: 18725 | EG16: 33007 | EH16: 6100 | EI16: 0 | EJ16: 0 | EK16: 2000 | EL16: 20000 | EM16: 110 | EN16: 0 | EO16: 3400 | EP16: 14437.91 | EQ16: 4425 | ER16: 0 | ES16: 0 | ET16: 2500 | EU16: 1500 | EV16: 15800 | EW16: 6730 | EX16: 0 | EY16: 0 | EZ16: 0 | FA16: 15791 | FB16: -425676 | FC16: 0 | FD16: 0 | FE16: 0 | FF16: -1000 | FG16: 0 | FH16: 0 | FI16: 0 | FJ16: 0 | FK16: 0 | FL16: 0 | FM16: 0 | FN16: 0 | FO16: 0 | FP16: 0 | FQ16: 0 | FR16: -137762.91 | FS16: 0 | FT16: -137762.91 | FU16: 0 | FV16: =+FW16+FX16 -> -87891.17 | FW16: 0 | FX16: -87891.17 | FY16: 0 | FZ16: 0 | GA16: 0 | GB16: 0 | GC16: 1979680 | GD16: =+FW16-FS16 -> 0 | GF16: =SUM(C16:BJ16) -> 1979680 | GG16: 1979680 | GH16: =SUM(DK16:FQ16) -> 2117442.9 | GI16: =+GC16-GG16 -> 0 | GJ16: EA010 | GK16: Bryn Hafod Primary School | GL16: 1642830 | GM16: =+GF16-GL16 -> 336850 | GN16: 1732027 | GO16: =+GH16-GN16 -> 385415.91 | GQ16: 1642830 | GR16: =+GF16-GQ16 -> 336850
A17: EA014 | B17: Christ The King R.C. Primary School | C17: 606885.03 | D17: 0 | E17: 0 | F17: 5047.33 | G17: 24317.89 | H17: 0 | I17: 190663.94 | J17: 0 | K17: 0 | L17: 10922.6 | M17: 0 | N17: 48690.56 | O17: 0 | P17: 6198.42 | Q17: 45471.41 | R17: 841.14 | S17: 33348.81 | T17: 0 | U17: 2510.16 | V17: 18575.42 | W17: 25788.6 | X17: 0 | Y17: 26532.2 | Z17: 3689.04 | AA17: 0 | AB17: 287.08 | AC17: 1061.95 | AD17: 18106.35 | AE17: 1990.03 | AF17: 0 | AG17: 0 | AH17: 0 | AI17: 2259.52 | AJ17: 0 | AK17: 0 | AL17: 13852.42 | AM17: 1102.83 | AN17: 10190.36 | AO17: 2133.39 | AP17: 0 | AQ17: 0 | AR17: 0 | AS17: 12865.23 | AT17: -55261.537 | AU17: 0 | AV17: -21383.67 | AW17: -1950.24 | AX17: -29250 | AY17: -145603.43 | AZ17: 0 | BA17: 0 | BB17: -3750 | BC17: 0 | BD17: 0 | BE17: 0 | BF17: -40442.83 | BG17: 0 | BH17: 0 | BI17: 0 | BJ17: 0 | CF17: 0 | CP17: =+GC17-BZ17-CF17 -> 815690 | DK17: 638802 | DL17: 0 | DM17: 0 | DN17: 2640 | DO17: 18777 | DP17: 0 | DQ17: 192953 | DR17: 0 | DS17: 0 | DT17: 10230 | DU17: 0 | DV17: 47809 | DW17: 0 | DX17: 4473 | DY17: 64532 | DZ17: 0 | EA17: 32705 | EB17: 0 | EC17: 2596 | ED17: 19795 | EE17: 28338 | EF17: 0 | EG17: 10957 | EH17: 5051 | EI17: 0 | EJ17: 0 | EK17: 540 | EL17: 12096 | EM17: 2762 | EN17: 0 | EO17: 0 | EP17: -50415.62 | EQ17: 5778 | ER17: 0 | ES17: 0 | ET17: 1000 | EU17: 1231 | EV17: 9370 | EW17: 4167 | EX17: 0 | EY17: 0 | EZ17: 0 | FA17: 13824 | FB17: -116907 | FC17: 0 | FD17: 0 | FE17: -6000 | FF17: -64055 | FG17: 0 | FH17: 0 | FI17: 0 | FJ17: 0 | FK17: 0 | FL17: 0 | FM17: 0 | FN17: 0 | FO17: 0 | FP17: 0 | FQ17: 0 | FR17: -77358.38 | FS17: 0 | FT17: -77358.38 | FU17: 0 | FV17: =+FW17+FX17 -> -36915.55 | FW17: 0 | FX17: -36915.55 | FY17: 0 | FZ17: 0 | GA17: 0 | GB17: 0 | GC17: 815690 | GD17: =+FW17-FS17 -> 0 | GF17: =SUM(C17:BJ17) -> 815690 | GG17: 815690 | GH17: =SUM(DK17:FQ17) -> 893048.38 | GI17: =+GC17-GG17 -> 0 | GJ17: EA014 | GK17: Christ The King R.C. Primary School | GL17: 731660 | GM17: =+GF17-GL17 -> 84030 | GN17: 775272 | GO17: =+GH17-GN17 -> 117776.38 | GQ17: 731660 | GR17: =+GF17-GQ17 -> 84030
A18: EA015 | B18: Coed Glas Primary School | C18: 1543736.1 | D18: 0 | E18: 141965.74 | F18: 39.73 | G18: 92030.7 | H18: 483405.05 | I18: 452725.98 | J18: 0 | K18: 0 | L18: 34131.68 | M18: 0 | N18: 69125.16 | O18: 0 | P18: 2924.4 | Q18: 123562.78 | R18: 0 | S18: 39804.48 | T18: 17667.62 | U18: 4623 | V18: 63783.26 | W18: 61617.04 | X18: 31030 | Y18: 11212.63 | Z18: 9942.38 | AA18: 0 | AB18: 0 | AC18: 1352.43 | AD18: 22731.92 | AE18: 3042 | AF18: 0 | AG18: 4357.57 | AH18: 0 | AI18: 5994.6 | AJ18: 0 | AK18: 0 | AL18: 15954.5 | AM18: 1899.99 | AN18: 6897.78 | AO18: 5213.34 | AP18: 0 | AQ18: 0 | AR18: 0 | AS18: 20471.36 | AT18: -97215.634 | AU18: 0 | AV18: -13190.1 | AW18: -10806.25 | AX18: -38896.12 | AY18: -523950.05 | AZ18: 0 | BA18: 0 | BB18: -4414.48 | BC18: 0 | BD18: 0 | BE18: 0 | BF18: -241850.61 | BG18: 0 | BH18: 0 | BI18: 0 | BJ18: 0 | CF18: 31030 | CP18: =+GC18-BZ18-CF18 -> 2309890 | DK18: 1489955 | DL18: 0 | DM18: 142900 | DN18: 0 | DO18: 68648 | DP18: 410705 | DQ18: 491306 | DR18: 0 | DS18: 0 | DT18: 30145 | DU18: 0 | DV18: 67427 | DW18: 0 | DX18: 7500 | DY18: 31315 | DZ18: 0 | EA18: 35619 | EB18: 18813 | EC18: 5500 | ED18: 58983 | EE18: 56869 | EF18: 31030 | EG18: 23760 | EH18: 8774 | EI18: 0 | EJ18: 0 | EK18: 600 | EL18: 30000 | EM18: 5170 | EN18: 0 | EO18: 5793 | EP18: -158027.88 | EQ18: 2086 | ER18: 0 | ES18: 0 | ET18: 0 | EU18: 2090 | EV18: 8153 | EW18: 7693 | EX18: 0 | EY18: 0 | EZ18: 0 | FA18: 20077 | FB18: -456422 | FC18: 0 | FD18: 0 | FE18: -15800 | FF18: -4547 | FG18: 0 | FH18: 0 | FI18: 0 | FJ18: -22350 | FK18: 0 | FL18: 0 | FM18: 0 | FN18: 0 | FO18: 0 | FP18: 0 | FQ18: 0 | FR18: -62844.12 | FS18: 0 | FT18: -62844.12 | FU18: 0 | FV18: =+FW18+FX18 -> 179006.49 | FW18: 0 | FX18: 179006.49 | FY18: 0 | FZ18: 0 | GA18: 0 | GB18: 0 | GC18: 2340920 | GD18: =+FW18-FS18 -> 0 | GF18: =SUM(C18:BJ18) -> 2340920 | GG18: 2340920 | GH18: =SUM(DK18:FQ18) -> 2403764.1 | GI18: =+GC18-GG18 -> 0 | GJ18: EA015 | GK18: Coed Glas Primary School | GL18: 2235491.7 | GM18: =+GF18-GL18 -> 105428.26 | GN18: 2382688 | GO18: =+GH18-GN18 -> 21076.12 | GQ18: 2235491.7 | GR18: =+GF18-GQ18 -> 105428.26
... A35: EA040 | B35: Lakeside Primary School | C35: 1260384.6 | D35: 68994.11 | E35: 136617.6 | F35: 0 | G35: 70435.71 | H35: 347598.73 | I35: 262738.58 | J35: 0 | K35: 0 | L35: 43280.89 | M35: 0 | N35: 81438.05 | O35: 0 | P35: 10757.14 | Q35: 175884.88 | R35: 4449.6 | S35: 42191.78 | T35: 0 | U35: 4584.84 | V35: 76181.12 | W35: 68957.59 | X35: 24610 | Y35: 23842.57 | Z35: 18391.21 | AA35: 0 | AB35: 272.91 | AC35: 0 | AD35: 28182.49 | AE35: 5593.3 | AF35: 0 | AG35: 0 | AH35: 0 | AI35: 5601.72 | AJ35: 0 | AK35: 0 | AL35: 28446.94 | AM35: 1441.6 | AN35: 19294.28 | AO35: 9649.97 | AP35: 0 | AQ35: 4165.12 | AR35: 0 | AS35: 16308.48 | AT35: -163105.36 | AU35: 0 | AV35: -28785.01 | AW35: -34491.42 | AX35: -63892.27 | AY35: -308745.14 | AZ35: 0 | BA35: 0 | BB35: -3740 | BC35: 0 | BD35: 0 | BE35: 0 | BF35: -49266.66 | BG35: 0 | BH35: 0 | BI35: 0 | BJ35: 0 | CF35: 24610 | CP35: =+GC35-BZ35-CF35 -> 2163660 | DK35: 1249511 | DL35: 65755 | DM35: 137443 | DN35: 0 | DO35: 57552 | DP35: 352537 | DQ35: 278690 | DR35: 0 | DS35: 0 | DT35: 48021 | DU35: 0 | DV35: 79615 | DW35: 0 | DX35: 9885 | DY35: 103574 | DZ35: 7992 | EA35: 41937 | EB35: 0 | EC35: 4734 | ED35: 81258 | EE35: 100391 | EF35: 24610 | EG35: 51243 | EH35: 10261 | EI35: 0 | EJ35: 540 | EK35: 0 | EL35: 25000 | EM35: 3170 | EN35: 0 | EO35: 0 | EP35: 101.19 | EQ35: 5959 | ER35: 0 | ES35: 0 | ET35: 3000 | EU35: 1502 | EV35: 22450 | EW35: 14700 | EX35: 0 | EY35: 10000 | EZ35: 0 | FA35: 16989 | FB35: -271089 | FC35: 0 | FD35: -5000 | FE35: -26000 | FF35: -107247 | FG35: 0 | FH35: 0 | FI35: 0 | FJ35: 0 | FK35: 0 | FL35: 0 | FM35: 0 | FN35: 0 | FO35: 0 | FP35: 0 | FQ35: 0 | FR35: -210814.19 | FS35: 0 | FT35: -210814.19 | FU35: 0 | FV35: =+FW35+FX35 -> -161547.53 | FW35: 0 | FX35: -161547.53 | FY35: 0 | FZ35: 0 | GA35: 0 | GB35: 0 | GC35: 2188270 | GD35: =+FW35-FS35 -> 0 | GF35: =SUM(C35:BJ35) -> 2188270 | GG35: 2188270 | GH35: =SUM(DK35:FQ35) -> 2399084.2 | GI35: =+GC35-GG35 -> 0 | GJ35: EA040 | GK35: Lakeside Primary School | GL35: 1763940 | GM35: =+GF35-GL35 -> 424330 | GN35: 1946615 | GO35: =+GH35-GN35 -> 452469.19 | GQ35: 1763940 | GR35: =+GF35-GQ35 -> 424330
A36: EA041 | B36: Lansdowne Primary School | C36: 1154639.9 | D36: 0 | E36: 0 | F36: 0 | G36: 88525.48 | H36: 0 | I36: 165604.67 | J36: 0 | K36: 0 | L36: 26101.33 | M36: 0 | N36: 42522.67 | O36: 0 | P36: 45211.08 | Q36: 161656.51 | R36: 0 | S36: 20306.72 | T36: 18825.18 | U36: 0 | V36: 65100.31 | W36: 61785.99 | X36: 25011.25 | Y36: 31747.73 | Z36: 7105.46 | AA36: 90.81 | AB36: 0 | AC36: 11 | AD36: 15899.29 | AE36: 944 | AF36: 0 | AG36: 2323.63 | AH36: 0 | AI36: 4298.38 | AJ36: 0 | AK36: 0 | AL36: 3928.5 | AM36: 0 | AN36: 11549.14 | AO36: 4684.09 | AP36: 0 | AQ36: 437.04 | AR36: 0 | AS36: 17012.2 | AT36: -69242.977 | AU36: 0 | AV36: -3151.1 | AW36: 0 | AX36: -600 | AY36: -407112.16 | AZ36: 0 | BA36: 0 | BB36: -2500 | BC36: 0 | BD36: 0 | BE36: 0 | BF36: -117176.09 | BG36: 0 | BH36: 0 | BI36: 0 | BJ36: 0 | CF36: 25011.25 | CP36: =+GC36-BZ36-CF36 -> 1350528.8 | DK36: 1162878 | DL36: 0 | DM36: 0 | DN36: 0 | DO36: 32947 | DP36: 0 | DQ36: 169850 | DR36: 0 | DS36: 0 | DT36: 24192 | DU36: 0 | DV36: 41385 | DW36: 0 | DX36: 38022 | DY36: 136157 | DZ36: 0 | EA36: 18053 | EB36: 16383 | EC36: 0 | ED36: 67320 | EE36: 122280 | EF36: 25011.25 | EG36: 18330 | EH36: 5865 | EI36: 800 | EJ36: 0 | EK36: 0 | EL36: 12000 | EM36: 2110 | EN36: 0 | EO36: 3200 | EP36: -98571.977 | EQ36: 6610 | ER36: 0 | ES36: 0 | ET36: 2000 | EU36: 1050 | EV36: 2800 | EW36: 10000 | EX36: 0 | EY36: 300 | EZ36: 0 | FA36: 17749 | FB36: -396347 | FC36: 0 | FD36: 0 | FE36: 0 | FF36: 0 | FG36: 0 | FH36: 0 | FI36: 0 | FJ36: 0 | FK36: 0 | FL36: 0 | FM36: 0 | FN36: 0 | FO36: 0 | FP36: 0 | FQ36: 0 | FR36: -66833.273 | FS36: 0 | FT36: -66833.273 | FU36: 0 | FV36: =+FW36+FX36 -> 50342.86 | FW36: 0 | FX36: 50342.86 | FY36: 0 | FZ36: 0 | GA36: 0 | GB36: 0 | GC36: 1375540 | GD36: =+FW36-FS36 -> 0 | GE36: =+FT36-FX36 -> -117176.13 | GF36: =SUM(C36:BJ36) -> 1375540 | GG36: 1375540 | GH36: =SUM(DK36:FQ36) -> 1442373.3 | GI36: =+GC36-GG36 -> 0 | GJ36: EA041 | GK36: Lansdowne Primary School | GL36: 1523991.4 | GM36: =+GF36-GL36 -> -148451.4 | GN36: 1604938 | GO36: =+GH36-GN36 -> -162564.73 | GQ36: 1523991.4 | GR36: =+GF36-GQ36 -> -148451.4
A37: EA042 | B37: Llandaff C.W. Primary School | C37: 1083415.8 | D37: 0 | E37: 0 | F37: 0 | G37: 48772.36 | H37: 24.61 | I37: 463565.32 | J37: 0 | K37: 0 | L37: 27840.76 | M37: 0 | N37: 50496.74 | O37: 0 | P37: 1618.62 | Q37: 20598.91 | R37: 0 | S37: 34182.11 | T37: 24231.9 | U37: 2275.44 | V37: 66038.92 | W37: 47598.09 | X37: 0 | Y37: 31212.04 | Z37: 7769.94 | AA37: 0 | AB37: 407.07 | AC37: 0 | AD37: 23470.02 | AE37: 5128 | AF37: 0 | AG37: 3000.36 | AH37: 0 | AI37: 3664.42 | AJ37: 0 | AK37: 0 | AL37: 15829.5 | AM37: 1380 | AN37: 11983.17 | AO37: 22766.1 | AP37: 0 | AQ37: 65 | AR37: 0 | AS37: 15529.8 | AT37: -14530.914 | AU37: 0 | AV37: -37894.11 | AW37: -15210.92 | AX37: -9579.32 | AY37: -256333.92 | AZ37: 0 | BA37: 0 | BB37: -7427.11 | BC37: 0 | BD37: 0 | BE37: 0 | BF37: -86968.69 | BG37: 0 | BH37: 0 | BI37: 0 | BJ37: 0 | CF37: 0 | CP37: =+GC37-BZ37-CF37 -> 1584920 | DK37: 1090689 | DL37: 0 | DM37: 0 | DN37: 0 | DO37: 37998 | DP37: 0 | DQ37: 505954 | DR37: 0 | DS37: 0 | DT37: 29388 | DU37: 0 | DV37: 50892 | DW37: 0 | DX37: 6105 | DY37: 9600 | DZ37: 7350 | EA37: 32705 | EB37: 20144 | EC37: 2275 | ED37: 67758 | EE37: 49065 | EF37: 0 | EG37: 36740 | EH37: 7136 | EI37: 0 | EJ37: 0 | EK37: 0 | EL37: 25000 | EM37: 4150 | EN37: 0 | EO37: 3120 | EP37: -238356.31 | EQ37: 3200 | ER37: 0 | ES37: 0 | ET37: 2550 | EU37: 2400 | EV37: 16200 | EW37: 14116 | EX37: 0 | EY37: 0 | EZ37: 0 | FA37: 16578 | FB37: -173628 | FC37: 0 | FD37: -4335 | FE37: -22621 | FF37: 0 | FG37: 0 | FH37: 0 | FI37: 0 | FJ37: -1250 | FK37: 0 | FL37: 0 | FM37: 0 | FN37: 0 | FO37: 0 | FP37: 0 | FQ37: 0 | FR37: -16002.69 | FS37: 0 | FT37: -16002.69 | FU37: 0 | FV37: =+FW37+FX37 -> 70966 | FW37: 0 | FX37: 70966 | FY37: 0 | FZ37: 0 | GA37: 0 | GB37: 0 | GC37: 1584920 | GD37: =+FW37-FS37 -> 0 | GF37: =SUM(C37:BJ37) -> 1584920 | GG37: 1584920 | GH37: =SUM(DK37:FQ37) -> 1600922.7 | GI37: =+GC37-GG37 -> 0 | GJ37: EA042 | GK37: Llandaff C.W. Primary School | GL37: 1321850 | GM37: =+GF37-GL37 -> 263070 | GN37: 1357414 | GO37: =+GH37-GN37 -> 243508.69 | GQ37: 1321850 | GR37: =+GF37-GQ37 -> 263070
A38: EA043 | B38: Llanedeyrn Primary School | C38: 951164.54 | D38: 0 | E38: 133083.85 | F38: 0 | G38: 204447.89 | H38: 269631.1 | I38: 234716.36 | J38: 0 | K38: 0 | L38: 10351.42 | M38: 0 | N38: 52117.25 | O38: 0 | P38: 37561.92 | Q38: 17912.13 | R38: 0 | S38: 31535.34 | T38: 10377.65 | U38: 3232.13 | V38: 68658.85 | W38: 52353.58 | X38: 21266.25 | Y38: 89579.89 | Z38: 3528.56 | AA38: 0 | AB38: 0 | AC38: 0 | AD38: 54730.58 | AE38: 20824.4 | AF38: 0 | AG38: 704.41 | AH38: 0 | AI38: 2717.38 | AJ38: 0 | AK38: 0 | AL38: 7569.96 | AM38: 1261.94 | AN38: 1741 | AO38: 7392.71 | AP38: 0 | AQ38: 130 | AR38: 0 | AS38: 17548.71 | AT38: -142763.08 | AU38: 0 | AV38: -74.55 | AW38: 0 | AX38: -9855.33 | AY38: -429780.57 | AZ38: 0 | BA38: 0 | BB38: -8453.95 | BC38: 0 | BD38: 0 | BE38: 0 | BF38: -4932.32 | BG38: 0 | BH38: 0 | BI38: 0 | BJ38: 0 | CF38: 21266.25 | CP38: =+GC38-BZ38-CF38 -> 1689013.8 | DK38: 994189 | DL38: 138046 | DM38: 0 | DN38: 0 | DO38: 52152 | DP38: 349334 | DQ38: 207860 | DR38: 0 | DS38: 0 | DT38: 14841 | DU38: 0 | DV38: 63055 | DW38: 0 | DX38: 19270 | DY38: 20052 | DZ38: 7601 | EA38: 30326 | EB38: 12419 | EC38: 3465 | ED38: 71214 | EE38: 119468 | EF38: 21266.25 | EG38: 57474 | EH38: 7025 | EI38: 0 | EJ38: 0 | EK38: 0 | EL38: 50968 | EM38: 10779 | EN38: 0 | EO38: 1950 | EP38: 16925.972 | EQ38: 6000 | ER38: 0 | ES38: 0 | ET38: 11900 | EU38: 1200 | EV38: 7450 | EW38: 6000 | EX38: 0 | EY38: 0 | EZ38: 0 | FA38: 17748 | FB38: -412617 | FC38: 0 | FD38: 0 | FE38: 0 | FF38: 0 | FG38: 0 | FH38: 0 | FI38: 0 | FJ38: -2500 | FK38: 0 | FL38: 0 | FM38: 0 | FN38: 0 | FO38: 0 | FP38: 0 | FQ38: 0 | FR38: -194581.22 | FS38: 0 | FT38: -194581.22 | FU38: 0 | FV38: =+FW38+FX38 -> -189648.9 | FW38: 0 | FX38: -189648.9 | FY38: 0 | FZ38: 0 | GA38: 0 | GB38: 0 | GC38: 1710280 | GD38: =+FW38-FS38 -> 0 | GF38: =SUM(C38:BJ38) -> 1710280 | GG38: 1710280 | GH38: =SUM(DK38:FQ38) -> 1904861.2 | GI38: =+GC38-GG38 -> 0 | GJ38: EA043 | GK38: Llanedeyrn Primary School | GL38: 1736201.2 | GM38: =+GF38-GL38 -> -25921.19 | GN38: 1792289 | GO38: =+GH38-GN38 -> 112572.22 | GQ38: 1736201.2 | GR38: =+GF38-GQ38 -> -25921.19
A39: EA044 | B39: Llanishen Fach Primary School | C39: 1248106.5 | D39: 0 | E39: 183328.67 | F39: 0 | G39: 86999.18 | H39: 131771.39 | I39: 505373.78 | J39: 0 | K39: 0 | L39: 20658.34 | M39: 0 | N39: 75883.18 | O39: 0 | P39: 20089.61 | Q39: 214728.91 | R39: 0 | S39: 66160.19 | T39: 10281.92 | U39: 3681.7 | V39: 49727.16 | W39: 94652.8 | X39: 27549.82 | Y39: 28965.6 | Z39: 7026.22 | AA39: 0 | AB39: 93.87 | AC39: 6779.67 | AD39: 20428.48 | AE39: 104.32 | AF39: 0 | AG39: 3215.96 | AH39: 0 | AI39: 3238.17 | AJ39: 0 | AK39: 0 | AL39: 60892.97 | AM39: 1226.52 | AN39: 200 | AO39: 4924.27 | AP39: 0 | AQ39: 36037.81 | AR39: 0 | AS39: 15859.55 | AT39: -73695.546 | AU39: 0 | AV39: -62073.78 | AW39: -37949.96 | AX39: -144274.82 | AY39: -391551.43 | AZ39: 0 | BA39: 0 | BB39: -18500 | BC39: 0 | BD39: 0 | BE39: 0 | BF39: -64114.09 | BG39: 0 | BH39: 0 | BI39: -9976.94 | BJ39: 0 | CF39: 27549.82 | CP39: =+GC39-BZ39-CF39 -> 2098300.2 | DK39: 1253595 | DL39: 0 | DM39: 201057 | DN39: 0 | DO39: 51157 | DP39: 133859 | DQ39: 513348 | DR39: 0 | DS39: 0 | DT39: 22425 | DU39: 0 | DV39: 80473 | DW39: 0 | DX39: 12089 | DY39: 59192 | DZ39: 0 | EA39: 77107 | EB39: 9641 | EC39: 3533 | ED39: 57453 | EE39: 61668 | EF39: 27549.82 | EG39: 31187 | EH39: 7700 | EI39: 0 | EJ39: 0 | EK39: 6740 | EL39: 30000 | EM39: 158 | EN39: 0 | EO39: 3885 | EP39: 1184.12 | EQ39: 6493 | ER39: 0 | ES39: 0 | ET39: 10000 | EU39: 1210 | EV39: 0 | EW39: 7000 | EX39: 0 | EY39: 25824 | EZ39: 0 | FA39: 17891 | FB39: -331898 | FC39: 0 | FD39: -10000 | FE39: -31500 | FF39: -117500 | FG39: 0 | FH39: 0 | FI39: 0 | FJ39: -3000 | FK39: 0 | FL39: 0 | FM39: 0 | FN39: 0 | FO39: 0 | FP39: -50 | FQ39: 0 | FR39: -93620.94 | FS39: 0 | FT39: -93620.94 | FU39: 0 | FV39: =+FW39+FX39 -> -29506.85 | FW39: 0 | FX39: -29506.85 | FY39: 0 | FZ39: 0 | GA39: 0 | GB39: 0 | GC39: 2125850 | GD39: =+FW39-FS39 -> 0 | GF39: =SUM(C39:BJ39) -> 2125850 | GG39: 2125850 | GH39: =SUM(DK39:FQ39) -> 2219470.9 | GI39: =+GC39-GG39 -> 0 | GJ39: EA044 | GK39: Llanishen Fach Primary School | GL39: 1862340 | GM39: =+GF39-GL39 -> 263510 | GN39: 1862340 | GO39: =+GH39-GN39 -> 357130.94 | GQ39: 1862340 | GR39: =+GF39-GQ39 -> 263510
A40: EA045 | B40: Llysfaen Primary School | C40: 1291763.2 | D40: 0 | E40: 0 | F40: 0 | G40: 41028.96 | H40: 148103.53 | I40: 194394.47 | J40: 0 | K40: 0 | L40: 7009.89 | M40: 0 | N40: 51483.43 | O40: 0 | P40: 6434.06 | Q40: 76795.78 | R40: 0 | S40: 27303.67 | T40: 8299.55 | U40: 2738.83 | V40: 52171.59 | W40: 38829.98 | X40: 29960 | Y40: 21848.29 | Z40: 13110.46 | AA40: 0 | AB40: 16.49 | AC40: 0 | AD40: 24471.87 | AE40: 0 | AF40: 0 | AG40: 2644.47 | AH40: 0 | AI40: 4517.77 | AJ40: 0 | AK40: 0 | AL40: 9210 | AM40: 996.12 | AN40: 1375 | AO40: 10248.92 | AP40: 0 | AQ40: 65 | AR40: 0 | AS40: 15833.89 | AT40: -10015.542 | AU40: 0 | AV40: -20953.72 | AW40: -14860.55 | AX40: -85333.32 | AY40: -234213.04 | AZ40: 0 | BA40: 0 | BB40: 0 | BC40: -1300.39 | BD40: 1300.39 | BE40: -25781.36 | BF40: -73607.65 | BG40: 0 | BH40: 0 | BI40: 0 | BJ40: 0 | CF40: 29960 | CP40: =+GC40-BZ40-CF40 -> 1585930 | DK40: 1160082 | DL40: 0 | DM40: 0 | DN40: 0 | DO40: 35514 | DP40: 137637 | DQ40: 220563 | DR40: 0 | DS40: 0 | DT40: 6945 | DU40: 0 | DV40: 49771 | DW40: 0 | DX40: 8681 | DY40: 46950 | DZ40: 3373 | EA40: 31813 | EB40: 8174 | EC40: 3337 | ED40: 52861 | EE40: 35737 | EF40: 29960 | EG40: 14719 | EH40: 7814 | EI40: 0 | EJ40: 0 | EK40: 0 | EL40: 20000 | EM40: 108 | EN40: 0 | EO40: 2163 | EP40: 25546.665 | EQ40: 1946 | ER40: 0 | ES40: 0 | ET40: 2000 | EU40: 1100 | EV40: 1278 | EW40: 10269 | EX40: 0 | EY40: 0 | EZ40: 0 | FA40: 18377 | FB40: -211714 | FC40: 0 | FD40: -3000 | FE40: -11000 | FF40: 0 | FG40: 0 | FH40: 0 | FI40: 0 | FJ40: 0 | FK40: 0 | FL40: 0 | FM40: 0 | FN40: 0 | FO40: 0 | FP40: 0 | FQ40: 0 | FR40: -120210.49 | FS40: -25095.82 | FT40: -95114.665 | FU40: 0 | FV40: =+FW40+FX40 -> -22121.86 | FW40: -614.85 | FX40: -21507.01 | FY40: 0 | FZ40: 0 | GA40: 0 | GB40: 0 | GC40: 1615890 | GD40: =+FW40-FS40 -> 24480.97 | GF40: =SUM(C40:BJ40) -> 1615890 | GG40: 1615890 | GH40: =SUM(DK40:FQ40) -> 1711004.7 | GI40: =+GC40-GG40 -> 0 | GJ40: EA045 | GK40: Llysfaen Primary School | GL40: 1415936.7 | GM40: =+GF40-GL40 -> 199953.25 | GN40: 1462513 | GO40: =+GH40-GN40 -> 248491.67 | GQ40: 1415936.8 | GR40: =+GF40-GQ40 -> 199953.25
A41: EA048 | B41: Meadowlane Primary School | C41: 957044.17 | D41: 0 | E41: 0 | F41: 0 | G41: 69961.76 | H41: 47844.29 | I41: 382641.13 | J41: 0 | K41: 0 | L41: 14236.54 | M41: 0 | N41: 50738.79 | O41: 0 | P41: 9194.67 | Q41: 79386.56 | R41: 10927.75 | S41: 33466.85 | T41: 10445.77 | U41: 4514.53 | V41: 59295.54 | W41: 45733.84 | X41: 33972.5 | Y41: 26496.84 | Z41: 9378.61 | AA41: 64.25 | AB41: 200.09 | AC41: 0 | AD41: 14131.04 | AE41: 2590.96 | AF41: 0 | AG41: 1724.82 | AH41: 0 | AI41: 3263.72 | AJ41: 0 | AK41: 0 | AL41: 0 | AM41: 1437.33 | AN41: 15297.05 | AO41: 25613.73 | AP41: 0 | AQ41: 0 | AR41: 0 | AS41: 14158.99 | AT41: -53567.719 | AU41: 0 | AV41: -5447.75 | AW41: -5222.88 | AX41: -55779.79 | AY41: -443880.01 | AZ41: 0 | BA41: 0 | BB41: -1250 | BC41: 0 | BD41: 0 | BE41: 0 | BF41: -63913.97 | BG41: 0 | BH41: 0 | BI41: 0 | BJ41: 0 | CF41: 33972.5 | CP41: =+GC41-BZ41-CF41 -> 1260727.5 | DK41: 914657 | DL41: 0 | DM41: 0 | DN41: 0 | DO41: 35264 | DP41: 50383 | DQ41: 403904 | DR41: 0 | DS41: 0 | DT41: 13012 | DU41: 0 | DV41: 53285 | DW41: 0 | DX41: 6649 | DY41: 33057 | DZ41: 7340 | EA41: 41623 | EB41: 9064 | EC41: 2936 | ED41: 57948 | EE41: 55675 | EF41: 33972.5 | EG41: 29566 | EH41: 8754 | EI41: 1869 | EJ41: 200 | EK41: 0 | EL41: 15000 | EM41: 110 | EN41: 0 | EO41: 3308 | EP41: 1540.035 | EQ41: 6065 | ER41: 0 | ES41: 0 | ET41: 2000 | EU41: 1733 | EV41: 16363 | EW41: 33096 | EX41: 0 | EY41: 0 | EZ41: 0 | FA41: 15208 | FB41: -409010 | FC41: 0 | FD41: 0 | FE41: -3970 | FF41: -34008 | FG41: 0 | FH41: 0 | FI41: 0 | FJ41: 0 | FK41: 0 | FL41: 0 | FM41: 0 | FN41: 0 | FO41: 0 | FP41: 0 | FQ41: 0 | FR41: -111893.53 | FS41: 0 | FT41: -111893.53 | FU41: 0 | FV41: =+FW41+FX41 -> -47979.56 | FW41: 0 | FX41: -47979.56 | FY41: 0 | FZ41: 0 | GA41: 0 | GB41: 0 | GC41: 1294700 | GD41: =+FW41-FS41 -> 0 | GF41: =SUM(C41:BJ41) -> 1294700 | GG41: 1294700 | GH41: =SUM(DK41:FQ41) -> 1406593.5 | GI41: =+GC41-GG41 -> 0 | GJ41: EA048 | GK41: Meadowlane Primary School | GL41: 1339431.9 | GM41: =+GF41-GL41 -> -44731.9 | GN41: 1383897 | GO41: =+GH41-GN41 -> 22696.535 | GQ41: 1339431.9 | GR41: =+GF41-GQ41 -> -44731.9
A42: EA049 | B42: Millbank Primary School | C42: 616023.85 | D42: 0 | E42: 0 | F42: 0 | G42: 61565.3 | H42: 0 | I42: 331359.59 | J42: 0 | K42: 0 | L42: 10095.6 | M42: 0 | N42: 36079.08 | O42: 0 | P42: 7124.56 | Q42: 96261.07 | R42: 9031.2 | S42: 17295.06 | T42: 12398.7 | U42: 1197.74 | V42: 31160.74 | W42: 42417.75 | X42: 22603.75 | Y42: 19957.89 | Z42: 5310.88 | AA42: 6370 | AB42: 0 | AC42: 0 | AD42: 29094.33 | AE42: 0 | AF42: 0 | AG42: 923.41 | AH42: 0 | AI42: 1491.88 | AJ42: 0 | AK42: 0 | AL42: 16097 | AM42: 1355.14 | AN42: 6944.96 | AO42: 10757.87 | AP42: 0 | AQ42: 0 | AR42: 0 | AS42: 13267.59 | AT42: -69557.044 | AU42: 0 | AV42: -100 | AW42: 0 | AX42: -16938 | AY42: -247132.3 | AZ42: 0 | BA42: 0 | BB42: -236.84 | BC42: 0 | BD42: 0 | BE42: 0 | BF42: -24080.76 | BG42: 0 | BH42: 0 | BI42: 0 | BJ42: 0 | CF42: 22603.75 | CP42: =+GC42-BZ42-CF42 -> 1025536.2 | DK42: 613855 | DL42: 0 | DM42: 0 | DN42: 0 | DO42: 25710 | DP42: 0 | DQ42: 342591 | DR42: 0 | DS42: 0 | DT42: 17430 | DU42: 0 | DV42: 35736 | DW42: 0 | DX42: 5450 | DY42: 31293 | DZ42: 9416 | EA42: 17102 | EB42: 14403 | EC42: 0 | ED42: 31054 | EE42: 54385 | EF42: 22603.75 | EG42: 41888 | EH42: 6030 | EI42: 0 | EJ42: 0 | EK42: 0 | EL42: 20000 | EM42: 110 | EN42: 0 | EO42: 1260 | EP42: 13079.128 | EQ42: 3601 | ER42: 0 | ES42: 0 | ET42: 3000 | EU42: 1224 | EV42: 5650 | EW42: 11640 | EX42: 0 | EY42: 0 | EZ42: 0 | FA42: 13650 | FB42: -246090 | FC42: 0 | FD42: -5873 | FE42: 0 | FF42: 0 | FG42: 0 | FH42: 0 | FI42: 0 | FJ42: 0 | FK42: 0 | FL42: 0 | FM42: 0 | FN42: 0 | FO42: 0 | FP42: 0 | FQ42: 0 | FR42: -42057.878 | FS42: 0 | FT42: -42057.878 | FU42: 0 | FV42: =+FW42+FX42 -> -17977.12 | FW42: 0 | FX42: -17977.12 | FY42: 0 | FZ42: 0 | GA42: 0 | GB42: 0 | GC42: 1048140 | GD42: =+FW42-FS42 -> 0 | GF42: =SUM(C42:BJ42) -> 1048140 | GG42: 1048140 | GH42: =SUM(DK42:FQ42) -> 1090197.9 | GI42: =+GC42-GG42 -> 0 | GJ42: EA049 | GK42: Millbank Primary School | GL42: 876891.27 | GM42: =+GF42-GL42 -> 171248.73 | GN42: 928207 | GO42: =+GH42-GN42 -> 161990.88 | GQ42: 876891.27 | GR42: =+GF42-GQ42 -> 171248.73
A43: EA050 | B43: Moorland Primary School | C43: 1184256.3 | D43: 137422.95 | E43: 0 | F43: 0 | G43: 88350.24 | H43: 213778.66 | I43: 375086.51 | J43: 0 | K43: 0 | L43: 26658.51 | M43: 0 | N43: 69223 | O43: 0 | P43: 49651.9 | Q43: 241760.63 | R43: 0 | S43: 30122.12 | T43: 14194.04 | U43: 0 | V43: 54383.93 | W43: 71762.13 | X43: 23272.5 | Y43: 14596.19 | Z43: 6525.41 | AA43: 864.19 | AB43: 13.09 | AC43: 0 | AD43: 21026.55 | AE43: 5796 | AF43: 4027.81 | AG43: 1421.45 | AH43: 0 | AI43: 1066.82 | AJ43: 0 | AK43: 0 | AL43: 2087.77 | AM43: 1341.61 | AN43: 3943.5 | AO43: 5466.42 | AP43: 0 | AQ43: 0 | AR43: 0 | AS43: 18527 | AT43: -202416.08 | AU43: 0 | AV43: -10462.17 | AW43: 0 | AX43: -28191.37 | AY43: -557047.25 | AZ43: 0 | BA43: 0 | BB43: -2500 | BC43: -1101.15 | BD43: 1099.65 | BE43: -21801.54 | BF43: -14227.3 | BG43: 0 | BH43: 0 | BI43: 0 | BJ43: 0 | CF43: 23272.5 | CP43: =+GC43-BZ43-CF43 -> 1806707.5 | DK43: 1295967 | DL43: 138252 | DM43: 0 | DN43: 0 | DO43: 50583 | DP43: 219097 | DQ43: 425689 | DR43: 0 | DS43: 0 | DT43: 31077 | DU43: 0 | DV43: 68054 | DW43: 0 | DX43: 9847 | DY43: 74441 | DZ43: 0 | EA43: 27510 | EB43: 15373 | EC43: 0 | ED43: 55623 | EE43: 70756 | EF43: 23272.5 | EG43: 27945 | EH43: 6615 | EI43: 500 | EJ43: 200 | EK43: 0 | EL43: 25000 | EM43: 90 | EN43: 0 | EO43: 3500 | EP43: -57129.105 | EQ43: 1775 | ER43: 0 | ES43: 0 | ET43: 3000 | EU43: 1331 | EV43: 3560 | EW43: 6300 | EX43: 0 | EY43: 0 | EZ43: 0 | FA43: 19592 | FB43: -594253 | FC43: 0 | FD43: 0 | FE43: 0 | FF43: -62958 | FG43: 0 | FH43: 0 | FI43: 0 | FJ43: 0 | FK43: 0 | FL43: 0 | FM43: -20657 | FN43: 0 | FO43: 0 | FP43: 0 | FQ43: 0 | FR43: -61194.195 | FS43: -21221.8 | FT43: -39972.395 | FU43: 0 | FV43: =+FW43+FX43 -> -26265 | FW43: -519.91 | FX43: -25745.09 | FY43: 0 | FZ43: 0 | GA43: 0 | GB43: 0 | GC43: 1829980 | GD43: =+FW43-FS43 -> 20701.89 | GF43: =SUM(C43:BJ43) -> 1829980 | GG43: 1829980 | GH43: =SUM(DK43:FQ43) -> 1869952.4 | GI43: =+GC43-GG43 -> 0 | GJ43: EA050 | GK43: Moorland Primary School | GL43: 1647511.3 | GM43: =+GF43-GL43 -> 182468.7 | GN43: 1717759 | GO43: =+GH43-GN43 -> 152193.39 | GQ43: 1647511.3 | GR43: =+GF43-GQ43 -> 182468.7
A44: EA052 | B44: Mount Stuart Primary School | C44: 1115663.8 | D44: 0 | E44: 0 | F44: 0 | G44: 122738.24 | H44: 1003.75 | I44: 474459.32 | J44: 0 | K44: 0 | L44: 20786.48 | M44: 0 | N44: 50545.57 | O44: 0 | P44: 32809.81 | Q44: 352966.25 | R44: 0 | S44: 29988.65 | T44: 14343.43 | U44: 1177 | V44: 50235.43 | W44: 75961.08 | X44: 30762.5 | Y44: 26045.56 | Z44: 7919.72 | AA44: 0 | AB44: 0 | AC44: 0 | AD44: 42727.6 | AE44: 3731.9 | AF44: 0 | AG44: 1983.39 | AH44: 0 | AI44: 5063.96 | AJ44: 0 | AK44: 0 | AL44: 6259.89 | AM44: 1643.55 | AN44: 450 | AO44: 12370.94 | AP44: 0 | AQ44: 615.34 | AR44: 0 | AS44: 16246.72 | AT44: -108748.3 | AU44: 0 | AV44: -20859.21 | AW44: -4750 | AX44: -7333.19 | AY44: -545202.71 | AZ44: 0 | BA44: 0 | BB44: -5851.57 | BC44: 0 | BD44: 0 | BE44: 0 | BF44: -67178.62 | BG44: 0 | BH44: 0 | BI44: -2966.33 | BJ44: 0 | CF44: 30762.5 | CP44: =+GC44-BZ44-CF44 -> 1704847.5 | DK44: 1170050 | DL44: 0 | DM44: 0 | DN44: 0 | DO44: 41049 | DP44: 0 | DQ44: 483624 | DR44: 0 | DS44: 0 | DT44: 21490 | DU44: 0 | DV44: 49975 | DW44: 0 | DX44: 9458 | DY44: 192064 | DZ44: 0 | EA44: 29165 | EB44: 14940 | EC44: 1273 | ED44: 55871 | EE44: 69629 | EF44: 30762.5 | EG44: 32077 | EH44: 12562 | EI44: 0 | EJ44: 0 | EK44: 0 | EL44: 30000 | EM44: 3110 | EN44: 0 | EO44: 2000 | EP44: 23117.66 | EQ44: 7580 | ER44: 0 | ES44: 0 | ET44: 3500 | EU44: 1699 | EV44: 700 | EW44: 10500 | EX44: 0 | EY44: 0 | EZ44: 0 | FA44: 17297 | FB44: -492014 | FC44: 0 | FD44: -3000 | FE44: -3500 | FF44: -9900 | FG44: 0 | FH44: 0 | FI44: 0 | FJ44: 0 | FK44: 0 | FL44: 0 | FM44: 0 | FN44: 0 | FO44: 0 | FP44: 0 | FQ44: 0 | FR44: -69469.16 | FS44: 0 | FT44: -69469.16 | FU44: 0 | FV44: =+FW44+FX44 -> -2290.54 | FW44: 0 | FX44: -2290.54 | FY44: 0 | FZ44: 0 | GA44: 0 | GB44: 0 | GC44: 1735610 | GD44: =+FW44-FS44 -> 0 | GF44: =SUM(C44:BJ44) -> 1735610 | GG44: 1735610 | GH44: =SUM(DK44:FQ44) -> 1805079.2 | GI44: =+GC44-GG44 -> 0 | GJ44: EA052 | GK44: Mount Stuart Primary School | GL44: 1653900 | GM44: =+GF44-GL44 -> 81710 | GN44: 1713118 | GO44: =+GH44-GN44 -> 91961.16 | GQ44: 1653900 | GR44: =+GF44-GQ44 -> 81710 | GU44: =319685.39-128730.63 -> 190954.76
A45: EA053 | B45: Ninian Park Primary School | C45: 1641268.4 | D45: 0 | E45: 0 | F45: 0 | G45: 120006.82 | H45: 205544.41 | I45: 502490.81 | J45: 0 | K45: 0 | L45: 31623.78 | M45: 0 | N45: 108195.83 | O45: 0 | P45: 68094.65 | Q45: 141873.74 | R45: 0 | S45: 28503.35 | T45: 9993.91 | U45: 0 | V45: 82780.8 | W45: 70076.61 | X45: 32902.5 | Y45: 28758 | Z45: 9728.94 | AA45: 101.71 | AB45: 816.61 | AC45: 11 | AD45: 18340.19 | AE45: 191.19 | AF45: 0 | AG45: 2208.27 | AH45: 0 | AI45: 5863.33 | AJ45: 0 | AK45: 0 | AL45: 100 | AM45: 1367.82 | AN45: 17935.14 | AO45: 17513.7 | AP45: 0 | AQ45: 0 | AR45: 0 | AS45: 18650.94 | AT45: -61460.028 | AU45: 0 | AV45: 0 | AW45: 0 | AX45: -47591.93 | AY45: -836913.58 | AZ45: 0 | BA45: 0 | BB45: 0 | BC45: 0 | BD45: 0 | BE45: 0 | BF45: -59086.94 | BG45: 0 | BH45: 0 | BI45: 0 | BJ45: 0 | CF45: 32902.5 | CP45: =+GC45-BZ45-CF45 -> 2126987.5 | DK45: 1696071 | DL45: 0 | DM45: 0 | DN45: 0 | DO45: 61463 | DP45: 222952 | DQ45: 520707 | DR45: 0 | DS45: 0 | DT45: 30368 | DU45: 0 | DV45: 114219 | DW45: 0 | DX45: 73032 | DY45: 74780 | DZ45: 0 | EA45: 29011 | EB45: 9679 | EC45: 0 | ED45: 91050 | EE45: 91394 | EF45: 32902.5 | EG45: 35206 | EH45: 10500 | EI45: 0 | EJ45: 0 | EK45: 0 | EL45: 20000 | EM45: 170 | EN45: 0 | EO45: 1750 | EP45: 119.26 | EQ45: 6815 | ER45: 0 | ES45: 0 | ET45: 2000 | EU45: 1366 | EV45: 4500 | EW45: 18690 | EX45: 0 | EY45: 0 | EZ45: 0 | FA45: 19304 | FB45: -768359 | FC45: 0 | FD45: 0 | FE45: 0 | FF45: -48845 | FG45: 0 | FH45: 0 | FI45: 0 | FJ45: 0 | FK45: 0 | FL45: 0 | FM45: 0 | FN45: 0 | FO45: 0 | FP45: 0 | FQ45: 0 | FR45: -190954.76 | FS45: 0 | FT45: -190954.76 | FU45: 0 | FV45: =+FW45+FX45 -> -131867.82 | FW45: 0 | FX45: -131867.82 | FY45: 0 | FZ45: 0 | GA45: 0 | GB45: 0 | GC45: 2159890 | GD45: =+FW45-FS45 -> 0 | GF45: =SUM(C45:BJ45) -> 2159890 | GG45: 2159890 | GH45: =SUM(DK45:FQ45) -> 2350844.8 | GI45: =+GC45-GG45 -> 0 | GJ45: EA053 | GK45: Ninian Park Primary School | GL45: 1985186.8 | GM45: =+GF45-GL45 -> 174703.23 | GN45: 2112657 | GO45: =+GH45-GN45 -> 238187.76 | GQ45: 1985186.8 | GR45: =+GF45-GQ45 -> 174703.23 | GU45: =+#REF!+GU44 -> #REF!
A46: EA054 | B46: Pontprennau Primary School | C46: 1107877.5 | D46: 0 | E46: 0 | F46: 0 | G46: 56149.56 | H46: 281930.15 | I46: 299505.33 | J46: 0 | K46: 0 | L46: 27406 | M46: 0 | N46: 58400.95 | O46: 0 | P46: 10713.46 | Q46: 203851.73 | R46: 1313.64 | S46: 44614.54 | T46: 15729.84 | U46: 4247.47 | V46: 54630.38 | W46: 68441.8 | X46: 64735 | Y46: 26609.98 | Z46: 12453.96 | AA46: 165 | AB46: 149.39 | AC46: 0 | AD46: 43449.16 | AE46: 0 | AF46: 0 | AG46: 2748.89 | AH46: 0 | AI46: 5294.25 | AJ46: 0 | AK46: 0 | AL46: 3125 | AM46: 895.53 | AN46: 8238.59 | AO46: 6184.14 | AP46: 0 | AQ46: 65 | AR46: 0 | AS46: 15992.6 | AT46: -43233.933 | AU46: 0 | AV46: -20991.13 | AW46: -57286.87 | AX46: -900 | AY46: -339811.43 | AZ46: -8952.8 | BA46: 0 | BB46: -3348.69 | BC46: 0 | BD46: 0 | BE46: 0 | BF46: -34594.02 | BG46: 0 | BH46: 0 | BI46: 0 | BJ46: 0 | CF46: 64735 | CP46: =+GC46-BZ46-CF46 -> 1851065 | DK46: 1162827 | DL46: 0 | DM46: 0 | DN46: 0 | DO46: 42932 | DP46: 275363 | DQ46: 288824 | DR46: 0 | DS46: 0 | DT46: 26239 | DU46: 0 | DV46: 57023 | DW46: 0 | DX46: 7000 | DY46: 87151 | DZ46: 4000 | EA46: 41683 | EB46: 14604 | EC46: 3000 | ED46: 57683 | EE46: 75300 | EF46: 64735 | EG46: 77239 | EH46: 9855 | EI46: 0 | EJ46: 0 | EK46: 0 | EL46: 40000 | EM46: 0 | EN46: 0 | EO46: 2162 | EP46: 49910.68 | EQ46: 5100 | ER46: 0 | ES46: 0 | ET46: 3000 | EU46: 2000 | EV46: 4865 | EW46: 6000 | EX46: 0 | EY46: 0 | EZ46: 0 | FA46: 16099 | FB46: -304049 | FC46: 0 | FD46: -17000 | FE46: -60000 | FF46: 0 | FG46: 0 | FH46: 0 | FI46: 0 | FJ46: -700 | FK46: 0 | FL46: 0 | FM46: 0 | FN46: 0 | FO46: 0 | FP46: 0 | FQ46: 0 | FR46: -127045.68 | FS46: 0 | FT46: -127045.68 | FV46: =+FW46+FX46 -> -92451.66 | FW46: 0 | FX46: -92451.66 | FY46: 0 | FZ46: 0 | GA46: 0 | GB46: 0 | GC46: 1915800 | GD46: =+FW46-FS46 -> 0 | GF46: =SUM(C46:BJ46) -> 1915800 | GG46: 1915800 | GH46: =SUM(DK46:FQ46) -> 2042845.7 | GI46: =+GC46-GG46 -> 0 | GJ46: EA054 | GK46: Pontprennau Primary School | GL46: 1116003.6 | GM46: =+GF46-GL46 -> 799796.37 | GN46: 1048817 | GO46: =+GH46-GN46 -> 994028.68 | GQ46: 1116003.6 | GR46: =+GF46-GQ46 -> 799796.37
A47: EA055 | B47: Oakfield Primary School | C47: 1126501.9 | D47: 0 | E47: 0 | F47: 0 | G47: 104206.15 | H47: 102196.84 | I47: 330198.97 | J47: 0 | K47: 0 | L47: 35868.34 | M47: 0 | N47: 53522.18 | O47: 0 | P47: 165945.17 | Q47: 400065.81 | R47: 0 | S47: 8779.99 | T47: 24019.11 | U47: 2400 | V47: 68370.89 | W47: 50011.68 | X47: 35042.5 | Y47: 87354.8 | Z47: 5589.49 | AA47: 0 | AB47: 0 | AC47: 440.25 | AD47: 31856.78 | AE47: 2163.85 | AF47: 0 | AG47: 17188.15 | AH47: 0 | AI47: 2034.45 | AJ47: 0 | AK47: 0 | AL47: 4250 | AM47: 459.95 | AN47: 14543.06 | AO47: 5972.25 | AP47: 0 | AQ47: 0 | AR47: 0 | AS47: 19601.74 | AT47: -65670.811 | AU47: 0 | AV47: -4900 | AW47: 0 | AX47: -4135.52 | AY47: -572298.87 | AZ47: 0 | BA47: 0 | BB47: -10506.58 | BC47: 0 | BD47: 0 | BE47: 0 | BF47: -27162.55 | BG47: 0 | BH47: 0 | BI47: 0 | BJ47: 0 | CF47: 35042.5 | CP47: =+GC47-BZ47-CF47 -> 1978867.5 | DK47: 1084899 | DL47: 0 | DM47: 0 | DN47: 0 | DO47: 43076 | DP47: 138385 | DQ47: 374245 | DR47: 0 | DS47: 0 | DT47: 35053 | DU47: 0 | DV47: 51147 | DW47: 0 | DX47: 179753 | DY47: 387714 | DZ47: 0 | EA47: 22625 | EB47: 23548 | EC47: 2888 | ED47: 74044 | EE47: 58935 | EF47: 35042.5 | EG47: 117930 | EH47: 7718 | EI47: 0 | EJ47: 0 | EK47: 2650 | EL47: 28000 | EM47: 4610 | EN47: 0 | EO47: 17900 | EP47: 77786.275 | EQ47: 7800 | ER47: 0 | ES47: 0 | ET47: 6500 | EU47: 4356 | EV47: 12710 | EW47: 8400 | EX47: 0 | EY47: 0 | EZ47: 0 | FA47: 20970 | FB47: -482898 | FC47: 0 | FD47: 0 | FE47: 0 | FF47: -1950 | FG47: 0 | FH47: 0 | FI47: 0 | FJ47: -2800 | FK47: 0 | FL47: 0 | FM47: 0 | FN47: 0 | FO47: 0 | FP47: 0 | FQ47: 0 | FR47: -327126.78 | FS47: 0 | FT47: -327126.78 | FU47: 0 | FV47: =+FW47+FX47 -> -299964.23 | FW47: 0 | FX47: -299964.23 | FY47: 0 | FZ47: 0 | GA47: 0 | GB47: 0 | GC47: 2013910 | GD47: =+FW47-FS47 -> 0 | GF47: =SUM(C47:BJ47) -> 2013910 | GG47: 2013910 | GH47: =SUM(DK47:FQ47) -> 2341036.8 | GI47: =+GC47-GG47 -> 0 | GJ47: EA055 | GK47: Oakfield Primary School | GL47: 1629882 | GM47: =+GF47-GL47 -> 384028.03 | GN47: 1753352 | GO47: =+GH47-GN47 -> 587684.78 | GQ47: 1629882 | GR47: =+GF47-GQ47 -> 384028.03
A48: EA056 | B48: Pentrebane Primary School | C48: 733689.5 | D48: 612.34 | E48: 149025.98 | F48: 1157.57 | G48: 41410.36 | H48: 389634.08 | I48: 197373.38 | J48: 0 | K48: 0 | L48: 0 | M48: 0 | N48: 32979.9 | O48: 0 | P48: 3732.15 | Q48: 151638.46 | R48: 0 | S48: 16674.41 | T48: 9047.77 | U48: 1606 | V48: 48799.03 | W48: 35310.05 | X48: 11235 | Y48: 12372.87 | Z48: 3803.06 | AA48: 0 | AB48: 0 | AC48: 0 | AD48: 20137.05 | AE48: 7865.38 | AF48: 0 | AG48: 2097.75 | AH48: 0 | AI48: 3959.98 | AJ48: 0 | AK48: 0 | AL48: 1161 | AM48: 2226.59 | AN48: 9887.95 | AO48: 14719.54 | AP48: 0 | AQ48: 9707.26 | AR48: 0 | AS48: 14555.87 | AT48: -44395.804 | AU48: 0 | AV48: -3005 | AW48: 0 | AX48: -64294.74 | AY48: -377440.61 | AZ48: 0 | BA48: 0 | BB48: 0 | BC48: 0 | BD48: 0 | BE48: 0 | BF48: -53994.13 | BG48: 0 | BH48: 0 | BI48: 0 | BJ48: 0 | CF48: 11235 | CP48: =+GC48-BZ48-CF48 -> 1372055 | DK48: 658928 | DL48: 0 | DM48: 134910 | DN48: 0 | DO48: 38690 | DP48: 370282 | DQ48: 173540 | DR48: 0 | DS48: 0 | DT48: 0 | DU48: 0 | DV48: 32265 | DW48: 0 | DX48: 2000 | DY48: 25336 | DZ48: 0 | EA48: 15724 | EB48: 9799 | EC48: 1739 | ED48: 52172 | EE48: 43712 | EF48: 11235 | EG48: 24746 | EH48: 3772 | EI48: 0 | EJ48: 0 | EK48: 0 | EL48: 3500 | EM48: 95 | EN48: 5000 | EO48: 1900 | EP48: 1939.14 | EQ48: 4176 | ER48: 0 | ES48: 0 | ET48: 0 | EU48: 2570 | EV48: 6130 | EW48: 9450 | EX48: 0 | EY48: 30000 | EZ48: 0 | FA48: 15966 | FB48: -315267 | FC48: 0 | FD48: 0 | FE48: 0 | FF48: 0 | FG48: 0 | FH48: 0 | FI48: 0 | FJ48: 0 | FK48: 0 | FL48: 0 | FM48: 0 | FN48: 0 | FO48: 0 | FP48: 0 | FQ48: 0 | FR48: 18980.86 | FS48: 0 | FT48: 18980.86 | FU48: 0 | FV48: =+FW48+FX48 -> 72974.99 | FW48: 0 | FX48: 72974.99 | FY48: 0 | FZ48: 0 | GA48: 0 | GB48: 0 | GC48: 1383290 | GD48: =+FW48-FS48 -> 0 | GF48: =SUM(C48:BJ48) -> 1383290 | GG48: 1383290 | GH48: =SUM(DK48:FQ48) -> 1364309.1 | GI48: =+GC48-GG48 -> 0 | GJ48: EA056 | GK48: Pentrebane Primary School | GL48: 1210160.6 | GM48: =+GF48-GL48 -> 173129.37 | GN48: 1269633 | GO48: =+GH48-GN48 -> 94676.14 | GQ48: 1210160.6 | GR48: =+GF48-GQ48 -> 173129.37
A49: EA057 | B49: Pentyrch Primary School | C49: 524258.48 | D49: 0 | E49: 0 | F49: 0 | G49: 19109.59 | H49: 0 | I49: 61976.06 | J49: 0 | K49: 0 | L49: 7321.11 | M49: 0 | N49: 38877.05 | O49: 0 | P49: 3840 | Q49: 57617.64 | R49: 0 | S49: 37109.61 | T49: 6661.5 | U49: 1727.5 | V49: 21173.17 | W49: 32131.33 | X49: 11636.25 | Y49: 27242.92 | Z49: 1833.01 | AA49: 0 | AB49: 0 | AC49: 0 | AD49: 8859.78 | AE49: 0 | AF49: 0 | AG49: 1560.94 | AH49: 0 | AI49: 2759.8 | AJ49: 0 | AK49: 0 | AL49: 4910.26 | AM49: 0 | AN49: 626.65 | AO49: 2505.36 | AP49: 0 | AQ49: 0 | AR49: 0 | AS49: 11665 | AT49: -33093.367 | AU49: 0 | AV49: -2150.84 | AW49: 0 | AX49: -6750 | AY49: -94671.163 | AZ49: 0 | BA49: 0 | BB49: -2500 | BC49: 0 | BD49: 0 | BE49: 0 | BF49: -47117.64 | BG49: 0 | BH49: 0 | BI49: 0 | BJ49: 0 | CF49: 11636.25 | CP49: =+GC49-BZ49-CF49 -> 687483.75 | DK49: 533122 | DL49: 0 | DM49: 0 | DN49: 0 | DO49: 13031 | DP49: 0 | DQ49: 74753 | DR49: 0 | DS49: 0 | DT49: 7070 | DU49: 0 | DV49: 35154 | DW49: 0 | DX49: 4951 | DY49: 28732 | DZ49: 0 | EA49: 34734 | EB49: 6156 | EC49: 1640 | ED49: 23137 | EE49: 30971 | EF49: 11636.25 | EG49: 11614 | EH49: 2244 | EI49: 0 | EJ49: 0 | EK49: 0 | EL49: 10000 | EM49: 108 | EN49: 0 | EO49: 2200 | EP49: -85747.627 | EQ49: 2500 | ER49: 0 | ES49: 0 | ET49: 2300 | EU49: 1100 | EV49: 0 | EW49: 1850 | EX49: 0 | EY49: 0 | EZ49: 0 | FA49: 12840 | FB49: -83251 | FC49: 0 | FD49: 0 | FE49: 0 | FF49: -4500 | FG49: 0 | FH49: 0 | FI49: 0 | FJ49: -700 | FK49: 0 | FL49: 0 | FM49: 0 | FN49: 0 | FO49: 0 | FP49: 0 | FQ49: 0 | FR49: 21475.377 | FS49: 0 | FT49: 21475.377 | FU49: 0 | FV49: =+FW49+FX49 -> 68593.02 | FW49: 0 | FX49: 68593.02 | FY49: 0 | FZ49: 0 | GA49: 0 | GB49: 0 | GC49: 699120 | GD49: =+FW49-FS49 -> 0 | GF49: =SUM(C49:BJ49) -> 699120 | GG49: 699120 | GH49: =SUM(DK49:FQ49) -> 677644.62 | GI49: =+GC49-GG49 -> 0 | GJ49: EA057 | GK49: Pentyrch Primary School | GL49: 598040.65 | GM49: =+GF49-GL49 -> 101079.35 | GN49: 621578 | GO49: =+GH49-GN49 -> 56066.623 | GQ49: 598040.65 | GR49: =+GF49-GQ49 -> 101079.35
A50: EA058 | B50: Pen-y-Bryn Primary School | C50: 661188.47 | D50: 0 | E50: 0 | F50: 0 | G50: 60313.57 | H50: 0 | I50: 409642.64 | J50: 0 | K50: 0 | L50: 7318.43 | M50: 0 | N50: 45673.72 | O50: 0 | P50: 3402.37 | Q50: 44084.98 | R50: 8837.73 | S50: 26095.56 | T50: 9338.96 | U50: 1118.51 | V50: 39625.38 | W50: 37456.04 | X50: 21400 | Y50: 71927.87 | Z50: 3437.98 | AA50: 0 | AB50: 0 | AC50: 0 | AD50: 12212.88 | AE50: 200 | AF50: 965.11 | AG50: 1637.67 | AH50: 0 | AI50: 6036.02 | AJ50: 0 | AK50: 0 | AL50: 5153.07 | AM50: 1010.05 | AN50: 3820.1 | AO50: 6203.14 | AP50: 0 | AQ50: 0 | AR50: 0 | AS50: 12905.73 | AT50: -32715.979 | AU50: 0 | AV50: -11427.66 | AW50: 0 | AX50: -76649.72 | AY50: -275727.58 | AZ50: 0 | BA50: 0 | BB50: 0 | BC50: 0 | BD50: 0 | BE50: 0 | BF50: 35594.96 | BG50: 0 | BH50: 0 | BI50: 0 | BJ50: 0 | CF50: 21400 | CP50: =+GC50-BZ50-CF50 -> 1118680 | DK50: 690178 | DL50: 0 | DM50: 0 | DN50: 0 | DO50: 27707 | DP50: 0 | DQ50: 403528 | DR50: 0 | DS50: 0 | DT50: 7502 | DU50: 0 | DV50: 44936 | DW50: 0 | DX50: 5003 | DY50: 24086 | DZ50: 0 | EA50: 28116 | EB50: 9005 | EC50: 1584 | ED50: 48392 | EE50: 40327 | EF50: 21400 | EG50: 18393 | EH50: 3428 | EI50: 0 | EJ50: 0 | EK50: 0 | EL50: 13000 | EM50: 2500 | EN50: 0 | EO50: 2100 | EP50: 32749.65 | EQ50: 5805 | ER50: 0 | ES50: 0 | ET50: 5500 | EU50: 1100 | EV50: 4450 | EW50: 6489 | EX50: 0 | EY50: 0 | EZ50: 0 | FA50: 13680 | FB50: -248557 | FC50: 0 | FD50: -1000 | FE50: 0 | FF50: 0 | FG50: 0 | FH50: 0 | FI50: 0 | FJ50: 0 | FK50: 0 | FL50: 0 | FM50: 0 | FN50: 0 | FO50: 0 | FP50: 0 | FQ50: 0 | FR50: -71321.65 | FS50: 0 | FT50: -71321.65 | FU50: 0 | FV50: =+FW50+FX50 -> -106916.61 | FW50: 0 | FX50: -106916.61 | FY50: 0 | FZ50: 0 | GA50: 0 | GB50: 0 | GC50: 1140080 | GD50: =+FW50-FS50 -> 0 | GF50: =SUM(C50:BJ50) -> 1140080 | GG50: 1140080 | GH50: =SUM(DK50:FQ50) -> 1211401.6 | GI50: =+GC50-GG50 -> 0 | GJ50: EA058 | GK50: Pen-y-Bryn Primary School | GL50: 895770 | GM50: =+GF50-GL50 -> 244310 | GN50: 1002551 | GO50: =+GH50-GN50 -> 208850.65 | GQ50: 895770 | GR50: =+GF50-GQ50 -> 244310
A51: EA059 | B51: Peter Lea Primary School | C51: 908358.19 | D51: 40063.28 | E51: 0 | F51: 0 | G51: 58728.28 | H51: 119811.24 | I51: 191241.22 | J51: 0 | K51: 0 | L51: 28181.76 | M51: 0 | N51: 61935.78 | O51: 0 | P51: 24453.99 | Q51: 67578.56 | R51: 0 | S51: 43113.82 | T51: 9848.26 | U51: 224.04 | V51: 52360.21 | W51: 51888.92 | X51: 19928.75 | Y51: 14343.61 | Z51: 7244.72 | AA51: 0 | AB51: 0 | AC51: 301.61 | AD51: 20213.3 | AE51: 8875.16 | AF51: 0 | AG51: 1663.34 | AH51: 0 | AI51: 1439.84 | AJ51: 0 | AK51: 0 | AL51: 1163.75 | AM51: 1560.22 | AN51: 315.5 | AO51: 29595.75 | AP51: 0 | AQ51: 142632.4 | AR51: 0 | AS51: 15005.03 | AT51: -51182.871 | AU51: 0 | AV51: -7117.02 | AW51: 0 | AX51: -143892.4 | AY51: -356826.98 | AZ51: 0 | BA51: 0 | BB51: -4338.3 | BC51: 0 | BD51: 0 | BE51: 0 | BF51: -16602.96 | BG51: 0 | BH51: 0 | BI51: 0 | BJ51: 0 | CF51: 19928.75 | CP51: =+GC51-BZ51-CF51 -> 1322181.2 | DK51: 906332 | DL51: 40318 | DM51: 0 | DN51: 0 | DO51: 33757 | DP51: 115472 | DQ51: 193824 | DR51: 0 | DS51: 0 | DT51: 27491 | DU51: 0 | DV51: 63243 | DW51: 0 | DX51: 33676 | DY51: 55557 | DZ51: 0 | EA51: 45180 | EB51: 9308 | EC51: 0 | ED51: 52568 | EE51: 48227 | EF51: 19928.75 | EG51: 26212 | EH51: 4020 | EI51: 0 | EJ51: 0 | EK51: 0 | EL51: 11000 | EM51: 7000 | EN51: 0 | EO51: 1915 | EP51: -27197.38 | EQ51: 3935 | ER51: 0 | ES51: 0 | ET51: 1000 | EU51: 1000 | EV51: 630 | EW51: 13160 | EX51: 0 | EY51: 0 | EZ51: 0 | FA51: 16117 | FB51: -263769 | FC51: 0 | FD51: 0 | FE51: 0 | FF51: 0 | FG51: 0 | FH51: 0 | FI51: 0 | FJ51: -4522 | FK51: 0 | FL51: 0 | FM51: 0 | FN51: 0 | FO51: 0 | FP51: 0 | FQ51: 0 | FR51: -93272.37 | FS51: 0 | FT51: -93272.37 | FU51: 0 | FV51: =+FW51+FX51 -> -76669.41 | FW51: 0 | FX51: -76669.41 | FY51: 0 | FZ51: 0 | GA51: 0 | GB51: 0 | GC51: 1342110 | GD51: =+FW51-FS51 -> 0 | GF51: =SUM(C51:BJ51) -> 1342110 | GG51: 1342110 | GH51: =SUM(DK51:FQ51) -> 1435382.4 | GI51: =+GC51-GG51 -> 0 | GJ51: EA059 | GK51: Peter Lea Primary School | GL51: 1293090 | GM51: =+GF51-GL51 -> 49020 | GN51: 1382062 | GO51: =+GH51-GN51 -> 53320.37 | GQ51: 1293090 | GR51: =+GF51-GQ51 -> 49020
A52: EA060 | B52: Radnor Primary School | C52: 811893.05 | D52: 0 | E52: 0 | F52: 302.91 | G52: 48795.14 | H52: 72402.29 | I52: 140158.18 | J52: 0 | K52: 0 | L52: 37652.93 | M52: 0 | N52: 42193.53 | O52: 0 | P52: 7473.93 | Q52: 44817.79 | R52: 0 | S52: 20484.66 | T52: 16969.46 | U52: 0 | V52: 56482.27 | W52: 45441.38 | X52: 18323.75 | Y52: 24051.55 | Z52: 6871.56 | AA52: 0 | AB52: 0 | AC52: 0 | AD52: 25338.84 | AE52: 0 | AF52: 0 | AG52: 1909.54 | AH52: 0 | AI52: 2422.73 | AJ52: 0 | AK52: 0 | AL52: 16974.91 | AM52: 1001.21 | AN52: 5722.5 | AO52: 1814.95 | AP52: 0 | AQ52: 0 | AR52: 0 | AS52: 14847.5 | AT52: -34467.488 | AU52: 0 | AV52: -5027.21 | AW52: 0 | AX52: -11169.37 | AY52: -262300.8 | AZ52: 0 | BA52: 0 | BB52: -2500 | BC52: 0 | BD52: 0 | BE52: 0 | BF52: -86041.69 | BG52: 0 | BH52: 0 | BI52: 0 | BJ52: 0 | CF52: 18323.75 | CP52: =+GC52-BZ52-CF52 -> 1044516.2 | DK52: 810646 | DL52: 0 | DM52: 0 | DN52: 0 | DO52: 26506 | DP52: 86521 | DQ52: 124327 | DR52: 0 | DS52: 0 | DT52: 32436 | DU52: 0 | DV52: 39818 | DW52: 0 | DX52: 8343 | DY52: 18050 | DZ52: 0 | EA52: 21798 | EB52: 16314 | EC52: 0 | ED52: 57843 | EE52: 46888 | EF52: 18323.75 | EG52: 23713 | EH52: 3938 | EI52: 0 | EJ52: 100 | EK52: 0 | EL52: 31000 | EM52: 590 | EN52: 0 | EO52: 2500 | EP52: -43529.243 | EQ52: 2885 | ER52: 0 | ES52: 0 | ET52: 3000 | EU52: 1100 | EV52: 6230 | EW52: 3254 | EX52: 0 | EY52: 500 | EZ52: 0 | FA52: 15341 | FB52: -191224 | FC52: 0 | FD52: 0 | FE52: 0 | FF52: -5000 | FG52: 0 | FH52: 0 | FI52: 0 | FJ52: 0 | FK52: 0 | FL52: 0 | FM52: 0 | FN52: 0 | FO52: 0 | FP52: -14671 | FQ52: 0 | FR52: -84700.508 | FS52: 0 | FT52: -84700.508 | FU52: 0 | FV52: =+FW52+FX52 -> 1341.18 | FW52: 0 | FX52: 1341.18 | FY52: 0 | FZ52: 0 | GA52: 0 | GB52: 0 | GC52: 1062840 | GD52: =+FW52-FS52 -> 0 | GF52: =SUM(C52:BJ52) -> 1062840 | GG52: 1062840 | GH52: =SUM(DK52:FQ52) -> 1147540.5 | GI52: =+GC52-GG52 -> 0 | GJ52: EA060 | GK52: Radnor Primary School | GL52: 1124511 | GM52: =+GF52-GL52 -> -61671.03 | GN52: 1159910 | GO52: =+GH52-GN52 -> -12369.493 | GQ52: 1124511 | GR52: =+GF52-GQ52 -> -61671.03
A53: EA061 | B53: Radyr Primary School | C53: 1268781.3 | D53: 0 | E53: 0 | F53: 131647.71 | G53: 52643.21 | H53: 127343.41 | I53: 292023.93 | J53: 0 | K53: 0 | L53: 15369.57 | M53: 0 | N53: 61090.87 | O53: 0 | P53: 2219 | Q53: 45351.95 | R53: 0 | S53: 28129.05 | T53: 0 | U53: 806.32 | V53: 38063.03 | W53: 47348.29 | X53: 18323.75 | Y53: 19663.25 | Z53: 6109.95 | AA53: 0 | AB53: 826.7 | AC53: 0 | AD53: 27745.41 | AE53: 5359.72 | AF53: 0 | AG53: 8535.8 | AH53: 0 | AI53: 3588.67 | AJ53: 0 | AK53: 0 | AL53: 2580 | AM53: 1478.64 | AN53: 595 | AO53: 7909.68 | AP53: 0 | AQ53: 0 | AR53: 0 | AS53: 14165.05 | AT53: -10179.941 | AU53: 0 | AV53: -2640.47 | AW53: -26849.71 | AX53: -210313.69 | AY53: -327820.06 | AZ53: 0 | BA53: 0 | BB53: -2316.8 | BC53: 0 | BD53: 0 | BE53: 0 | BF53: -53318.57 | BG53: 0 | BH53: 0 | BI53: 0 | BJ53: 0 | CF53: 18323.75 | CP53: =+GC53-BZ53-CF53 -> 1575936.2 | DK53: 1201838 | DL53: 0 | DM53: 0 | DN53: 22880 | DO53: 36909 | DP53: 112917 | DQ53: 281911 | DR53: 0 | DS53: 0 | DT53: 14697 | DU53: 0 | DV53: 58387 | DW53: 0 | DX53: 9679 | DY53: 43334 | DZ53: 0 | EA53: 26280 | EB53: 0 | EC53: 3708 | ED53: 37268 | EE53: 50420 | EF53: 18323.75 | EG53: 28146 | EH53: 5133 | EI53: 0 | EJ53: 0 | EK53: 0 | EL53: 15000 | EM53: 5000 | EN53: 0 | EO53: 4847 | EP53: 640.9275 | EQ53: 7035 | ER53: 0 | ES53: 0 | ET53: 3000 | EU53: 1335 | EV53: 905 | EW53: 8143 | EX53: 0 | EY53: 0 | EZ53: 0 | FA53: 15799 | FB53: -204591 | FC53: 0 | FD53: -12000 | FE53: -26000 | FF53: -81148 | FG53: 0 | FH53: -10000 | FI53: 0 | FJ53: 0 | FK53: 0 | FL53: 0 | FM53: 0 | FN53: 0 | FO53: 0 | FP53: 0 | FQ53: 0 | FR53: -85536.678 | FS53: 0 | FT53: -85536.678 | FU53: 0 | FV53: =+FW53+FX53 -> -32218.11 | FW53: 0 | FX53: =7785.89-40004 -> -32218.11 | FY53: 0 | FZ53: 0 | GA53: 0 | GB53: 0 | GC53: 1594260 | GD53: =+FW53-FS53 -> 0 | GF53: =SUM(C53:BJ53) -> 1594260 | GG53: 1594260 | GH53: =SUM(DK53:FQ53) -> 1679796.7 | GI53: =+GC53-GG53 -> 0 | GJ53: EA061 | GK53: Radyr Primary School | GL53: 1417291 | GM53: =+GF53-GL53 -> 176968.97 | GN53: 1503503 | GO53: =+GH53-GN53 -> 176293.68 | GQ53: 1417291 | GR53: =+GF53-GQ53 -> 176968.97 | GU53: =85536.68-45532.68 -> 40004
A54: EA062 | B54: Rhiwbeina Primary School | C54: 1602588.3 | D54: 0 | E54: 0 | F54: 38775.59 | G54: 85711.85 | H54: 140213.07 | I54: 416106.05 | J54: 0 | K54: 0 | L54: 67740.57 | M54: 0 | N54: 60872.85 | O54: 0 | P54: 355 | Q54: 89149.12 | R54: 0 | S54: 38407.71 | T54: 19822.6 | U54: 9310 | V54: 59305.22 | W54: 38979.02 | X54: 43870 | Y54: 34963.33 | Z54: 2728.74 | AA54: 0 | AB54: 0 | AC54: 0 | AD54: 33860.79 | AE54: 1722.03 | AF54: 0 | AG54: 3936.55 | AH54: 0 | AI54: 13421.52 | AJ54: 0 | AK54: 0 | AL54: 4550 | AM54: 1114.61 | AN54: 1235.75 | AO54: 11928.54 | AP54: 0 | AQ54: 0 | AR54: 0 | AS54: 17702.77 | AT54: -62964.661 | AU54: 0 | AV54: -17190 | AW54: 0 | AX54: 0 | AY54: -350544.74 | AZ54: 0 | BA54: 0 | BB54: 0 | BC54: 0 | BD54: 0 | BE54: 0 | BF54: -51192.15 | BG54: 0 | BH54: 0 | BI54: 0 | BJ54: 0 | CF54: 43870 | CP54: =+GC54-BZ54-CF54 -> 2312610 | DK54: 1637578 | DL54: 0 | DM54: 0 | DN54: 5000 | DO54: 52602 | DP54: 112796 | DQ54: 406393 | DR54: 0 | DS54: 0 | DT54: 61077 | DU54: 0 | DV54: 60521 | DW54: 0 | DX54: 12649 | DY54: 44822 | DZ54: 0 | EA54: 38068 | EB54: 15427 | EC54: 9600 | ED54: 71518 | EE54: 46512 | EF54: 43870 | EG54: 41716 | EH54: 3316 | EI54: 0 | EJ54: 0 | EK54: 0 | EL54: 40000 | EM54: 170 | EN54: 0 | EO54: 2250 | EP54: 118218.41 | EQ54: 4300 | ER54: 0 | ES54: 0 | ET54: 2000 | EU54: 1100 | EV54: 525 | EW54: 15000 | EX54: 0 | EY54: 0 | EZ54: 0 | FA54: 17983 | FB54: -274496 | FC54: 0 | FD54: 0 | FE54: -1000 | FF54: 0 | FG54: 0 | FH54: 0 | FI54: 0 | FJ54: 0 | FK54: 0 | FL54: 0 | FM54: 0 | FN54: 0 | FO54: 0 | FP54: 0 | FQ54: 0 | FR54: -233035.41 | FS54: 9.9475983e-13 | FT54: -233035.41 | FU54: 0 | FV54: =+FW54+FX54 -> -181843.26 | FW54: 0 | FX54: -181843.26 | FY54: 0 | FZ54: 0 | GA54: 0 | GB54: 0 | GC54: 2356480 | GD54: =+FW54-FS54 -> -9.9475983e-13 | GF54: =SUM(C54:BJ54) -> 2356480 | GG54: 2356480 | GH54: =SUM(DK54:FQ54) -> 2589515.4 | GI54: =+GC54-GG54 -> 0 | GJ54: EA062 | GK54: Rhiwbeina Primary School | GL54: 2125732.5 | GM54: =+GF54-GL54 -> 230747.54 | GN54: 2247265 | GO54: =+GH54-GN54 -> 342250.41 | GQ54: 2125732.5 | GR54: =+GF54-GQ54 -> 230747.54
A55: EA063 | B55: Rhydypenau Primary School | C55: 1115820.7 | D55: 0 | E55: 0 | F55: 29.82 | G55: 78145.3 | H55: 44561.93 | I55: 304378.58 | J55: 0 | K55: 0 | L55: 17401.25 | M55: 0 | N55: 41058.82 | O55: 0 | P55: 9118.49 | Q55: 135443.68 | R55: 0 | S55: 34751.88 | T55: 0 | U55: 6753.01 | V55: 61467.07 | W55: 55502.92 | X55: 26750 | Y55: 20688.57 | Z55: 5084.95 | AA55: 0 | AB55: 226.82 | AC55: 409.45 | AD55: 27209.26 | AE55: 1333.5 | AF55: 0 | AG55: 0 | AH55: 0 | AI55: 4246.7 | AJ55: 0 | AK55: 0 | AL55: 4180 | AM55: 1123.67 | AN55: 22570.88 | AO55: 11665.97 | AP55: 0 | AQ55: 0 | AR55: 0 | AS55: 17380.96 | AT55: -55678.051 | AU55: 0 | AV55: -36515.24 | AW55: -13236.27 | AX55: -7199.98 | AY55: -261494.29 | AZ55: 0 | BA55: 0 | BB55: -3830 | BC55: 0 | BD55: 0 | BE55: 0 | BF55: -6908.93 | BG55: 0 | BH55: 0 | BI55: -2671.44 | BJ55: 0 | CF55: 26750 | CP55: =+GC55-BZ55-CF55 -> 1633020 | DK55: 1142676 | DL55: 0 | DM55: 0 | DN55: 0 | DO55: 36152 | DP55: 44198 | DQ55: 329832 | DR55: 0 | DS55: 0 | DT55: 17284 | DU55: 0 | DV55: 61318 | DW55: 0 | DX55: 9420 | DY55: 72471 | DZ55: 0 | EA55: 35276 | EB55: 0 | EC55: 5100 | ED55: 59484 | EE55: 69025 | EF55: 26750 | EG55: 29340 | EH55: 6100 | EI55: 0 | EJ55: 250 | EK55: 1000 | EL55: 10000 | EM55: 1110 | EN55: 0 | EO55: 300 | EP55: 37.78 | EQ55: 2000 | ER55: 0 | ES55: 0 | ET55: 2500 | EU55: 1135 | EV55: 16690 | EW55: 14500 | EX55: 0 | EY55: 0 | EZ55: 0 | FA55: 17652 | FB55: -224477 | FC55: 0 | FD55: 0 | FE55: -8500 | FF55: -10000 | FG55: 0 | FH55: 0 | FI55: 0 | FJ55: 0 | FK55: 0 | FL55: 0 | FM55: 0 | FN55: 0 | FO55: 0 | FP55: -100 | FQ55: 0 | FR55: -108753.78 | FS55: 0 | FT55: -108753.78 | FU55: 0 | FV55: =+FW55+FX55 -> -101844.85 | FW55: 0 | FX55: -101844.85 | FY55: 0 | FZ55: 0 | GA55: 0 | GB55: 0 | GC55: 1659770 | GD55: =+FW55-FS55 -> 0 | GF55: =SUM(C55:BJ55) -> 1659770 | GG55: 1659770 | GH55: =SUM(DK55:FQ55) -> 1768523.8 | GI55: =+GC55-GG55 -> 0 | GJ55: EA063 | GK55: Rhydypenau Primary School | GL55: 1600117.5 | GM55: =+GF55-GL55 -> 59652.5 | GN55: 1688990 | GO55: =+GH55-GN55 -> 79533.78 | GQ55: 1600117.5 | GR55: =+GF55-GQ55 -> 59652.5
A56: EA064 | B56: Roath Park Primary School | C56: 1250847.9 | D56: 39942.88 | E56: 0 | F56: 0 | G56: 0 | H56: 206820.24 | I56: 294846.4 | J56: 0 | K56: 0 | L56: 36067.17 | M56: 0 | N56: 42627.16 | O56: 0 | P56: 8685.72 | Q56: 48878.45 | R56: 3758 | S56: 25422.84 | T56: 14836 | U56: 0 | V56: 53468.7 | W56: 43566.87 | X56: 22103.52 | Y56: 12761.62 | Z56: 8817.51 | AA56: 0 | AB56: 0 | AC56: 2460.54 | AD56: 20612.85 | AE56: -781.67 | AF56: 0 | AG56: 61.75 | AH56: 0 | AI56: 4295.05 | AJ56: 0 | AK56: 0 | AL56: 17313.12 | AM56: 1931.76 | AN56: 24201.06 | AO56: 3750.66 | AP56: 0 | AQ56: 0 | AR56: 0 | AS56: 16036.82 | AT56: -30064.508 | AU56: 0 | AV56: -14468.4 | AW56: -4249 | AX56: -13355 | AY56: -349732.99 | AZ56: 0 | BA56: 0 | BB56: -19243.42 | BC56: 0 | BD56: 0 | BE56: 0 | BF56: -58684.76 | BG56: 0 | BH56: 0 | BI56: -5104.86 | BJ56: 0 | CF56: 22103.52 | CP56: =+GC56-BZ56-CF56 -> 1686326.5 | DK56: 1249575 | DL56: 39580 | DM56: 0 | DN56: 0 | DO56: 0 | DP56: 196059 | DQ56: 310130 | DR56: 0 | DS56: 0 | DT56: 38154 | DU56: 0 | DV56: 40602 | DW56: 0 | DX56: 21031 | DY56: 65215 | DZ56: 3555 | EA56: 26281 | EB56: 10157 | EC56: 26000 | ED56: 56367 | EE56: 66027 | EF56: 22103.52 | EG56: 7827 | EH56: 6300 | EI56: 0 | EJ56: 0 | EK56: 5400 | EL56: 28350 | EM56: 8110 | EN56: 0 | EO56: 120 | EP56: -1010.63 | EQ56: 3691 | ER56: 0 | ES56: 0 | ET56: 7000 | EU56: 1260 | EV56: 18763 | EW56: 4326 | EX56: 0 | EY56: 0 | EZ56: 0 | FA56: 17808 | FB56: -324990 | FC56: 0 | FD56: -3688 | FE56: -3515 | FF56: -15000 | FG56: 0 | FH56: 0 | FI56: 0 | FJ56: 0 | FK56: 0 | FL56: 0 | FM56: 0 | FN56: 0 | FO56: 0 | FP56: 0 | FQ56: 0 | FR56: -223157.89 | FS56: 0 | FT56: -223157.89 | FU56: 0 | FV56: =+FW56+FX56 -> -164473.13 | FW56: 0 | FX56: -164473.13 | FY56: 0 | FZ56: 0 | GA56: 0 | GB56: 0 | GC56: 1708430 | GD56: =+FW56-FS56 -> 0 | GF56: =SUM(C56:BJ56) -> 1708430 | GG56: 1708430 | GH56: =SUM(DK56:FQ56) -> 1931587.9 | GI56: =+GC56-GG56 -> 0 | GJ56: EA064 | GK56: Roath Park Primary School | GL56: 1515990 | GM56: =+GF56-GL56 -> 192440 | GN56: 1565322 | GO56: =+GH56-GN56 -> 366265.89 | GQ56: 1515990 | GR56: =+GF56-GQ56 -> 192440
A57: EA065 | B57: Rumney Primary School | C57: 1203007.7 | D57: 56853.44 | E57: 0 | F57: 0 | G57: 99891.67 | H57: 0.07 | I57: 492498.66 | J57: 0 | K57: 0 | L57: 23969.26 | M57: 0 | N57: 73587.18 | O57: 0 | P57: 15940 | Q57: 97417.34 | R57: 0 | S57: 32744.31 | T57: 17058.72 | U57: 3201.96 | V57: 60473.13 | W57: 63130.28 | X57: 24476.25 | Y57: 21341.34 | Z57: 9021.46 | AA57: 65.3 | AB57: 0 | AC57: 0 | AD57: 38596 | AE57: 0 | AF57: 0 | AG57: 2527.5 | AH57: 0 | AI57: 15116.86 | AJ57: 0 | AK57: 0 | AL57: 9914.5 | AM57: 1001.16 | AN57: 9532.03 | AO57: 14346.52 | AP57: 0 | AQ57: 65 | AR57: 0 | AS57: 16069.04 | AT57: -127352.95 | AU57: 0 | AV57: -7817.43 | AW57: 0 | AX57: -931.47 | AY57: -387902.76 | AZ57: 0 | BA57: 0 | BB57: -1250 | BC57: 0 | BD57: 1.5 | BE57: 0 | BF57: -134043.61 | BG57: 0 | BH57: 0 | BI57: 0 | BJ57: 0 | CF57: 24476.25 | CP57: =+GC57-BZ57-CF57 -> 1718073.8 | DK57: 1226477 | DL57: 57108 | DM57: 0 | DN57: 0 | DO57: 43204 | DP57: 0 | DQ57: 512610 | DR57: 0 | DS57: 0 | DT57: 22778 | DU57: 0 | DV57: 72962 | DW57: 0 | DX57: 9465 | DY57: 63725 | DZ57: 0 | EA57: 31883 | EB57: 15638 | EC57: 3202 | ED57: 68566 | EE57: 67154 | EF57: 24476.25 | EG57: 17831 | EH57: 7699 | EI57: 0 | EJ57: 100 | EK57: 0 | EL57: 35000 | EM57: 110 | EN57: 0 | EO57: 4000 | EP57: -47798.538 | EQ57: 6620 | ER57: 0 | ES57: 0 | ET57: 2000 | EU57: 1008 | EV57: 8792 | EW57: 16000 | EX57: 0 | EY57: 0 | EZ57: 0 | FA57: 16840 | FB57: -406390 | FC57: 0 | FD57: 0 | FE57: 0 | FF57: 0 | FG57: 0 | FH57: 0 | FI57: 0 | FJ57: 0 | FK57: 0 | FL57: 0 | FM57: 0 | FN57: 0 | FO57: 0 | FP57: 0 | FQ57: 0 | FR57: -138569.69 | FS57: -59.98 | FT57: -138509.71 | FU57: 0 | FV57: =+FW57+FX57 -> -4527.58 | FW57: -61.48 | FX57: -4466.1 | FY57: 0 | FZ57: 0 | GA57: 0 | GB57: 0 | GC57: 1742550 | GD57: =+FW57-FS57 -> -1.5 | GF57: =SUM(C57:BJ57) -> 1742550 | GG57: 1742550 | GH57: =SUM(DK57:FQ57) -> 1881059.7 | GI57: =+GC57-GG57 -> 0 | GJ57: EA065 | GK57: Rumney Infant School | GL57: 1621281.4 | GM57: =+GF57-GL57 -> 121268.63 | GN57: 1648527 | GO57: =+GH57-GN57 -> 232532.71 | GQ57: 1621281.4 | GR57: =+GF57-GQ57 -> 121268.63
A58: EA068 | B58: Severn Primary School | C58: 1224691.9 | D58: 71304.6 | E58: 0 | F58: 0 | G58: 70247.3 | H58: 180187.72 | I58: 448167.75 | J58: 0 | K58: 0 | L58: 5081.25 | M58: 0 | N58: 53839.3 | O58: 0 | P58: 38698.2 | Q58: 78463.15 | R58: 0 | S58: 35017.09 | T58: 15731.52 | U58: 0 | V58: 71331.42 | W58: 68707.22 | X58: 28355 | Y58: 22726.13 | Z58: 7216.88 | AA58: 0 | AB58: 0 | AC58: 0 | AD58: 25671.39 | AE58: 0 | AF58: 0 | AG58: 2709.49 | AH58: 0 | AI58: 2725.67 | AJ58: 0 | AK58: 0 | AL58: 15262.79 | AM58: 1331.9 | AN58: 12113.99 | AO58: 15653.1 | AP58: 0 | AQ58: 0 | AR58: 0 | AS58: 16481.18 | AT58: -24708.53 | AU58: 0 | AV58: -9461.43 | AW58: -8497.58 | AX58: -4895.26 | AY58: -558765.72 | AZ58: 0 | BA58: 0 | BB58: -1769.74 | BC58: 0 | BD58: 0 | BE58: 0 | BF58: -71207.67 | BG58: 0 | BH58: 0 | BI58: 0 | BJ58: 0 | CF58: 28355 | CP58: =+GC58-BZ58-CF58 -> 1804055 | DK58: 1224306 | DL58: 71722 | DM58: 0 | DN58: 0 | DO58: 43670 | DP58: 170868 | DQ58: 450521 | DR58: 0 | DS58: 0 | DT58: 4888 | DU58: 0 | DV58: 52976 | DW58: 0 | DX58: 42759 | DY58: 62468 | DZ58: 0 | EA58: 33450 | EB58: 15276 | EC58: 0 | ED58: 77220 | EE58: 94825 | EF58: 28355 | EG58: 30250 | EH58: 11025 | EI58: 0 | EJ58: 0 | EK58: 0 | EL58: 18000 | EM58: 160 | EN58: 0 | EO58: 2864 | EP58: -90894.205 | EQ58: 3873 | ER58: 0 | ES58: 0 | ET58: 2500 | EU58: 1008 | EV58: 9505 | EW58: 16480 | EX58: 0 | EY58: 0 | EZ58: 0 | FA58: 17373 | FB58: -498740 | FC58: 0 | FD58: 0 | FE58: -8766 | FF58: -4882 | FG58: 0 | FH58: 0 | FI58: 0 | FJ58: 0 | FK58: 0 | FL58: 0 | FM58: 0 | FN58: 0 | FO58: 0 | FP58: 0 | FQ58: 0 | FR58: -50649.795 | FS58: 0 | FT58: -50649.795 | FU58: 0 | FV58: =+FW58+FX58 -> 20557.87 | FW58: 0 | FX58: 20557.87 | FY58: 0 | FZ58: 0 | GA58: 0 | GB58: 0 | GC58: 1832410 | GD58: =+FW58-FS58 -> 0 | GF58: =SUM(C58:BJ58) -> 1832410 | GG58: 1832410 | GH58: =SUM(DK58:FQ58) -> 1883059.8 | GI58: =+GC58-GG58 -> 0 | GJ58: EA068 | GK58: Severn Junior School | GL58: 1798681.1 | GM58: =+GF58-GL58 -> 33728.91 | GN58: 1886108 | GO58: =+GH58-GN58 -> -3048.205 | GQ58: 1798681.1 | GR58: =+GF58-GQ58 -> 33728.91
A59: EA069 | B59: Springwood Primary School | C59: 762741.18 | D59: 207989.32 | E59: 39416.11 | F59: 0 | G59: 98664.48 | H59: 328886.78 | I59: 337466.93 | J59: 0 | K59: 0 | L59: 9385.8 | M59: 0 | N59: 66690.2 | O59: 0 | P59: 29378.82 | Q59: 153432.71 | R59: 0 | S59: 33348.79 | T59: 6062.16 | U59: 3156.36 | V59: 47444.87 | W59: 51503.8 | X59: 15381.25 | Y59: 62324.44 | Z59: 5181.75 | AA59: 0 | AB59: 43.51 | AC59: 0 | AD59: 67589.94 | AE59: 58.56 | AF59: 1084.01 | AG59: 2240.14 | AH59: 0 | AI59: 2473.68 | AJ59: 0 | AK59: 0 | AL59: 4764.5 | AM59: 1501.02 | AN59: 7264.56 | AO59: 8212.65 | AP59: 0 | AQ59: 0 | AR59: 0 | AS59: 15582.45 | AT59: -67564.549 | AU59: 0 | AV59: -46.8 | AW59: -11713 | AX59: -1950 | AY59: -359715.99 | AZ59: 0 | BA59: 0 | BB59: -3190.79 | BC59: 0 | BD59: 0 | BE59: 0 | BF59: -52119.64 | BG59: 0 | BH59: 0 | BI59: 0 | BJ59: 0 | CF59: 15381.25 | CP59: =+GC59-BZ59-CF59 -> 1857588.8 | DK59: 738451 | DL59: 0 | DM59: 209936 | DN59: 0 | DO59: 43116 | DP59: 321418 | DQ59: 357112 | DR59: 0 | DS59: 0 | DT59: 5786 | DU59: 0 | DV59: 84509 | DW59: 0 | DX59: 15947 | DY59: 97261 | DZ59: 0 | EA59: 32705 | EB59: 5786 | EC59: 3314 | ED59: 48781 | EE59: 65110 | EF59: 15381.25 | EG59: 43534 | EH59: 5250 | EI59: 0 | EJ59: 0 | EK59: 0 | EL59: 32000 | EM59: 2950 | EN59: 3000 | EO59: 0 | EP59: 60444.702 | EQ59: 5243 | ER59: 0 | ES59: 0 | ET59: 9000 | EU59: 3300 | EV59: 350 | EW59: 2451 | EX59: 0 | EY59: 0 | EZ59: 0 | FA59: 16156 | FB59: -239478 | FC59: 0 | FD59: 0 | FE59: -11000 | FF59: 0 | FG59: 0 | FH59: 0 | FI59: 0 | FJ59: 0 | FK59: 0 | FL59: 0 | FM59: 0 | FN59: 0 | FO59: 0 | FP59: 0 | FQ59: 0 | FR59: -104843.95 | FS59: 0 | FT59: -104843.95 | FU59: 0 | FV59: =+FW59+FX59 -> -52724.31 | FW59: 0 | FX59: -52724.31 | FY59: 0 | FZ59: 0 | GA59: 0 | GB59: 0 | GC59: 1872970 | GD59: =+FW59-FS59 -> 0 | GF59: =SUM(C59:BJ59) -> 1872970 | GG59: 1872970 | GH59: =SUM(DK59:FQ59) -> 1977814 | GI59: =+GC59-GG59 -> 0 | GJ59: EA069 | GK59: Springwood Primary School | GL59: 1403730.9 | GM59: =+GF59-GL59 -> 469239.14 | GN59: 1448426 | GO59: =+GH59-GN59 -> 529387.95 | GQ59: 1403730.9 | GR59: =+GF59-GQ59 -> 469239.14
A60: EA070 | B60: Stacey Primary School | C60: 643391.5 | D60: 0 | E60: 0 | F60: 0 | G60: 60064.99 | H60: 0 | I60: 143108.81 | J60: 0 | K60: 0 | L60: 2477.88 | M60: 0 | N60: 30358.46 | O60: 0 | P60: 11306.5 | Q60: 254646.79 | R60: 0 | S60: 33348.81 | T60: 6668.94 | U60: 0 | V60: 55547.76 | W60: 48081.94 | X60: 14311.25 | Y60: 14656.87 | Z60: 2727.53 | AA60: 0 | AB60: 46.11 | AC60: 0 | AD60: 19663.37 | AE60: 0 | AF60: 0 | AG60: 967.64 | AH60: 0 | AI60: 4938.75 | AJ60: 0 | AK60: 0 | AL60: 1109.25 | AM60: 900 | AN60: 16869.9 | AO60: 7512.76 | AP60: 0 | AQ60: 0 | AR60: 0 | AS60: 12033.61 | AT60: -72653.361 | AU60: 0 | AV60: 0 | AW60: 0 | AX60: -988.21 | AY60: -263444.91 | AZ60: 0 | BA60: 0 | BB60: -4690.8 | BC60: 0 | BD60: 0 | BE60: 0 | BF60: -58772.14 | BG60: 0 | BH60: 0 | BI60: 0 | BJ60: 0 | CF60: 14311.25 | CP60: =+GC60-BZ60-CF60 -> 969878.75 | DK60: 665522 | DL60: 0 | DM60: 0 | DN60: 0 | DO60: 20446 | DP60: 0 | DQ60: 144729 | DR60: 0 | DS60: 0 | DT60: 3847 | DU60: 0 | DV60: 29826 | DW60: 0 | DX60: 5359 | DY60: 190091 | DZ60: 9346 | EA60: 32705 | EB60: 9268 | EC60: 0 | ED60: 54999 | EE60: 49361 | EF60: 14311.25 | EG60: 16989 | EH60: 2577 | EI60: 0 | EJ60: 0 | EK60: 0 | EL60: 20000 | EM60: 110 | EN60: 4000 | EO60: 2145 | EP60: 4542.7625 | EQ60: 2800 | ER60: 0 | ES60: 0 | ET60: 2400 | EU60: 1200 | EV60: 5475 | EW60: 7500 | EX60: 0 | EY60: 0 | EZ60: 0 | FA60: 12646 | FB60: -220260 | FC60: 0 | FD60: 0 | FE60: 0 | FF60: 0 | FG60: 0 | FH60: 0 | FI60: 0 | FJ60: 0 | FK60: 0 | FL60: 0 | FM60: 0 | FN60: 0 | FO60: 0 | FP60: 0 | FQ60: 0 | FR60: -107745.01 | FS60: 0 | FT60: -107745.01 | FU60: 0 | FV60: =+FW60+FX60 -> -48972.87 | FW60: 0 | FX60: -48972.87 | FY60: 0 | FZ60: 0 | GA60: 0 | GB60: 0 | GC60: 984190 | GD60: =+FW60-FS60 -> 0 | GF60: =SUM(C60:BJ60) -> 984190 | GG60: 984190 | GH60: =SUM(DK60:FQ60) -> 1091935 | GI60: =+GC60-GG60 -> 0 | GJ60: EA070 | GK60: Stacey Primary School | GL60: 897620.8 | GM60: =+GF60-GL60 -> 86569.2 | GN60: 954258 | GO60: =+GH60-GN60 -> 137677.01 | GQ60: 897620.8 | GR60: =+GF60-GQ60 -> 86569.2
A61: EA071 | B61: St Alban's R.C. Primary School | C61: 550879.91 | D61: 0 | E61: 0 | F61: 0 | G61: 32310.84 | H61: 133012.71 | I61: 54443.98 | J61: 0 | K61: 0 | L61: 14288.39 | M61: 0 | N61: 39254.99 | O61: 0 | P61: 8465.98 | Q61: 142459.12 | R61: 410.02 | S61: 23908.69 | T61: 12306.25 | U61: 2042.82 | V61: 34406.58 | W61: 39031.36 | X61: 0 | Y61: 9706.53 | Z61: 8536.4 | AA61: 0 | AB61: 0 | AC61: 1074.24 | AD61: 22214.16 | AE61: 1759.5 | AF61: 81523.2 | AG61: 2248.14 | AH61: 0 | AI61: 2609.22 | AJ61: 0 | AK61: 0 | AL61: 12931.62 | AM61: 1411.17 | AN61: 665 | AO61: 5853.71 | AP61: 0 | AQ61: 65 | AR61: 0 | AS61: 12641.73 | AT61: -24126.258 | AU61: 0 | AV61: -4434.3 | AW61: 0 | AX61: -96605.9 | AY61: -265345.1 | AZ61: 0 | BA61: 0 | BB61: -1250 | BC61: 0 | BD61: 0 | BE61: 0 | BF61: 21240.3 | BG61: 0 | BH61: 0 | BI61: 0 | BJ61: 0 | CF61: 0 | CP61: =+GC61-BZ61-CF61 -> 879940 | DK61: 576175 | DL61: 0 | DM61: 0 | DN61: 0 | DO61: 19682 | DP61: 152795 | DQ61: 53949 | DR61: 0 | DS61: 0 | DT61: 12913 | DU61: 0 | DV61: 38001 | DW61: 0 | DX61: 8755 | DY61: 71760 | DZ61: 500 | EA61: 23834 | EB61: 11582 | EC61: 2160 | ED61: 32882 | EE61: 33750 | EF61: 0 | EG61: 7953 | EH61: 5000 | EI61: 0 | EJ61: 0 | EK61: 1600 | EL61: 26535 | EM61: 2115 | EN61: 0 | EO61: 2600 | EP61: -58575.86 | EQ61: 3200 | ER61: 0 | ES61: 0 | ET61: 5000 | EU61: 2210 | EV61: 475 | EW61: 6850 | EX61: 0 | EY61: 0 | EZ61: 0 | FA61: 13347 | FB61: -227293 | FC61: 0 | FD61: 0 | FE61: 0 | FF61: -4518 | FG61: 0 | FH61: 0 | FI61: 0 | FJ61: 0 | FK61: 0 | FL61: 0 | FM61: 0 | FN61: 0 | FO61: 0 | FP61: 0 | FQ61: 0 | FR61: 54703.86 | FS61: 0 | FT61: 54703.86 | FU61: 0 | FV61: =+FW61+FX61 -> 33463.56 | FW61: 0 | FX61: 33463.56 | FY61: 0 | FZ61: 0 | GA61: 0 | GB61: 0 | GC61: 879940 | GD61: =+FW61-FS61 -> 0 | GF61: =SUM(C61:BJ61) -> 879940 | GG61: 879940 | GH61: =SUM(DK61:FQ61) -> 825236.14 | GI61: =+GC61-GG61 -> 0 | GJ61: EA071 | GK61: St Alban's R.C. Primary School | GL61: 743850 | GM61: =+GF61-GL61 -> 136090 | GN61: 765493 | GO61: =+GH61-GN61 -> 59743.14 | GQ61: 743850 | GR61: =+GF61-GQ61 -> 136090
A62: EA073 | B62: St Bernadette's R.C. Primary School | C62: 729880.23 | D62: 0 | E62: 0 | F62: 0 | G62: 36491.67 | H62: 63734.33 | I62: 171388.25 | J62: 0 | K62: 0 | L62: 8211.43 | M62: 0 | N62: 37294.29 | O62: 0 | P62: 7530.08 | Q62: 23049.3 | R62: 0 | S62: 33476.23 | T62: 0 | U62: 3084 | V62: 8354.78 | W62: 31204.57 | X62: 0 | Y62: 12199.08 | Z62: 2308.78 | AA62: 3432 | AB62: 0 | AC62: 0 | AD62: 11687.73 | AE62: 5350.69 | AF62: 0 | AG62: 0 | AH62: 0 | AI62: 5585.18 | AJ62: 0 | AK62: 0 | AL62: 4710 | AM62: 1010.05 | AN62: 574.41 | AO62: 9761.54 | AP62: 0 | AQ62: 290.88 | AR62: 0 | AS62: 12310.16 | AT62: -27318.876 | AU62: 0 | AV62: -6113 | AW62: 0 | AX62: -2802.75 | AY62: -192908.88 | AZ62: 0 | BA62: 0 | BB62: 0 | BC62: 0 | BD62: 0 | BE62: 0 | BF62: -18026.15 | BG62: 0 | BH62: 0 | BI62: 0 | BJ62: 0 | CF62: 0 | CP62: =+GC62-BZ62-CF62 -> 975750 | DK62: 710583 | DL62: 0 | DM62: 0 | DN62: 0 | DO62: 20606 | DP62: 62467 | DQ62: 160530 | DR62: 0 | DS62: 0 | DT62: 6954 | DU62: 0 | DV62: 36391 | DW62: 0 | DX62: 5359 | DY62: 40860 | DZ62: 0 | EA62: 32705 | EB62: 0 | EC62: 3000 | ED62: 7840 | EE62: 32950 | EF62: 0 | EG62: 10491 | EH62: 2775 | EI62: 300 | EJ62: 100 | EK62: 0 | EL62: 15000 | EM62: 2810 | EN62: 0 | EO62: 0 | EP62: -32148.99 | EQ62: 2354 | ER62: 0 | ES62: 0 | ET62: 1000 | EU62: 1001 | EV62: 3225 | EW62: 11500 | EX62: 0 | EY62: 300 | EZ62: 0 | FA62: 13246 | FB62: -150877 | FC62: 0 | FD62: 0 | FE62: 0 | FF62: 0 | FG62: 0 | FH62: 0 | FI62: 0 | FJ62: -1710 | FK62: 0 | FL62: 0 | FM62: 0 | FN62: 0 | FO62: 0 | FP62: 0 | FQ62: 0 | FR62: -23861.01 | FS62: 0 | FT62: -23861.01 | FU62: 0 | FV62: =+FW62+FX62 -> -5834.86 | FW62: 0 | FX62: -5834.86 | FY62: 0 | FZ62: 0 | GA62: 0 | GB62: 0 | GC62: 975750 | GD62: =+FW62-FS62 -> 0 | GF62: =SUM(C62:BJ62) -> 975750 | GG62: 975750 | GH62: =SUM(DK62:FQ62) -> 999611.01 | GI62: =+GC62-GG62 -> 0 | GJ62: EA073 | GK62: St Bernadette's R.C. Primary School | GL62: 942030 | GM62: =+GF62-GL62 -> 33720 | GN62: 1017361 | GO62: =+GH62-GN62 -> -17749.99 | GQ62: 942030 | GR62: =+GF62-GQ62 -> 33720
A63: EA074 | B63: St Cadoc's R.C. Primary School | C63: 992113.95 | D63: 0 | E63: 0 | F63: 0 | G63: 74436.52 | H63: 0 | I63: 294497.29 | J63: 0 | K63: 0 | L63: 12162.19 | M63: 0 | N63: 57521.5 | O63: 0 | P63: 9428.63 | Q63: 46182.6 | R63: 0 | S63: 33348.81 | T63: 18455.03 | U63: 1905.24 | V63: 38079.83 | W63: 28327.88 | X63: 0 | Y63: 16678.25 | Z63: 5892.58 | AA63: 0 | AB63: 0 | AC63: 0 | AD63: 18411.55 | AE63: 4767.37 | AF63: 0 | AG63: 2867.51 | AH63: 0 | AI63: 8344.59 | AJ63: 0 | AK63: 0 | AL63: 21373.29 | AM63: 531.64 | AN63: 3511.09 | AO63: 5153.75 | AP63: 0 | AQ63: 0 | AR63: 0 | AS63: 13771.23 | AT63: -60075.472 | AU63: 0 | AV63: -20722.62 | AW63: 0 | AX63: 0 | AY63: -351668.75 | AZ63: 0 | BA63: 0 | BB63: -3703.95 | BC63: 0 | BD63: 0 | BE63: 0 | BF63: -67784.89 | BG63: 0 | BH63: 0 | BI63: -6556.64 | BJ63: 0 | CF63: 0 | CP63: =+GC63-BZ63-CF63 -> 1197250 | DK63: 989683 | DL63: 0 | DM63: 0 | DN63: 0 | DO63: 31045 | DP63: 0 | DQ63: 295436 | DR63: 0 | DS63: 0 | DT63: 14284 | DU63: 0 | DV63: 55631 | DW63: 0 | DX63: 6985 | DY63: 18720 | DZ63: 0 | EA63: 32705 | EB63: 15870 | EC63: 3176 | ED63: 35843 | EE63: 38578 | EF63: 0 | EG63: 19485 | EH63: 5269 | EI63: 0 | EJ63: 0 | EK63: 0 | EL63: 15000 | EM63: 3610 | EN63: 0 | EO63: 3000 | EP63: 3213.09 | EQ63: 3560 | ER63: 0 | ES63: 0 | ET63: 3500 | EU63: 1080 | EV63: 450 | EW63: 3874 | EX63: 0 | EY63: 0 | EZ63: 0 | FA63: 14102 | FB63: -328953 | FC63: 0 | FD63: 0 | FE63: 0 | FF63: -1500 | FG63: 0 | FH63: 0 | FI63: 0 | FJ63: 0 | FK63: 0 | FL63: 0 | FM63: 0 | FN63: 0 | FO63: 0 | FP63: 0 | FQ63: 0 | FR63: -86396.09 | FS63: 0 | FT63: -86396.09 | FU63: 0 | FV63: =+FW63+FX63 -> -18611.2 | FW63: 0 | FX63: -18611.2 | FY63: 0 | FZ63: 0 | GA63: 0 | GB63: 0 | GC63: 1197250 | GD63: =+FW63-FS63 -> 0 | GF63: =SUM(C63:BJ63) -> 1197250 | GG63: 1197250 | GH63: =SUM(DK63:FQ63) -> 1283646.1 | GI63: =+GC63-GG63 -> 0 | GJ63: EA074 | GK63: St Cadoc's R.C. Primary School | GL63: 1068830 | GM63: =+GF63-GL63 -> 128420 | GN63: 1144982 | GO63: =+GH63-GN63 -> 138664.09 | GQ63: 1068830 | GR63: =+GF63-GQ63 -> 128420
A64: EA075 | B64: St Cuthbert's R.C. Primary School | C64: 455191.81 | D64: 0 | E64: 0 | F64: 0 | G64: 27313.23 | H64: 0 | I64: 136600.54 | J64: 0 | K64: 0 | L64: 7703.37 | M64: 0 | N64: 27971.69 | O64: 0 | P64: 3287.97 | Q64: 48253.39 | R64: 0 | S64: 8030.85 | T64: 4832.09 | U64: 1808.34 | V64: 4357.31 | W64: 17197.16 | X64: 0 | Y64: 24479.92 | Z64: 3708.44 | AA64: 1179.1 | AB64: 0 | AC64: 0 | AD64: 11368.95 | AE64: 1377.23 | AF64: 0 | AG64: 698.94 | AH64: 0 | AI64: 844.54 | AJ64: 0 | AK64: 0 | AL64: 4697.5 | AM64: 0 | AN64: 13219.58 | AO64: 1424.99 | AP64: 0 | AQ64: 0 | AR64: 0 | AS64: 11820 | AT64: -59084.408 | AU64: 0 | AV64: -10188.3 | AW64: 0 | AX64: 0 | AY64: -162613.52 | AZ64: 0 | BA64: 0 | BB64: -1250 | BC64: -512.57 | BD64: 512.57 | BE64: 0 | BF64: 132579.29 | BG64: 0 | BH64: 0 | BI64: 0 | BJ64: 0 | CF64: 0 | CP64: =+GC64-BZ64-CF64 -> 716810 | DK64: 445436 | DL64: 0 | DM64: 0 | DN64: 0 | DO64: 12776 | DP64: 0 | DQ64: 175316 | DR64: 0 | DS64: 0 | DT64: 4866 | DU64: 0 | DV64: 27556 | DW64: 0 | DX64: 52613 | DY64: 36024 | DZ64: 6700 | EA64: 7768 | EB64: 3010 | EC64: 2398 | ED64: 4424 | EE64: 20061 | EF64: 0 | EG64: 5285 | EH64: 2672 | EI64: 336 | EJ64: 0 | EK64: 0 | EL64: 6000 | EM64: 1901 | EN64: 0 | EO64: 1050 | EP64: 38396.07 | EQ64: 1545 | ER64: 0 | ES64: 0 | ET64: 1000 | EU64: 1502 | EV64: 3361 | EW64: 1612 | EX64: 0 | EY64: 0 | EZ64: 0 | FA64: 12222 | FB64: -126412 | FC64: 0 | FD64: 0 | FE64: 0 | FF64: 0 | FG64: 0 | FH64: 0 | FI64: 0 | FJ64: 0 | FK64: 0 | FL64: 0 | FM64: 0 | FN64: 0 | FO64: 0 | FP64: 0 | FQ64: 0 | FR64: -45929.96 | FS64: -13321.89 | FT64: -32608.07 | FU64: 0 | FV64: =+FW64+FX64 -> -179021.82 | FW64: -13834.46 | FX64: -165187.36 | FY64: 0 | FZ64: 0 | GA64: 0 | GB64: 0 | GC64: 716810 | GD64: =+FW64-FS64 -> -512.57 | GF64: =SUM(C64:BJ64) -> 716810 | GG64: 716810 | GH64: =SUM(DK64:FQ64) -> 749418.07 | GI64: =+GC64-GG64 -> 0 | GJ64: EA075 | GK64: St Cuthbert's R.C. Primary School | GL64: 600180 | GM64: =+GF64-GL64 -> 116630 | GN64: 634842 | GO64: =+GH64-GN64 -> 114576.07 | GQ64: 600180 | GR64: =+GF64-GQ64 -> 116630
A65: EA076 | B65: St David's C.W. Primary School | C65: 567899.69 | D65: 0 | E65: 0 | F65: 0 | G65: 89938.57 | H65: 0 | I65: 231768.69 | J65: 0 | K65: 0 | L65: 13801.02 | M65: 0 | N65: 39903.16 | O65: 0 | P65: 6161.39 | Q65: 44629.31 | R65: 5250 | S65: 10816.82 | T65: 7337.68 | U65: 2451.76 | V65: 26684.65 | W65: 34782.74 | X65: 0 | Y65: 17798.04 | Z65: 3925.42 | AA65: 0 | AB65: 0 | AC65: 0 | AD65: 20093.19 | AE65: 3118.67 | AF65: 0 | AG65: 2385.08 | AH65: 0 | AI65: 1581.29 | AJ65: 0 | AK65: 0 | AL65: 9501.84 | AM65: 3334.75 | AN65: 10573.07 | AO65: 6933.36 | AP65: 0 | AQ65: 0 | AR65: 0 | AS65: 12893.01 | AT65: -74610.288 | AU65: 0 | AV65: -1055 | AW65: -1500 | AX65: -8561 | AY65: -187547.2 | AZ65: 0 | BA65: 0 | BB65: -6244.74 | BC65: 0 | BD65: 0 | BE65: 0 | BF65: 16705.03 | BG65: 0 | BH65: 0 | BI65: 0 | BJ65: 0 | CF65: 0 | CP65: =+GC65-BZ65-CF65 -> 910750 | DK65: 609446 | DL65: 0 | DM65: 0 | DN65: 0 | DO65: 24125 | DP65: 0 | DQ65: 250904 | DR65: 0 | DS65: 0 | DT65: 11532 | DU65: 0 | DV65: 42953 | DW65: 0 | DX65: 14162 | DY65: 21000 | DZ65: 8000 | EA65: 21779 | EB65: 6088 | EC65: 2064 | ED65: 32892 | EE65: 31925 | EF65: 0 | EG65: 16607 | EH65: 3298 | EI65: 0 | EJ65: 0 | EK65: 0 | EL65: 25000 | EM65: 6110 | EN65: 0 | EO65: 2340 | EP65: 7231.73 | EQ65: 1500 | ER65: 0 | ES65: 0 | ET65: 4000 | EU65: 1500 | EV65: 11100 | EW65: 10000 | EX65: 0 | EY65: 0 | EZ65: 0 | FA65: 13056 | FB65: -177748 | FC65: 0 | FD65: 0 | FE65: 0 | FF65: 0 | FG65: 0 | FH65: 0 | FI65: 0 | FJ65: -2500 | FK65: 0 | FL65: 0 | FM65: 0 | FN65: 0 | FO65: 0 | FP65: 0 | FQ65: 0 | FR65: -87614.73 | FS65: 0 | FT65: -87614.73 | FU65: 0 | FV65: =+FW65+FX65 -> -104319.76 | FW65: 0 | FX65: -104319.76 | FY65: 0 | FZ65: 0 | GA65: 0 | GB65: 0 | GC65: 910750 | GD65: =+FW65-FS65 -> 0 | GF65: =SUM(C65:BJ65) -> 910750 | GG65: 910750 | GH65: =SUM(DK65:FQ65) -> 998364.73 | GI65: =+GC65-GG65 -> 0 | GJ65: EA076 | GK65: St David's C.W. Primary School | GL65: 988870 | GM65: =+GF65-GL65 -> -78120 | GN65: 1016053 | GO65: =+GH65-GN65 -> -17688.27 | GQ65: 988870 | GR65: =+GF65-GQ65 -> -78120
... A69: EA080 | B69: St Joseph's R.C. Primary School | C69: 664706.74 | D69: 0 | E69: 0 | F69: 0 | G69: 21595.73 | H69: 0 | I69: 163147.46 | J69: 0 | K69: 0 | L69: 17249.05 | M69: 0 | N69: 36992.47 | O69: 0 | P69: 21066.64 | Q69: 22840.5 | R69: 0 | S69: 16980.8 | T69: 12488.52 | U69: 0 | V69: 39819.06 | W69: 33277.93 | X69: 0 | Y69: 21585.91 | Z69: 1697.37 | AA69: 0 | AB69: 0 | AC69: 0 | AD69: 8050.14 | AE69: 2731.13 | AF69: 0 | AG69: 1409.22 | AH69: 0 | AI69: 5775.32 | AJ69: 0 | AK69: 0 | AL69: 8370.92 | AM69: 0 | AN69: 4961.03 | AO69: 7868.53 | AP69: 0 | AQ69: 65 | AR69: 0 | AS69: 12438.42 | AT69: -15520.521 | AU69: 0 | AV69: -27298.61 | AW69: 0 | AX69: -1155 | AY69: -194378.26 | AZ69: 0 | BA69: 0 | BB69: -1250 | BC69: 0 | BD69: 0 | BE69: 0 | BF69: -38695.5 | BG69: 0 | BH69: 0 | BI69: 0 | BJ69: 0 | CF69: 0 | CP69: =+GC69-BZ69-CF69 -> 846820 | DK69: 643683 | DL69: 0 | DM69: 0 | DN69: 0 | DO69: 21265 | DP69: 0 | DQ69: 145578 | DR69: 0 | DS69: 0 | DT69: 15746 | DU69: 0 | DV69: 33645 | DW69: 0 | DX69: 5537 | DY69: 9150 | DZ69: 0 | EA69: 26485 | EB69: 12024 | EC69: 0 | ED69: 40983 | EE69: 48722 | EF69: 0 | EG69: 13494 | EH69: 2553 | EI69: 0 | EJ69: 0 | EK69: 0 | EL69: 7500 | EM69: 2728 | EN69: 0 | EO69: 2379 | EP69: -2.12 | EQ69: 4441 | ER69: 0 | ES69: 0 | ET69: 1275 | EU69: 1320 | EV69: 487 | EW69: 7687 | EX69: 0 | EY69: 0 | EZ69: 0 | FA69: 12951 | FB69: -193381 | FC69: 0 | FD69: 0 | FE69: 0 | FF69: 0 | FG69: 0 | FH69: 0 | FI69: 0 | FJ69: 0 | FK69: 0 | FL69: 0 | FM69: 0 | FN69: 0 | FO69: 0 | FP69: 0 | FQ69: 0 | FR69: -19429.88 | FS69: 0 | FT69: -19429.88 | FU69: 0 | FV69: =+FW69+FX69 -> 19265.62 | FW69: 0 | FX69: 19265.62 | FY69: 0 | FZ69: 0 | GA69: 0 | GB69: 0 | GC69: 846820 | GD69: =+FW69-FS69 -> 0 | GF69: =SUM(C69:BJ69) -> 846820 | GG69: 846820 | GH69: =SUM(DK69:FQ69) -> 866249.88 | GI69: =+GC69-GG69 -> 0 | GJ69: EA080 | GK69: St Joseph's R.C. Primary School | GL69: 666960 | GM69: =+GF69-GL69 -> 179860 | GN69: 675795 | GO69: =+GH69-GN69 -> 190454.88 | GQ69: 666960 | GR69: =+GF69-GQ69 -> 179860
A70: EA081 | B70: St Mary's R.C. Primary School | C70: 638214.14 | D70: 0 | E70: 0 | F70: 0 | G70: 54794.9 | H70: 114125.93 | I70: 193757.77 | J70: 0 | K70: 0 | L70: 8285.98 | M70: 0 | N70: 36478.74 | O70: 0 | P70: 4972.31 | Q70: 91118.61 | R70: 0 | S70: 38407.71 | T70: 5726.13 | U70: 0 | V70: 43822.67 | W70: 32312.5 | X70: 0 | Y70: 13890.57 | Z70: 2736.77 | AA70: 165 | AB70: 15.79 | AC70: 0 | AD70: 29050.19 | AE70: 2787.16 | AF70: 0 | AG70: 807.36 | AH70: 0 | AI70: 4160.16 | AJ70: 0 | AK70: 0 | AL70: 2259.5 | AM70: 1567.18 | AN70: 21683.01 | AO70: 9549.63 | AP70: 0 | AQ70: 0 | AR70: 0 | AS70: 12728.88 | AT70: -43501.748 | AU70: 0 | AV70: 0 | AW70: -7955.2 | AX70: -40168.47 | AY70: -276773.03 | AZ70: 0 | BA70: 0 | BB70: -2500 | BC70: 0 | BD70: 0 | BE70: 0 | BF70: 469.86 | BG70: 0 | BH70: 0 | BI70: 0 | BJ70: 0 | CF70: 0 | CP70: =+GC70-BZ70-CF70 -> 992990 | DK70: 633616 | DL70: 0 | DM70: 0 | DN70: 0 | DO70: 21616 | DP70: 100885 | DQ70: 225806 | DR70: 0 | DS70: 0 | DT70: 3847 | DU70: 0 | DV70: 38028 | DW70: 0 | DX70: 5034 | DY70: 15100 | DZ70: 0 | EA70: 38068 | EB70: 9525 | EC70: 0 | ED70: 36736 | EE70: 36071 | EF70: 0 | EG70: 11743 | EH70: 2246 | EI70: 0 | EJ70: 0 | EK70: 0 | EL70: 18000 | EM70: 116 | EN70: 0 | EO70: 0 | EP70: -46098.76 | EQ70: 5757 | ER70: 0 | ES70: 0 | ET70: 0 | EU70: 5447 | EV70: 18788 | EW70: 9975 | EX70: 0 | EY70: 0 | EZ70: 0 | FA70: 13888 | FB70: -231564 | FC70: 0 | FD70: 0 | FE70: -7175 | FF70: 0 | FG70: 0 | FH70: 0 | FI70: 0 | FJ70: 0 | FK70: 0 | FL70: 0 | FM70: 0 | FN70: 0 | FO70: 0 | FP70: 0 | FQ70: 0 | FR70: 27535.76 | FS70: 0 | FT70: 27535.76 | FU70: 0 | FV70: =+FW70+FX70 -> 27065.9 | FW70: 0 | FX70: 27065.9 | FY70: 0 | FZ70: 0 | GA70: 0 | GB70: 0 | GC70: 992990 | GD70: =+FW70-FS70 -> 0 | GF70: =SUM(C70:BJ70) -> 992990 | GG70: 992990 | GH70: =SUM(DK70:FQ70) -> 965454.24 | GI70: =+GC70-GG70 -> 0 | GJ70: EA081 | GK70: St Mary's R.C. Primary School | GL70: 833670 | GM70: =+GF70-GL70 -> 159320 | GN70: 882405 | GO70: =+GH70-GN70 -> 83049.24 | GQ70: 833670 | GR70: =+GF70-GQ70 -> 159320 | GU70: =-56403.85+83939.61 -> 27535.76 | GV70: =+#REF!-GU70 -> #REF!
A71: EA082 | B71: St Mary The Virgin C.W. Primary School | C71: 706416.99 | D71: 0 | E71: 0 | F71: 0 | G71: 66547.71 | H71: 113380.4 | I71: 219736.21 | J71: 0 | K71: 0 | L71: 4424.38 | M71: 0 | N71: 21274.84 | O71: 0 | P71: 8965.19 | Q71: 138522.24 | R71: 0 | S71: 24591.75 | T71: 6749.73 | U71: 2574.29 | V71: 38147.65 | W71: 40541.87 | X71: 0 | Y71: 10598.51 | Z71: 3470.91 | AA71: 0 | AB71: 0 | AC71: 0 | AD71: 36949.05 | AE71: 2271.07 | AF71: 0 | AG71: 370.84 | AH71: 0 | AI71: 1534.24 | AJ71: 0 | AK71: 0 | AL71: 1552.1 | AM71: 1294.43 | AN71: 8767.5 | AO71: 2653.02 | AP71: 0 | AQ71: 11145.75 | AR71: 0 | AS71: 13030.84 | AT71: -87031.053 | AU71: 0 | AV71: 0 | AW71: 0 | AX71: -14713.25 | AY71: -319310.99 | AZ71: 0 | BA71: 0 | BB71: -2796.05 | BC71: 0 | BD71: 0 | BE71: 0 | BF71: -40460.17 | BG71: 0 | BH71: 0 | BI71: 0 | BJ71: 0 | CF71: 0 | CP71: =+GC71-BZ71-CF71 -> 1021200 | DK71: 685940 | DL71: 0 | DM71: 0 | DN71: 0 | DO71: 23356 | DP71: 168567 | DQ71: 215950 | DR71: 0 | DS71: 0 | DT71: 7070 | DU71: 0 | DV71: 31926 | DW71: 0 | DX71: 5939 | DY71: 69620 | DZ71: 0 | EA71: 27759 | EB71: 6293 | EC71: 2498 | ED71: 42919 | EE71: 46710 | EF71: 0 | EG71: 9705 | EH71: 4542 | EI71: 0 | EJ71: 200 | EK71: 0 | EL71: 18000 | EM71: 2560 | EN71: 0 | EO71: 1288 | EP71: -52780.96 | EQ71: 2454 | ER71: 0 | ES71: 0 | ET71: 1200 | EU71: 1307 | EV71: 450 | EW71: 5150 | EX71: 0 | EY71: 0 | EZ71: 0 | FA71: 13501 | FB71: -297248 | FC71: 0 | FD71: 0 | FE71: 0 | FF71: 0 | FG71: 0 | FH71: 0 | FI71: 0 | FJ71: 0 | FK71: 0 | FL71: 0 | FM71: 0 | FN71: 0 | FO71: 0 | FP71: 0 | FQ71: 0 | FR71: -23675.04 | FS71: 0 | FT71: -23675.04 | FU71: 0 | FV71: =+FW71+FX71 -> 16785.13 | FW71: 0 | FX71: 16785.13 | FY71: 0 | FZ71: 0 | GA71: 0 | GB71: 0 | GC71: 1021200 | GD71: =+FW71-FS71 -> 0 | GF71: =SUM(C71:BJ71) -> 1021200 | GG71: 1021200 | GH71: =SUM(DK71:FQ71) -> 1044875 | GI71: =+GC71-GG71 -> 0 | GJ71: EA082 | GK71: St Mary The Virgin C.W. Primary School | GL71: 937180 | GM71: =+GF71-GL71 -> 84020 | GN71: 977213 | GO71: =+GH71-GN71 -> 67662.04 | GQ71: 937180 | GR71: =+GF71-GQ71 -> 84020
A72: EA083 | B72: St Mellons C.W. Primary School | C72: 527534.04 | D72: 54408.31 | E72: 0 | F72: 0 | G72: 16177.93 | H72: 18618.74 | I72: 133668.47 | J72: 0 | K72: 0 | L72: 11092.21 | M72: 0 | N72: 39286.27 | O72: 0 | P72: 2628.48 | Q72: 130196.93 | R72: 0 | S72: 29494.42 | T72: 9869.57 | U72: 514.91 | V72: 27827.91 | W72: 38518.01 | X72: 8693.75 | Y72: 2517.27 | Z72: 2782.58 | AA72: 0 | AB72: 313.42 | AC72: 0 | AD72: 19223.91 | AE72: 1126.79 | AF72: 0 | AG72: 2249.59 | AH72: 0 | AI72: 1161.59 | AJ72: 0 | AK72: 0 | AL72: 2100 | AM72: 1116.95 | AN72: 11520.59 | AO72: 4074.14 | AP72: 0 | AQ72: 0 | AR72: 0 | AS72: 9789.01 | AT72: -276178.66 | AU72: 0 | AV72: 0 | AW72: 0 | AX72: 0 | AY72: -105671.39 | AZ72: 0 | BA72: 0 | BB72: -7796.05 | BC72: 0 | BD72: 0 | BE72: 0 | BF72: -47229.69 | BG72: 0 | BH72: 0 | BI72: 0 | BJ72: 0 | CF72: 8693.75 | CP72: =+GC72-BZ72-CF72 -> 660936.25 | DK72: 530249 | DL72: 54740 | DM72: 0 | DN72: 0 | DO72: 16178 | DP72: 37289 | DQ72: 126674 | DR72: 0 | DS72: 0 | DT72: 14000 | DU72: 0 | DV72: 36810 | DW72: 0 | DX72: 2754 | DY72: 56660 | DZ72: 0 | EA72: 29052 | EB72: 9268 | EC72: 2452 | ED72: 30394 | EE72: 34420 | EF72: 8693.75 | EG72: 7075 | EH72: 2330 | EI72: 0 | EJ72: 500 | EK72: 0 | EL72: 20000 | EM72: 110 | EN72: 0 | EO72: 1950 | EP72: -280754.4 | EQ72: 3600 | ER72: 0 | ES72: 0 | ET72: 2000 | EU72: 1650 | EV72: 7450 | EW72: 5542 | EX72: 0 | EY72: 0 | EZ72: 0 | FA72: 9560 | FB72: -67567 | FC72: 0 | FD72: 0 | FE72: 0 | FF72: 0 | FG72: 0 | FH72: 0 | FI72: 0 | FJ72: -5000 | FK72: 0 | FL72: 0 | FM72: 0 | FN72: 0 | FO72: 0 | FP72: 0 | FQ72: 0 | FR72: -28449.347 | FS72: 0 | FT72: -28449.347 | FU72: 0 | FV72: =+FW72+FX72 -> 18780.34 | FW72: 0 | FX72: 18780.34 | FY72: 0 | FZ72: 0 | GA72: 0 | GB72: 0 | GC72: 669630 | GD72: =+FW72-FS72 -> 0 | GF72: =SUM(C72:BJ72) -> 669630 | GG72: 669630 | GH72: =SUM(DK72:FQ72) -> 698079.35 | GI72: =+GC72-GG72 -> 0 | GJ72: EA083 | GK72: St Mellons C.W. Primary School | GL72: 543470.49 | GM72: =+GF72-GL72 -> 126159.51 | GN72: 586483 | GO72: =+GH72-GN72 -> 111596.35 | GQ72: 543470.49 | GR72: =+GF72-GQ72 -> 126159.51
A73: EA084 | B73: St Monica's C.W. Primary School | C73: 564170.06 | D73: 0 | E73: 0 | F73: 0 | G73: 22080.81 | H73: 104488.48 | I73: 138882.47 | J73: 0 | K73: 0 | L73: 29018.54 | M73: 0 | N73: 42864.62 | O73: 0 | P73: 830 | Q73: 6723.76 | R73: 0 | S73: 18077.32 | T73: 12429.43 | U73: 0 | V73: 21272.88 | W73: 28618.08 | X73: 0 | Y73: 5439.7 | Z73: 1798.25 | AA73: 0 | AB73: 612.72 | AC73: 0 | AD73: 15419.79 | AE73: 0 | AF73: 0 | AG73: 2412.94 | AH73: 0 | AI73: 2803 | AJ73: 0 | AK73: 0 | AL73: 16096.09 | AM73: 666.71 | AN73: 2428 | AO73: 3605.55 | AP73: 0 | AQ73: 1129.68 | AR73: 0 | AS73: 12705.53 | AT73: -16346.917 | AU73: 0 | AV73: -7425.96 | AW73: 0 | AX73: -80356.12 | AY73: -170143.45 | AZ73: 0 | BA73: 0 | BB73: -1250 | BC73: 0 | BD73: 0 | BE73: 0 | BF73: -51161.96 | BG73: 0 | BH73: 0 | BI73: 0 | BJ73: 0 | CF73: 0 | CP73: =+GC73-BZ73-CF73 -> 727890 | DK73: 559369 | DL73: 0 | DM73: 0 | DN73: 0 | DO73: 20027 | DP73: 113321 | DQ73: 126581 | DR73: 0 | DS73: 0 | DT73: 30233 | DU73: 0 | DV73: 42140 | DW73: 0 | DX73: 8580 | DY73: 2120 | DZ73: 0 | EA73: 17696 | EB73: 12397 | EC73: 0 | ED73: 21205 | EE73: 29063 | EF73: 0 | EG73: 15506 | EH73: 1920 | EI73: 1000 | EJ73: 0 | EK73: 0 | EL73: 10000 | EM73: 110 | EN73: 0 | EO73: 2380 | EP73: -66725.68 | EQ73: 3842 | ER73: 0 | ES73: 0 | ET73: 3680 | EU73: 1106 | EV73: 2200 | EW73: 4100 | EX73: 0 | EY73: 0 | EZ73: 0 | FA73: 13401 | FB73: -139715 | FC73: 0 | FD73: 0 | FE73: 0 | FF73: -73326 | FG73: 0 | FH73: 0 | FI73: 0 | FJ73: 0 | FK73: 0 | FL73: 0 | FM73: 0 | FN73: 0 | FO73: 0 | FP73: 0 | FQ73: 0 | FR73: -34320.32 | FS73: 0 | FT73: -34320.32 | FU73: 0 | FV73: =+FW73+FX73 -> 16841.64 | FW73: 0 | FX73: 16841.64 | FY73: 0 | FZ73: 0 | GA73: 0 | GB73: 0 | GC73: 727890 | GD73: =+FW73-FS73 -> 0 | GF73: =SUM(C73:BJ73) -> 727890 | GG73: 727890 | GH73: =SUM(DK73:FQ73) -> 762210.32 | GI73: =+GC73-GG73 -> 0 | GJ73: EA084 | GK73: St Monica's C.W. Primary School | GL73: 557820 | GM73: =+GF73-GL73 -> 170070 | GN73: 577790 | GO73: =+GH73-GN73 -> 184420.32 | GQ73: 557820 | GR73: =+GF73-GQ73 -> 170070
A74: EA085 | B74: St Patrick's R.C. Primary School | C74: 708086.81 | D74: 0 | E74: 0 | F74: 0 | G74: 34591.4 | H74: 64632.22 | I74: 151578.51 | J74: 0 | K74: 0 | L74: 19808.4 | M74: 0 | N74: 35587.51 | O74: 0 | P74: 41051.7 | Q74: 186627.19 | R74: 0 | S74: 26437.42 | T74: 9533.2 | U74: 10329.94 | V74: 45996.53 | W74: 39521.33 | X74: 0 | Y74: 67774.46 | Z74: 3461.47 | AA74: 0 | AB74: 0 | AC74: 123.55 | AD74: 11384.79 | AE74: 12048.36 | AF74: 0 | AG74: 1689.36 | AH74: 0 | AI74: 7732.31 | AJ74: 0 | AK74: 0 | AL74: 830 | AM74: 1341.43 | AN74: 30252.39 | AO74: 4402.62 | AP74: 0 | AQ74: 65 | AR74: 0 | AS74: 14554.3 | AT74: -25932.058 | AU74: 0 | AV74: 0 | AW74: 0 | AX74: -12108 | AY74: -296131.82 | AZ74: 0 | BA74: 0 | BB74: -2355.26 | BC74: 0 | BD74: 0 | BE74: 0 | BF74: 21124.94 | BG74: 0 | BH74: 0 | BI74: 0 | BJ74: 0 | CF74: 0 | CP74: =+GC74-BZ74-CF74 -> 1214040 | DK74: 771132 | DL74: 0 | DM74: 0 | DN74: 0 | DO74: 25506 | DP74: 70619 | DQ74: 155933 | DR74: 0 | DS74: 0 | DT74: 21890 | DU74: 0 | DV74: 35389 | DW74: 0 | DX74: 7095 | DY74: 133180 | DZ74: 0 | EA74: 20000 | EB74: 8377 | EC74: 2640 | ED74: 44145 | EE74: 26550 | EF74: 0 | EG74: 56975 | EH74: 3510 | EI74: 0 | EJ74: 300 | EK74: 0 | EL74: 12000 | EM74: 5718 | EN74: 0 | EO74: 850 | EP74: 3358.11 | EQ74: 10538 | ER74: 0 | ES74: 0 | ET74: 2000 | EU74: 1495 | EV74: 14318 | EW74: 7350 | EX74: 0 | EY74: 0 | EZ74: 0 | FA74: 14712 | FB74: -226266 | FC74: 0 | FD74: 0 | FE74: 0 | FF74: 0 | FG74: 0 | FH74: 0 | FI74: 0 | FJ74: 0 | FK74: 0 | FL74: 0 | FM74: 0 | FN74: 0 | FO74: 0 | FP74: 0 | FQ74: 0 | FR74: -15274.11 | FS74: 0 | FT74: -15274.11 | FU74: 0 | FV74: =+FW74+FX74 -> -36399.05 | FW74: 0 | FX74: -36399.05 | FY74: 0 | FZ74: 0 | GA74: 0 | GB74: 0 | GC74: 1214040 | GD74: =+FW74-FS74 -> 0 | GF74: =SUM(C74:BJ74) -> 1214040 | GG74: 1214040 | GH74: =SUM(DK74:FQ74) -> 1229314.1 | GI74: =+GC74-GG74 -> 0 | GJ74: EA085 | GK74: St Patrick's R.C. Primary School | GL74: 1060720 | GM74: =+GF74-GL74 -> 153320 | GN74: 1052964 | GO74: =+GH74-GN74 -> 176350.11 | GQ74: 1060720 | GR74: =+GF74-GQ74 -> 153320
A75: EA086 | B75: St Paul's C.W. Primary School | C75: 613724.94 | D75: 0 | E75: 0 | F75: 0 | G75: 54379.65 | H75: 86786.28 | I75: 245995.39 | J75: 0 | K75: 0 | L75: 12480.35 | M75: 0 | N75: 35177.24 | O75: 0 | P75: 4240.57 | Q75: 115271.46 | R75: 8513.69 | S75: 18982.37 | T75: 10498.61 | U75: 0 | V75: 27262.57 | W75: 37471.84 | X75: 0 | Y75: 42278.29 | Z75: 3098.33 | AA75: 165 | AB75: 0 | AC75: 0 | AD75: 24282.44 | AE75: 1864.02 | AF75: 0 | AG75: 5456.25 | AH75: 0 | AI75: 3406.69 | AJ75: 0 | AK75: 0 | AL75: 3319.57 | AM75: 1101.66 | AN75: 14297.94 | AO75: 11765.03 | AP75: 0 | AQ75: 0 | AR75: 0 | AS75: 13927.64 | AT75: -36385.411 | AU75: 0 | AV75: -14589.6 | AW75: -8695.09 | AX75: -11650.99 | AY75: -260922.13 | AZ75: 0 | BA75: 0 | BB75: 0 | BC75: 0 | BD75: 0 | BE75: 0 | BF75: -83304.6 | BG75: 0 | BH75: 0 | BI75: 0 | BJ75: 0 | CF75: 0 | CP75: =+GC75-BZ75-CF75 -> 980200 | DK75: 621738 | DL75: 0 | DM75: 0 | DN75: 0 | DO75: 24137 | DP75: 93579 | DQ75: 258037 | DR75: 0 | DS75: 0 | DT75: 11839 | DU75: 0 | DV75: 34494 | DW75: 0 | DX75: 4534 | DY75: 73160 | DZ75: 6914 | EA75: 18687 | EB75: 10096 | EC75: 0 | ED75: 26030 | EE75: 25666 | EF75: 0 | EG75: 24930 | EH75: 5699 | EI75: 0 | EJ75: 0 | EK75: 0 | EL75: 25910 | EM75: 7086 | EN75: 0 | EO75: 2574 | EP75: 0.35 | EQ75: 3090 | ER75: 0 | ES75: 0 | ET75: 2400 | EU75: 1023 | EV75: 10391 | EW75: 8625 | EX75: 0 | EY75: 0 | EZ75: 0 | FA75: 15255 | FB75: -219633 | FC75: 0 | FD75: 0 | FE75: 0 | FF75: -11000 | FG75: 0 | FH75: 0 | FI75: 0 | FJ75: 0 | FK75: 0 | FL75: 0 | FM75: 0 | FN75: 0 | FO75: 0 | FP75: 0 | FQ75: 0 | FR75: -105061.35 | FS75: 0 | FT75: -105061.35 | FU75: 0 | FV75: =+FW75+FX75 -> -21756.75 | FW75: 0 | FX75: -21756.75 | FY75: 0 | FZ75: 0 | GA75: 0 | GB75: 0 | GC75: 980200 | GD75: =+FW75-FS75 -> 0 | GF75: =SUM(C75:BJ75) -> 980200 | GG75: 980200 | GH75: =SUM(DK75:FQ75) -> 1085261.4 | GI75: =+GC75-GG75 -> 0 | GJ75: EA086 | GK75: St Paul's C.W. Primary School | GL75: 800550 | GM75: =+GF75-GL75 -> 179650 | GN75: 857112 | GO75: =+GH75-GN75 -> 228149.35 | GQ75: 800550 | GR75: =+GF75-GQ75 -> 179650
A76: EA087 | B76: St Peter's R.C. Primary School | C76: 1205608.5 | D76: 0 | E76: 0 | F76: 0 | G76: 56285.99 | H76: 123254.49 | I76: 238782.99 | J76: 0 | K76: 0 | L76: 11748.16 | M76: 0 | N76: 55954.59 | O76: 0 | P76: 47337.12 | Q76: 125975.37 | R76: 0 | S76: 36748.69 | T76: 0 | U76: 1297.13 | V76: 63525.19 | W76: 62185.75 | X76: 0 | Y76: 44468.83 | Z76: 6377.96 | AA76: 0 | AB76: 0 | AC76: 0 | AD76: 70009.76 | AE76: 8643.27 | AF76: 0 | AG76: 0 | AH76: 0 | AI76: 24368.25 | AJ76: 0 | AK76: 0 | AL76: 15130.39 | AM76: 4419.22 | AN76: 15285.44 | AO76: 13403.56 | AP76: 0 | AQ76: 5977.62 | AR76: 0 | AS76: 13271.21 | AT76: -32901.373 | AU76: 0 | AV76: -3909.41 | AW76: -3585 | AX76: -28157.64 | AY76: -391397.2 | AZ76: 0 | BA76: 0 | BB76: 0 | BC76: 0 | BD76: 0 | BE76: 0 | BF76: -125288.83 | BG76: 0 | BH76: 0 | BI76: 0 | BJ76: 0 | CF76: 0 | CP76: =+GC76-BZ76-CF76 -> 1664820 | DK76: 1232144 | DL76: 0 | DM76: 0 | DN76: 0 | DO76: 38107 | DP76: 116729 | DQ76: 256176 | DR76: 0 | DS76: 0 | DT76: 28005 | DU76: 0 | DV76: 58674 | DW76: 0 | DX76: 35211 | DY76: 85070 | DZ76: 0 | EA76: 47938 | EB76: 0 | EC76: 2134 | ED76: 62349 | EE76: 55539 | EF76: 0 | EG76: 69260 | EH76: 5414 | EI76: 1800 | EJ76: 0 | EK76: 0 | EL76: 39496 | EM76: 24345 | EN76: 0 | EO76: 0 | EP76: 27567.64 | EQ76: 24900 | ER76: 0 | ES76: 0 | ET76: 3500 | EU76: 4528 | EV76: 19815 | EW76: 10000 | EX76: 0 | EY76: 5500 | EZ76: 0 | FA76: 14155 | FB76: -348451 | FC76: 0 | FD76: 0 | FE76: -1800 | FF76: 0 | FG76: 0 | FH76: 0 | FI76: 0 | FJ76: 0 | FK76: 0 | FL76: 0 | FM76: 0 | FN76: 0 | FO76: 0 | FP76: 0 | FQ76: 0 | FR76: -253285.64 | FS76: 0 | FT76: -253285.64 | FU76: 0 | FV76: =+FW76+FX76 -> -127996.81 | FW76: 0 | FX76: -127996.81 | FY76: 0 | FZ76: 0 | GA76: 0 | GB76: 0 | GC76: 1664820 | GD76: =+FW76-FS76 -> 0 | GF76: =SUM(C76:BJ76) -> 1664820 | GG76: 1664820 | GH76: =SUM(DK76:FQ76) -> 1918105.6 | GI76: =+GC76-GG76 -> 0 | GJ76: EA087 | GK76: St Peter's R.C. Primary School | GL76: 1687410 | GM76: =+GF76-GL76 -> -22590 | GN76: 1874664 | GO76: =+GH76-GN76 -> 43441.64 | GQ76: 1687410 | GR76: =+GF76-GQ76 -> -22590
A77: EA088 | B77: St Philip Evans R.C. Primary School | C77: 1057524.5 | D77: 0 | E77: 0 | F77: 0 | G77: 99505.06 | H77: 129334.75 | I77: 167435.36 | J77: 0 | K77: 0 | L77: 11115.4 | M77: 0 | N77: 48906.42 | O77: 0 | P77: 6999.08 | Q77: 65573.66 | R77: 0 | S77: 21672.89 | T77: 7585.28 | U77: 4900 | V77: 39637.32 | W77: 43522.69 | X77: 0 | Y77: 50895.36 | Z77: 7796.08 | AA77: 0 | AB77: 408.42 | AC77: 0 | AD77: 35159.14 | AE77: 9040.96 | AF77: 0 | AG77: 2414.96 | AH77: 0 | AI77: 17347.2 | AJ77: 0 | AK77: 0 | AL77: 0 | AM77: 1510.9 | AN77: 12659.26 | AO77: 9244.87 | AP77: 0 | AQ77: 65 | AR77: 0 | AS77: 14894.75 | AT77: -56697.228 | AU77: 0 | AV77: -6758.49 | AW77: -1815 | AX77: 20009.27 | AY77: -352221.79 | AZ77: 0 | BA77: 0 | BB77: -15000 | BC77: -42.05 | BD77: 42.05 | BE77: 0 | BF77: -81526.06 | BG77: 0 | BH77: 0 | BI77: 0 | BJ77: 0 | CF77: 0 | CP77: =+GC77-BZ77-CF77 -> 1371140 | DK77: 996825.1 | DL77: 0 | DM77: 0 | DN77: 0 | DO77: 34723 | DP77: 109223.15 | DQ77: 188881.83 | DR77: 0 | DS77: 0 | DT77: 7861.1224 | DU77: 0 | DV77: 55381.919 | DW77: 0 | DX77: 9832 | DY77: 59300 | DZ77: 3000 | EA77: 32705.331 | EB77: 12510.861 | EC77: 5124 | ED77: 37522 | EE77: 51657 | EF77: 0 | EG77: 15855.6 | EH77: 8400 | EI77: 0 | EJ77: 0 | EK77: 0 | EL77: 27300 | EM77: 7415 | EN77: 0 | EO77: 2163 | EP77: 64724.232 | EQ77: 4753 | ER77: 0 | ES77: 0 | ET77: 2500 | EU77: 2900 | EV77: 416 | EW77: 12000 | EX77: 0 | EY77: 0 | EZ77: 0 | FA77: 15003.918 | FB77: -312749 | FC77: 0 | FD77: 0 | FE77: -2300 | FF77: 0 | FG77: 0 | FH77: 0 | FI77: 0 | FJ77: 0 | FK77: 0 | FL77: 0 | FM77: 0 | FN77: 0 | FO77: 0 | FP77: 0 | FQ77: 0 | FR77: -82600.19 | FS77: -811.13 | FT77: -81789.06 | FU77: 0 | FV77: =+FW77+FX77 -> -1116.18 | FW77: -853.18 | FX77: -263 | FY77: 0 | FZ77: 0 | GA77: 0 | GB77: 0 | GC77: 1371140 | GD77: =+FW77-FS77 -> -42.05 | GF77: =SUM(C77:BJ77) -> 1371140 | GG77: 1371140 | GH77: =SUM(DK77:FQ77) -> 1452929.1 | GI77: =+GC77-GG77 -> 0 | GJ77: EA088 | GK77: St Philip Evans R.C. Primary School | GL77: 1264180 | GM77: =+GF77-GL77 -> 106960 | GN77: 1316180 | GO77: =+GH77-GN77 -> 136749.06 | GQ77: 1264180 | GR77: =+GF77-GQ77 -> 106960
A78: EA089 | B78: Thornhill Primary School | C78: 1141614.6 | D78: 0 | E78: 0 | F78: 0 | G78: 63436.03 | H78: 172306.3 | I78: 261789.7 | J78: 0 | K78: 0 | L78: 41685.99 | M78: 0 | N78: 53338.8 | O78: 0 | P78: 8911.34 | Q78: 119103.95 | R78: 215.6 | S78: 33982.46 | T78: 25477.38 | U78: 2703.37 | V78: 48998.01 | W78: 32871.06 | X78: 37717.5 | Y78: 23961.8 | Z78: 6295.97 | AA78: 0 | AB78: 0 | AC78: 188.95 | AD78: 46085.12 | AE78: 0 | AF78: 0 | AG78: 1877.48 | AH78: 0 | AI78: 663.27 | AJ78: 0 | AK78: 0 | AL78: 14491 | AM78: 1806.17 | AN78: 15529.33 | AO78: 9136.29 | AP78: 0 | AQ78: 0 | AR78: 0 | AS78: 16783.19 | AT78: -37752.11 | AU78: 0 | AV78: 0 | AW78: -14705.86 | AX78: -24321.31 | AY78: -333675.48 | AZ78: 0 | BA78: 0 | BB78: -1973.69 | BC78: 0 | BD78: 0 | BE78: 0 | BF78: -69702.24 | BG78: 0 | BH78: 0 | BI78: 0 | BJ78: 0 | CF78: 37717.5 | CP78: =+GC78-BZ78-CF78 -> 1661122.5 | DK78: 1167062 | DL78: 0 | DM78: 0 | DN78: 0 | DO78: 39032 | DP78: 167120 | DQ78: 264181 | DR78: 0 | DS78: 0 | DT78: 39009 | DU78: 0 | DV78: 52553 | DW78: 0 | DX78: 8610 | DY78: 54411 | DZ78: 7735 | EA78: 35045 | EB78: 26143 | EC78: 2720 | ED78: 51901 | EE78: 42636 | EF78: 37717.5 | EG78: 15804 | EH78: 6502 | EI78: 200 | EJ78: 0 | EK78: 0 | EL78: 47000 | EM78: 110 | EN78: 0 | EO78: 3000 | EP78: -68005.875 | EQ78: 1808 | ER78: 0 | ES78: 0 | ET78: 5000 | EU78: 1788 | EV78: 12455 | EW78: 12000 | EX78: 0 | EY78: 0 | EZ78: 0 | FA78: 17246 | FB78: -260343 | FC78: 0 | FD78: 0 | FE78: -15000 | FF78: -6000 | FG78: 0 | FH78: 0 | FI78: 0 | FJ78: 0 | FK78: 0 | FL78: 0 | FM78: 0 | FN78: 0 | FO78: 0 | FP78: 0 | FQ78: 0 | FR78: -70599.625 | FS78: 0 | FT78: -70599.625 | FU78: 0 | FV78: =+FW78+FX78 -> -897.38 | FW78: 0 | FX78: -897.38 | FY78: 0 | FZ78: 0 | GA78: 0 | GB78: 0 | GC78: 1698840 | GD78: =+FW78-FS78 -> 0 | GF78: =SUM(C78:BJ78) -> 1698840 | GG78: 1698840 | GH78: =SUM(DK78:FQ78) -> 1769439.6 | GI78: =+GC78-GG78 -> 0 | GJ78: EA089 | GK78: Thornhill Primary School | GL78: 1453282.1 | GM78: =+GF78-GL78 -> 245557.89 | GN78: 1486308 | GO78: =+GH78-GN78 -> 283131.62 | GQ78: 1453282.1 | GR78: =+GF78-GQ78 -> 245557.89
A79: EA090 | B79: Tongwynlais Primary School | C79: 551035.83 | D79: 0 | E79: 0 | F79: 0 | G79: 36484.84 | H79: 68911.67 | I79: 166613.42 | J79: 0 | K79: 0 | L79: 9583.19 | M79: 0 | N79: 32403.55 | O79: 0 | P79: 4292.27 | Q79: 102259.4 | R79: 0 | S79: 6852.28 | T79: 9353 | U79: 1705.28 | V79: 28068.27 | W79: 31285 | X79: 12973.75 | Y79: 18021.22 | Z79: 3778.62 | AA79: 0 | AB79: 280.13 | AC79: 0 | AD79: 7268.41 | AE79: 0 | AF79: 0 | AG79: 2437.29 | AH79: 0 | AI79: 1334.16 | AJ79: 0 | AK79: 0 | AL79: 8599.75 | AM79: 500.58 | AN79: 13041.03 | AO79: 4233.59 | AP79: 0 | AQ79: 32.5 | AR79: 0 | AS79: 12733.48 | AT79: -19685.487 | AU79: 0 | AV79: -4242 | AW79: -6176.92 | AX79: -13198.25 | AY79: -172234.13 | AZ79: 0 | BA79: 0 | BB79: -2500 | BC79: 0 | BD79: 0 | BE79: 0 | BF79: -75945.72 | BG79: 0 | BH79: 0 | BI79: 0 | BJ79: 0 | CF79: 12973.75 | CP79: =+GC79-BZ79-CF79 -> 827126.25 | DK79: 555558 | DL79: 0 | DM79: 0 | DN79: 0 | DO79: 19564 | DP79: 65549 | DQ79: 174889 | DR79: 0 | DS79: 0 | DT79: 10104 | DU79: 0 | DV79: 31491 | DW79: 0 | DX79: 4237 | DY79: 87054 | DZ79: 6854 | EA79: 16233 | EB79: 13166 | EC79: 1165 | ED79: 31565 | EE79: 25800 | EF79: 12973.75 | EG79: 14187 | EH79: 3445 | EI79: 0 | EJ79: 650 | EK79: 0 | EL79: 12500 | EM79: 110 | EN79: 0 | EO79: 1950 | EP79: -139765.42 | EQ79: 1750 | ER79: 0 | ES79: 0 | ET79: 2300 | EU79: 550 | EV79: 8513 | EW79: 4200 | EX79: 0 | EY79: 0 | EZ79: 0 | FA79: 13265 | FB79: -138215 | FC79: 0 | FD79: 0 | FE79: -5000 | FF79: -2500 | FG79: 0 | FH79: 0 | FI79: 0 | FJ79: -7000 | FK79: 0 | FL79: 0 | FM79: 0 | FN79: 0 | FO79: 0 | FP79: 0 | FQ79: 0 | FR79: 12957.672 | FS79: 0 | FT79: 12957.672 | FU79: 0 | FV79: =+FW79+FX79 -> 88903.39 | FW79: 0 | FX79: 88903.39 | FY79: 0 | FZ79: 0 | GA79: 0 | GB79: 0 | GC79: 840100 | GD79: =+FW79-FS79 -> 0 | GF79: =SUM(C79:BJ79) -> 840100 | GG79: 840100 | GH79: =SUM(DK79:FQ79) -> 827142.33 | GI79: =+GC79-GG79 -> 0 | GJ79: EA090 | GK79: Tongwynlais Primary School | GL79: 826920.73 | GM79: =+GF79-GL79 -> 13179.27 | GN79: 861091 | GO79: =+GH79-GN79 -> -33948.673 | GQ79: 826920.73 | GR79: =+GF79-GQ79 -> 13179.27
A80: EA091 | B80: Ton-yr-Ywen Primary School | C80: 1032473.1 | D80: 0 | E80: 0 | F80: 0 | G80: 104765.3 | H80: 0 | I80: 556752.59 | J80: 0 | K80: 0 | L80: 43329.29 | M80: 0 | N80: 54881.42 | O80: 0 | P80: 2251.45 | Q80: 66089.52 | R80: 0 | S80: 39516.74 | T80: 20253.24 | U80: 8441.68 | V80: 69481.95 | W80: 71727.72 | X80: 26081.25 | Y80: 23867.36 | Z80: 8417.27 | AA80: 0 | AB80: 0 | AC80: 0 | AD80: 38488.44 | AE80: 0 | AF80: 0 | AG80: 3185.72 | AH80: 0 | AI80: 1220.65 | AJ80: 0 | AK80: 0 | AL80: 11600 | AM80: 1537.15 | AN80: 4893.72 | AO80: 5209.68 | AP80: 0 | AQ80: 575 | AR80: 0 | AS80: 17523.54 | AT80: -105826.6 | AU80: 0 | AV80: -37491.42 | AW80: -7049.5 | AX80: -89.83 | AY80: -299668.68 | AZ80: 0 | BA80: 0 | BB80: -8118.42 | BC80: 0 | BD80: 0 | BE80: 0 | BF80: 20960.68 | BG80: 0 | BH80: 0 | BI80: -9900.04 | BJ80: 0 | CF80: 26081.25 | CP80: =+GC80-BZ80-CF80 -> 1739298.8 | DK80: 1042558 | DL80: 0 | DM80: 0 | DN80: 0 | DO80: 44107 | DP80: 0 | DQ80: 518063 | DR80: 0 | DS80: 0 | DT80: 40747 | DU80: 0 | DV80: 53945 | DW80: 0 | DX80: 10000 | DY80: 67548 | DZ80: 0 | EA80: 33564 | EB80: 24115 | EC80: 4429 | ED80: 73434 | EE80: 63435 | EF80: 26081.25 | EG80: 40441 | EH80: 7140 | EI80: 0 | EJ80: 0 | EK80: 0 | EL80: 35000 | EM80: 0 | EN80: 0 | EO80: 3780 | EP80: 77.54 | EQ80: 1459 | ER80: 0 | ES80: 0 | ET80: 28000 | EU80: 1320 | EV80: 5169 | EW80: 5250 | EX80: 0 | EY80: 1492 | EZ80: 0 | FA80: 13377 | FB80: -266433 | FC80: 0 | FD80: -37000 | FE80: -17000 | FF80: 0 | FG80: 0 | FH80: 0 | FI80: 0 | FJ80: 0 | FK80: 0 | FL80: 0 | FM80: 0 | FN80: 0 | FO80: 0 | FP80: 0 | FQ80: 0 | FR80: -58718.79 | FS80: 0 | FT80: -58718.79 | FU80: 0 | FV80: =+FW80+FX80 -> -79679.47 | FW80: -2.7640112e-12 | FX80: -79679.47 | FY80: 0 | FZ80: 0 | GA80: 0 | GB80: 0 | GC80: 1765380 | GD80: =+FW80-FS80 -> -2.7640112e-12 | GF80: =SUM(C80:BJ80) -> 1765380 | GG80: 1765380 | GH80: =SUM(DK80:FQ80) -> 1824098.8 | GI80: =+GC80-GG80 -> 0 | GJ80: EA091 | GK80: Ton-yr-Ywen Primary School | GL80: 1622290 | GM80: =+GF80-GL80 -> 143090 | GN80: 1624957 | GO80: =+GH80-GN80 -> 199141.79 | GQ80: 1622290 | GR80: =+GF80-GQ80 -> 143090
A81: EA092 | B81: Tredegarville C.W. Primary School | C81: 685570.61 | D81: 0 | E81: 0 | F81: 0 | G81: 52466.09 | H81: 186897.43 | I81: 231617.03 | J81: 0 | K81: 0 | L81: 10712.46 | M81: 0 | N81: 39028.06 | O81: 0 | P81: 21981.12 | Q81: 50702.15 | R81: 0 | S81: 20088.84 | T81: 9790.26 | U81: 0 | V81: 33614.06 | W81: 36596.05 | X81: 0 | Y81: 11714.86 | Z81: 4037.13 | AA81: 17685 | AB81: 0 | AC81: 0 | AD81: 13366.87 | AE81: 3112.21 | AF81: 0 | AG81: 1993.02 | AH81: 0 | AI81: 2046.35 | AJ81: 0 | AK81: 0 | AL81: 2218.5 | AM81: 919.6 | AN81: 6654.09 | AO81: 3446.71 | AP81: 0 | AQ81: 65 | AR81: 0 | AS81: 13706.53 | AT81: -32874.711 | AU81: 0 | AV81: -5086.5 | AW81: 0 | AX81: -4997.42 | AY81: -320912.69 | AZ81: 0 | BA81: 0 | BB81: -2052.63 | BC81: 0 | BD81: 0 | BE81: 0 | BF81: -89652.68 | BG81: 0 | BH81: 0 | BI81: 2196.6 | BJ81: 0 | CF81: 0 | CP81: =+GC81-BZ81-CF81 -> 1006650 | DK81: 706885 | DL81: 0 | DM81: 0 | DN81: 0 | DO81: 27566 | DP81: 189392 | DQ81: 239080 | DR81: 0 | DS81: 0 | DT81: 10463 | DU81: 0 | DV81: 38764 | DW81: 0 | DX81: 19184 | DY81: 36804 | DZ81: 11032 | EA81: 20063 | EB81: 12877 | EC81: 0 | ED81: 34929 | EE81: 33650 | EF81: 0 | EG81: 13753 | EH81: 3824 | EI81: 14550 | EJ81: 0 | EK81: 2000 | EL81: 18000 | EM81: 2920 | EN81: 0 | EO81: 3675 | EP81: -44376.68 | EQ81: 2022 | ER81: 0 | ES81: 0 | ET81: 5190 | EU81: 997 | EV81: 7455 | EW81: 4326 | EX81: 0 | EY81: 0 | EZ81: 0 | FA81: 14135 | FB81: -306856 | FC81: 0 | FD81: 0 | FE81: 0 | FF81: 0 | FG81: 0 | FH81: 0 | FI81: 0 | FJ81: 0 | FK81: 0 | FL81: 0 | FM81: 0 | FN81: 0 | FO81: 0 | FP81: 0 | FQ81: 0 | FR81: -115653.32 | FS81: 0 | FT81: -115653.32 | FU81: 0 | FV81: =+FW81+FX81 -> -26000.64 | FW81: 0 | FX81: -26000.64 | FY81: 0 | FZ81: 0 | GA81: 0 | GB81: 0 | GC81: 1006650 | GD81: =+FW81-FS81 -> 0 | GF81: =SUM(C81:BJ81) -> 1006650 | GG81: 1006650 | GH81: =SUM(DK81:FQ81) -> 1122303.3 | GI81: =+GC81-GG81 -> 0 | GJ81: EA092 | GK81: Tredegarville C.W. Primary School | GL81: 924770 | GM81: =+GF81-GL81 -> 81880 | GN81: 982435 | GO81: =+GH81-GN81 -> 139868.32 | GQ81: 924770 | GR81: =+GF81-GQ81 -> 81880
A82: EA093 | B82: Trelai Primary School | C82: 1217809.1 | D82: 0 | E82: 0 | F82: 94.02 | G82: 76717.96 | H82: 46406.59 | I82: 265041.39 | J82: 0 | K82: 0 | L82: 29135.77 | M82: 0 | N82: 81070.76 | O82: 0 | P82: 54407.45 | Q82: 64899.29 | R82: 0 | S82: 34088.59 | T82: 16340.1 | U82: 1948.79 | V82: 51485.92 | W82: 49155.26 | X82: 40927.5 | Y82: 32824.41 | Z82: 3993.9 | AA82: 1160.6 | AB82: 0 | AC82: 0 | AD82: 37793.04 | AE82: 3641.06 | AF82: 0 | AG82: 2031.27 | AH82: 0 | AI82: 11152.18 | AJ82: 0 | AK82: 0 | AL82: 0 | AM82: 2201.89 | AN82: 18688.71 | AO82: 11129.5 | AP82: 0 | AQ82: 219397.33 | AR82: 0 | AS82: 14801 | AT82: -87094.506 | AU82: 0 | AV82: 0 | AW82: 0 | AX82: -219397.33 | AY82: -538257.25 | AZ82: 0 | BA82: 0 | BB82: -2500 | BC82: 0 | BD82: 0 | BE82: 0 | BF82: -79764.33 | BG82: 0 | BH82: 0 | BI82: 0 | BJ82: 0 | CF82: 40927.5 | CP82: =+GC82-BZ82-CF82 -> 1420402.5 | DK82: 1244295 | DL82: 0 | DM82: 0 | DN82: 0 | DO82: 36877 | DP82: 45351 | DQ82: 254778 | DR82: 0 | DS82: 0 | DT82: 28918 | DU82: 0 | DV82: 79007 | DW82: 0 | DX82: 35497 | DY82: 48085 | DZ82: 0 | EA82: 34616 | EB82: 16322 | EC82: 1800 | ED82: 56385 | EE82: 64078 | EF82: 40927.5 | EG82: 18312 | EH82: 4185 | EI82: 0 | EJ82: 0 | EK82: 0 | EL82: 33000 | EM82: 0 | EN82: 0 | EO82: 6615 | EP82: 2433.11 | EQ82: 21410 | ER82: 0 | ES82: 0 | ET82: 3600 | EU82: 2198 | EV82: 15640 | EW82: 14995 | EX82: 0 | EY82: 0 | EZ82: 0 | FA82: 15862 | FB82: -492093 | FC82: 0 | FD82: 0 | FE82: 0 | FF82: 0 | FG82: 0 | FH82: 0 | FI82: 0 | FJ82: 0 | FK82: 0 | FL82: 0 | FM82: 0 | FN82: 0 | FO82: 0 | FP82: 0 | FQ82: 0 | FR82: -171763.61 | FS82: 0 | FT82: -171763.61 | FU82: 0 | FV82: =+FW82+FX82 -> -91999.28 | FW82: 0 | FX82: -91999.28 | FY82: 0 | FZ82: 0 | GA82: 0 | GB82: 0 | GC82: 1461330 | GD82: =+FW82-FS82 -> 0 | GF82: =SUM(C82:BJ82) -> 1461330 | GG82: 1461330 | GH82: =SUM(DK82:FQ82) -> 1633093.6 | GI82: =+GC82-GG82 -> 0 | GJ82: EA093 | GK82: Trelai Primary School | GL82: 1483916 | GM82: =+GF82-GL82 -> -22586 | GN82: 1631328 | GO82: =+GH82-GN82 -> 1765.61 | GQ82: 1483916 | GR82: =+GF82-GQ82 -> -22586
... A99: EA115 | B99: Ysgol Glan Ceubal | C99: 692162.66 | D99: 0 | E99: 0 | F99: 1.99 | G99: 17496.07 | H99: 0 | I99: 183138.86 | J99: 0 | K99: 0 | L99: 5673.34 | M99: 0 | N99: 36638.64 | O99: 0 | P99: 21814.18 | Q99: 28495.37 | R99: 0 | S99: 20842.95 | T99: 6178.67 | U99: 8796 | V99: 30182.69 | W99: 34608.84 | X99: 23882 | Y99: 7232.85 | Z99: 3308.95 | AA99: 0 | AB99: 276.55 | AC99: 0 | AD99: 28986.75 | AE99: 1814 | AF99: 0 | AG99: 1502.18 | AH99: 0 | AI99: 1593.38 | AJ99: 0 | AK99: 0 | AL99: 3482.17 | AM99: 1653 | AN99: 220775.5 | AO99: 14632.8 | AP99: 0 | AQ99: 130 | AR99: 0 | AS99: 12414.29 | AT99: -34745.135 | AU99: 0 | AV99: -6870 | AW99: -5168.2 | AX99: -6076.15 | AY99: -155414.01 | AZ99: 0 | BA99: 0 | BB99: 0 | BC99: 0 | BD99: 0 | BE99: 0 | BF99: -126061.18 | BG99: 0 | BH99: 0 | BI99: 0 | BJ99: 0 | CF99: 23882 | CP99: =+GC99-BZ99-CF99 -> 1049498 | DK99: 683608 | DL99: 0 | DM99: 0 | DN99: 0 | DO99: 20006 | DP99: 0 | DQ99: 191067 | DR99: 0 | DS99: 0 | DT99: 7648 | DU99: 0 | DV99: 29316 | DW99: 0 | DX99: 10532 | DY99: 22352 | DZ99: 6827 | EA99: 15591 | EB99: 5755 | EC99: 8798 | ED99: 30422 | EE99: 45820 | EF99: 23882 | EG99: 6864 | EH99: 4400 | EI99: 0 | EJ99: 0 | EK99: 0 | EL99: 20000 | EM99: 110 | EN99: 0 | EO99: 1500 | EP99: -89260.677 | EQ99: 1440 | ER99: 0 | ES99: 0 | ET99: 2500 | EU99: 1800 | EV99: 220200 | EW99: 3430 | EX99: 0 | EY99: 0 | EZ99: 0 | FA99: 12966 | FB99: -147973 | FC99: 0 | FD99: 0 | FE99: 0 | FF99: 0 | FG99: 0 | FH99: 0 | FI99: 0 | FJ99: 0 | FK99: 0 | FL99: 0 | FM99: 0 | FN99: 0 | FO99: 0 | FP99: 0 | FQ99: 0 | FR99: -66220.323 | FS99: 0 | FT99: -66220.323 | FU99: 0 | FV99: =+FW99+FX99 -> 59840.86 | FW99: 0 | FX99: 59840.86 | FY99: 0 | FZ99: 0 | GA99: 0 | GB99: 0 | GC99: 1073380 | GD99: =+FW99-FS99 -> 0 | GF99: =SUM(C99:BJ99) -> 1073380 | GG99: 1073380 | GH99: =SUM(DK99:FQ99) -> 1139600.3 | GI99: =+GC99-GG99 -> 0 | GJ99: EA115 | GK99: Ysgol Glan Ceubal | GL99: 726014.67 | GM99: =+GF99-GL99 -> 347365.33 | GN99: 744127 | GO99: =+GH99-GN99 -> 395473.32 | GQ99: 726014.67 | GR99: =+GF99-GQ99 -> 347365.33
A100: EA116 | B100: Pencaerau Primary | C100: 703622.33 | D100: 0 | E100: 0 | F100: 0 | G100: 41004.04 | H100: 169677.66 | I100: 191784.03 | J100: 0 | K100: 0 | L100: 10460.08 | M100: 0 | N100: 50725.95 | O100: 0 | P100: 3220.53 | Q100: 71401.05 | R100: 0 | S100: 33348.81 | T100: 5187.97 | U100: 4836 | V100: 48218.61 | W100: 45447.68 | X100: 22068.75 | Y100: 6074.98 | Z100: 5157.97 | AA100: 0 | AB100: 0 | AC100: 282.11 | AD100: 9106.26 | AE100: 2122.89 | AF100: 0 | AG100: 1636.52 | AH100: 0 | AI100: 4250.64 | AJ100: 0 | AK100: 0 | AL100: 35693.33 | AM100: 1602.4 | AN100: 9274.86 | AO100: 8124.41 | AP100: 0 | AQ100: 0 | AR100: 0 | AS100: 11978.88 | AT100: -42783.346 | AU100: 0 | AV100: -11892 | AW100: 0 | AX100: -22568.08 | AY100: -298129.47 | AZ100: 0 | BA100: 0 | BB100: 0 | BC100: 0 | BD100: 0 | BE100: 0 | BF100: -19446.94 | BG100: 0 | BH100: 0 | BI100: -7338.9 | BJ100: 0 | CF100: 22068.75 | CP100: =+GC100-BZ100-CF100 -> 1072081.2 | CQ100: 0 | CR100: 0 | CS100: 0 | CT100: 0 | CU100: 0 | CV100: 0 | CW100: 0 | CX100: 0 | CY100: 0 | CZ100: 0 | DA100: 0 | DB100: 0 | DC100: 0 | DD100: 0 | DE100: 0 | DF100: 0 | DG100: 0 | DH100: 0 | DI100: 0 | DJ100: 0 | DK100: 742868 | DL100: 0 | DM100: 0 | DN100: 0 | DO100: 27863 | DP100: 166747 | DQ100: 170907 | DR100: 0 | DS100: 0 | DT100: 10498 | DU100: 0 | DV100: 56142 | DW100: 0 | DX100: 12312 | DY100: 14736 | DZ100: 0 | EA100: 33354 | EB100: 5549 | EC100: 5130 | ED100: 51927 | EE100: 44871 | EF100: 22068.75 | EG100: 30399 | EH100: 5670 | EI100: 0 | EJ100: 0 | EK100: 300 | EL100: 10000 | EM100: 110 | EN100: 0 | EO100: 2120 | EP100: 180.07 | EQ100: 4550 | ER100: 0 | ES100: 0 | ET100: 3000 | EU100: 1500 | EV100: 500 | EW100: 5000 | EX100: 0 | EY100: 0 | EZ100: 0 | FA100: 12596 | FB100: -257701 | FC100: 0 | FD100: -4000 | FE100: 0 | FF100: 0 | FG100: 0 | FH100: 0 | FI100: 0 | FJ100: 0 | FK100: 0 | FL100: 0 | FM100: 0 | FN100: 0 | FO100: 0 | FP100: -2800 | FQ100: 0 | FR100: -82246.82 | FS100: 0 | FT100: -82246.82 | FU100: 0 | FV100: =+FW100+FX100 -> -62799.88 | FW100: 0 | FX100: -62799.88 | FY100: 0 | FZ100: 0 | GA100: 0 | GB100: 0 | GC100: 1094150 | GD100: =+FW100-FS100 -> 0 | GE100: 0 | GF100: =SUM(C100:BJ100) -> 1094150 | GG100: 1094150 | GH100: =SUM(DK100:FQ100) -> 1176396.8 | GI100: =+GC100-GG100 -> 0 | GJ100: EA116 | GK100: Pencaerau Primary | GL100: 1033140 | GM100: =+GF100-GL100 -> 61010 | GN100: 1082399 | GO100: =+GH100-GN100 -> 93997.82 | GQ100: 1033140 | GR100: =+GF100-GQ100 -> 61010
A101: EA117 | B101: Trowbridge Primary | C101: 580350.16 | D101: 0 | E101: 0 | F101: 0 | G101: 20091.43 | H101: 0 | I101: 110374.68 | J101: 0 | K101: 0 | L101: 10384.95 | M101: 0 | N101: 36833.98 | O101: 0 | P101: 66574.16 | Q101: 84207.11 | R101: 0 | S101: 25701.54 | T101: 9597.02 | U101: 510 | V101: 27529.13 | W101: 28097.78 | X101: 20062.5 | Y101: 15839.75 | Z101: 2204.22 | AA101: 557.63 | AB101: 0 | AC101: 256.71 | AD101: 9327.58 | AE101: 4629.75 | AF101: 0 | AG101: 1323.18 | AH101: 0 | AI101: 4349.56 | AJ101: 0 | AK101: 0 | AL101: 870 | AM101: 812.59 | AN101: 4036.5 | AO101: 4264.52 | AP101: 0 | AQ101: 65 | AR101: 0 | AS101: 12355.89 | AT101: -17849.172 | AU101: 0 | AV101: -4286.68 | AW101: 0 | AX101: -1290 | AY101: -244373.54 | AZ101: 0 | BA101: 0 | BB101: -3125 | BC101: 0 | BD101: 0 | BE101: 0 | BF101: -1272.93 | BG101: 0 | BH101: 0 | BI101: 0 | BJ101: 0 | CF101: 20062.5 | CP101: =+GC101-BZ101-CF101 -> 788947.5 | CQ101: 0 | CR101: 0 | CS101: 0 | CT101: 0 | CU101: 0 | CV101: 0 | CW101: 0 | CX101: 0 | CY101: 0 | CZ101: 0 | DA101: 0 | DB101: 0 | DC101: 0 | DD101: 0 | DE101: 0 | DF101: 0 | DG101: 0 | DH101: 0 | DI101: 0 | DJ101: 0 | DK101: 579412 | DL101: 0 | DM101: 0 | DN101: 0 | DO101: 18354 | DP101: 0 | DQ101: 110413 | DR101: 0 | DS101: 0 | DT101: 10251 | DU101: 0 | DV101: 36324 | DW101: 0 | DX101: 67360 | DY101: 115488 | DZ101: 0 | EA101: 23986 | EB101: 9415 | EC101: 515 | ED101: 28342 | EE101: 33652 | EF101: 20062.5 | EG101: 10184 | EH101: 2680 | EI101: 0 | EJ101: 0 | EK101: 500 | EL101: 15000 | EM101: 3670 | EN101: 0 | EO101: 1020 | EP101: 1155.625 | EQ101: 5887 | ER101: 0 | ES101: 0 | ET101: 2800 | EU101: 900 | EV101: 4171 | EW101: 5750 | EX101: 0 | EY101: 0 | EZ101: 0 | FA101: 13151 | FB101: -213207 | FC101: 0 | FD101: -1132 | FE101: 0 | FF101: 0 | FG101: 0 | FH101: 0 | FI101: 0 | FJ101: 0 | FK101: 0 | FL101: 0 | FM101: 0 | FN101: 0 | FO101: 0 | FP101: 0 | FQ101: 0 | FR101: -97094.125 | FS101: 0 | FT101: -97094.125 | FU101: 0 | FV101: =+FW101+FX101 -> -95821.2 | FW101: 0 | FX101: -95821.2 | FY101: 0 | FZ101: 0 | GA101: 0 | GB101: 0 | GC101: 809010 | GD101: =+FW101-FS101 -> 0 | GE101: 0 | GF101: =SUM(C101:BJ101) -> 809010 | GG101: 809010 | GH101: =SUM(DK101:FQ101) -> 906104.13 | GI101: =+GC101-GG101 -> 0 | GJ101: EA117 | GK101: Trowbridge Primary | GL101: 840141.13 | GM101: =+GF101-GL101 -> -31131.13 | GN101: 810140 | GO101: =+GH101-GN101 -> 95964.125 | GQ101: 840141.13 | GR101: =+GF101-GQ101 -> -31131.13
A102: EA120 | B102: Corpus Christi R.C. High School | C102: 4263030.8 | D102: 85684.21 | E102: 0 | F102: 0 | G102: 136397.07 | H102: 0 | I102: 305691.99 | J102: 0 | K102: 161885.43 | L102: 13387.82 | M102: 47437.33 | N102: 356743.35 | O102: 0 | P102: 59668.6 | Q102: 115544.65 | R102: 0 | S102: 94150.88 | T102: 0 | U102: 13270 | V102: 167754.13 | W102: 145161.75 | X102: 0 | Y102: 220879.7 | Z102: 8447.06 | AA102: 6601.18 | AB102: 1046.26 | AC102: 8625.41 | AD102: 78598.66 | AE102: 34101.16 | AF102: 870.25 | AG102: 0 | AH102: 0 | AI102: 58549.41 | AJ102: 0 | AK102: 100834.22 | AL102: 11809.97 | AM102: 4489.26 | AN102: 18709.26 | AO102: 11706.98 | AP102: 0 | AQ102: 9739.54 | AR102: 57010 | AS102: 27986.63 | AT102: -113818.7 | AU102: 0 | AV102: -66890.8 | AW102: 0 | AX102: -188658.98 | AY102: -584230.17 | AZ102: -387.2 | BA102: 0 | BB102: -6217.45 | BC102: 0 | BD102: 0 | BE102: 0 | BF102: -362205.56 | BG102: 0 | BH102: 0 | BI102: -24.05 | BJ102: 0 | CF102: 0 | CP102: =+GC102-BZ128-CF102 -> 5303380 | DK102: 4495699.9 | DL102: 85690.167 | DM102: 0 | DN102: 0 | DO102: 36059 | DP102: 8000 | DQ102: 306203.05 | DR102: 0 | DS102: 171194.14 | DT102: 14728.2 | DU102: 51245.737 | DV102: 354364.06 | DW102: 0 | DX102: 56469.67 | DY102: 59005.58 | DZ102: 0 | EA102: 92097.68 | EB102: 0 | EC102: 17211 | ED102: 181550.71 | EE102: 182231 | EF102: 0 | EG102: 62623 | EH102: 8400 | EI102: 0 | EJ102: 606.96 | EK102: 5536.08 | EL102: 90000 | EM102: 45152 | EN102: 1622.25 | EO102: 0 | EP102: -686557.9 | EQ102: 46620.727 | ER102: 0 | ES102: 135000 | ET102: 14700 | EU102: 4400 | EV102: 18353 | EW102: 15099 | EX102: 0 | EY102: 0 | EZ102: 57010 | FA102: 26893.855 | FB102: -578942 | FC102: 0 | FD102: -32800 | FE102: -1000 | FF102: -82518 | FG102: 0 | FH102: 0 | FI102: 0 | FJ102: -7000 | FK102: 0 | FL102: 0 | FM102: 0 | FN102: 0 | FO102: 0 | FP102: -100 | FQ102: 0 | FR102: 48531.11 | FS102: 0 | FT102: 48531.11 | FU102: 0 | FV102: =+FW102+FX102 -> 410736.67 | FW102: 0 | FX102: 410736.67 | FY102: 0 | FZ102: 0 | GA102: 0 | GB102: 0 | GC102: 5303380 | GD102: =+FW102-FS102 -> 0 | GF102: =SUM(C102:BJ102) -> 5303380 | GG102: 5303380 | GH102: =SUM(DK102:FQ102) -> 5254848.9 | GI102: =+GC102-GG102 -> 0 | GJ102: EA120 | GK102: Corpus Christi R.C. High School | GL102: 4652380 | GM102: =+GF102-GL102 -> 651000 | GN102: 4834800 | GO102: =+GH102-GN102 -> 420048.89 | GQ102: 4652380 | GR102: =+GF102-GQ102 -> 651000
A103: EA121 | B103: Mary Immaculate High School | C103: 3259256.2 | D103: 0 | E103: 0 | F103: 32260.37 | G103: 237533.15 | H103: 280010.91 | I103: 292559.65 | J103: 0 | K103: 119720.82 | L103: 9714.43 | M103: 72100.07 | N103: 274834.28 | O103: 0 | P103: 67041.58 | Q103: 54737.57 | R103: 0 | S103: 99905.64 | T103: 158492.49 | U103: 10399.96 | V103: 131162.97 | W103: 142355.29 | X103: 0 | Y103: 51331.26 | Z103: 10370 | AA103: 26645.19 | AB103: 43.5 | AC103: 4113.82 | AD103: 135903.72 | AE103: 40466.3 | AF103: 0 | AG103: 163627.56 | AH103: 0 | AI103: 39434.54 | AJ103: 0 | AK103: 105795.34 | AL103: 5090.97 | AM103: 4622.22 | AN103: 400 | AO103: 27034.6 | AP103: 0 | AQ103: 4703.06 | AR103: 0 | AS103: 25828.73 | AT103: -199318.64 | AU103: 0 | AV103: -3376.8 | AW103: -2952 | AX103: -104883.12 | AY103: -715559.59 | AZ103: -246569.2 | BA103: 0 | BB103: -41994.89 | BC103: 0 | BD103: 0 | BE103: 0 | BF103: -101105.32 | BG103: 0 | BH103: 0 | BI103: -66.62 | BJ103: 0 | CF103: 0 | CP103: =+GC103-BZ129-CF103 -> 4471670 | DK103: 3202539.5 | DL103: 0 | DM103: 0 | DN103: 0 | DO103: 95165 | DP103: 257476.19 | DQ103: 352930.24 | DR103: 0 | DS103: 116759.62 | DT103: 10659 | DU103: 70975.385 | DV103: 260215.61 | DW103: 0 | DX103: 37436 | DY103: 41082 | DZ103: 0 | EA103: 79693.171 | EB103: 149854.36 | EC103: 10500 | ED103: 124440.2 | EE103: 208811 | EF103: 0 | EG103: 49305 | EH103: 8500 | EI103: 17182.368 | EJ103: 226.8 | EK103: 3075.408 | EL103: 90000 | EM103: 27675.5 | EN103: 2000 | EO103: 130000 | EP103: -174188.21 | EQ103: 52460.1 | ER103: 0 | ES103: 115500 | ET103: 2500 | EU103: 14715 | EV103: 25747 | EW103: 32000 | EX103: 0 | EY103: 3000 | EZ103: 0 | FA103: 29189.849 | FB103: -566063 | FC103: 0 | FD103: 0 | FE103: -2000 | FF103: -11100 | FG103: 0 | FH103: -170000 | FI103: 0 | FJ103: -2800 | FK103: 0 | FL103: 0 | FM103: 0 | FN103: 0 | FO103: 0 | FP103: -100 | FQ103: 0 | FR103: -223693.08 | FS103: 0 | FT103: -223693.08 | FU103: 0 | FV103: =+FW103+FX103 -> -122587.76 | FW103: 0 | FX103: -122587.76 | FY103: 0 | FZ103: 0 | GA103: 0 | GB103: 0 | GC103: 4471670 | GD103: =+FW103-FS103 -> 0 | GF103: =SUM(C103:BJ103) -> 4471670 | GG103: 4471670 | GH103: =SUM(DK103:FQ103) -> 4695363.1 | GI103: =+GC103-GG103 -> 0 | GJ103: EA121 | GK103: Mary Immaculate High School | GL103: 3673770 | GM103: =+GF103-GL103 -> 797900 | GN103: 3768082 | GO103: =+GH103-GN103 -> 927281.08 | GQ103: 3673770 | GR103: =+GF103-GQ103 -> 797900
A104: EA122 | B104: St Illtyd's R.C. High School | C104: 4011988.4 | D104: 184492.76 | E104: 0 | F104: 1226.5 | G104: 14308.02 | H104: 227476.36 | I104: 94284.9 | J104: 0 | K104: 65490.83 | L104: 25292.73 | M104: 342311.55 | N104: 237737.09 | O104: 0 | P104: 112300 | Q104: 95746.16 | R104: 13859.91 | S104: 85745.1 | T104: 0 | U104: 6440.43 | V104: 143005.78 | W104: 135915.92 | X104: 0 | Y104: 103569.17 | Z104: 14292.76 | AA104: 0 | AB104: 1027.03 | AC104: 1127.39 | AD104: 107900.54 | AE104: 33476.3 | AF104: 0 | AG104: 1312.07 | AH104: 0 | AI104: 31937.53 | AJ104: 0 | AK104: 137555.04 | AL104: 5767.81 | AM104: 2204.87 | AN104: 42 | AO104: 9233.05 | AP104: 0 | AQ104: 3374.75 | AR104: 116400 | AS104: 23913.02 | AT104: -186211.81 | AU104: 0 | AV104: -7538.83 | AW104: -4590 | AX104: -46734 | AY104: -823258.83 | AZ104: -324 | BA104: 0 | BB104: -30506.64 | BC104: 0 | BD104: 0 | BE104: 0 | BF104: -172781.68 | BG104: 0 | BH104: 0 | BI104: 0 | BJ104: 0 | CF104: 0 | CP104: =+GC104-BZ130-CF104 -> 5118810 | DK104: 4072331 | DL104: 194756 | DM104: 0 | DN104: 3200 | DO104: 44441 | DP104: 255783 | DQ104: 80968 | DR104: 0 | DS104: 63895 | DT104: 26221 | DU104: 302277 | DV104: 239985 | DW104: 0 | DX104: 114713 | DY104: 72232 | DZ104: 0 | EA104: 85126 | EB104: 0 | EC104: 6259 | ED104: 144593 | EE104: 125972 | EF104: 0 | EG104: 74572 | EH104: 9923 | EI104: 0 | EJ104: 1200 | EK104: 3000 | EL104: 52000 | EM104: 31864 | EN104: 2655 | EO104: 1680 | EP104: -0.41000003 | EQ104: 29816 | ER104: 0 | ES104: 130095 | ET104: 4500 | EU104: 2327 | EV104: 450 | EW104: 11500 | EX104: 0 | EY104: 5000 | EZ104: 116400 | FA104: 26187 | FB104: -752553 | FC104: 0 | FD104: 0 | FE104: -7000 | FF104: -7500 | FG104: 0 | FH104: 0 | FI104: 0 | FJ104: -7000 | FK104: 0 | FL104: 0 | FM104: 0 | FN104: 0 | FO104: 0 | FP104: 0 | FQ104: 0 | FR104: -443057.59 | FS104: 0 | FT104: -443057.59 | FU104: 0 | FV104: =+FW104+FX104 -> -270275.91 | FW104: 0 | FX104: -270275.91 | FY104: 0 | FZ104: 0 | GA104: 0 | GB104: 0 | GC104: 5118810 | GD104: =+FW104-FS104 -> 0 | GF104: =SUM(C104:BJ104) -> 5118810 | GG104: 5118810 | GH104: =SUM(DK104:FQ104) -> 5561867.6 | GI104: =+GC104-GG104 -> 0 | GJ104: EA122 | GK104: St Illtyd's R.C. High School | GL104: 4177870 | GM104: =+GF104-GL104 -> 940940 | GN104: 4209870 | GO104: =+GH104-GN104 -> 1351997.6 | GQ104: 4177870 | GR104: =+GF104-GQ104 -> 940940
A105: EA123 | B105: Bishop Of Llandaff C.W. High School | C105: 4659428.4 | D105: 76278.91 | E105: 587128.75 | F105: 486.1 | G105: 198208.47 | H105: 754312.22 | I105: 142803.19 | J105: 0 | K105: 187876.94 | L105: 34109.79 | M105: 58676.66 | N105: 450488.55 | O105: 0 | P105: 12428.2 | Q105: 93697.59 | R105: 0 | S105: 185131.58 | T105: 198669.41 | U105: 5800.08 | V105: 280498.03 | W105: 277274.23 | X105: 0 | Y105: 928653.54 | Z105: 35341.82 | AA105: 0 | AB105: 0 | AC105: 20477.02 | AD105: 110101.49 | AE105: 40328.81 | AF105: 4113.49 | AG105: 187677.41 | AH105: 0 | AI105: 65799.7 | AJ105: 0 | AK105: 46224.98 | AL105: 25672.31 | AM105: 3950 | AN105: 0 | AO105: 17476.54 | AP105: 0 | AQ105: 45981.58 | AR105: 60077.15 | AS105: 62472.69 | AT105: -1019728 | AU105: 0 | AV105: -109673.6 | AW105: -16355 | AX105: -369056.47 | AY105: -462101.42 | AZ105: 0 | BA105: 0 | BB105: -75038.39 | BC105: 0 | BD105: 0 | BE105: 0 | BF105: -36178.2 | BG105: 0 | BH105: 0 | BI105: -94.51 | BJ105: 0 | CF105: 0 | CP105: =+GC105-BZ131-CF105 -> 7769420 | DK105: 4686609 | DL105: 74023 | DM105: 576945 | DN105: 0 | DO105: 120000 | DP105: 745889 | DQ105: 164038 | DR105: 8322 | DS105: 201193 | DT105: 30000 | DU105: 35149 | DV105: 426303 | DW105: 0 | DX105: 32500 | DY105: 43500 | DZ105: 5000 | EA105: 139975 | EB105: 167685 | EC105: 0 | ED105: 266636 | EE105: 180000 | EF105: 0 | EG105: 108000 | EH105: 20000 | EI105: 0 | EJ105: 0 | EK105: 18000 | EL105: 90000 | EM105: 25000 | EN105: 2000 | EO105: 0 | EP105: 2.69 | EQ105: 72000 | ER105: 0 | ES105: 180000 | ET105: 0 | EU105: 3000 | EV105: 0 | EW105: 30000 | EX105: 0 | EY105: 25000 | EZ105: 150000 | FA105: 83935 | FB105: -299395 | FC105: 0 | FD105: 0 | FE105: 0 | FF105: -464039 | FG105: 0 | FH105: 0 | FI105: 0 | FJ105: 0 | FK105: 0 | FL105: 0 | FM105: 0 | FN105: 0 | FO105: 0 | FP105: -191 | FQ105: 0 | FR105: -177659.69 | FS105: 0 | FT105: -177659.69 | FU105: 0 | FV105: =+FW105+FX105 -> -141481.49 | FW105: 0 | FX105: -141481.49 | FY105: 0 | FZ105: 0 | GA105: 0 | GB105: 0 | GC105: 7769420 | GD105: =+FW105-FS105 -> 0 | GF105: =SUM(C105:BJ105) -> 7769420 | GG105: 7769420 | GH105: =SUM(DK105:FQ105) -> 7947079.7 | GI105: =+GC105-GG105 -> 0 | GJ105: EA123 | GK105: Bishop Of Llandaff C.W. High School | GL105: 6311030 | GM105: =+GF105-GL105 -> 1458390 | GN105: 6345526 | GO105: =+GH105-GN105 -> 1601553.7 | GQ105: 6311030 | GR105: =+GF105-GQ105 -> 1458390
A106: EA125 | B106: Cantonian High School | C106: 3931202.2 | D106: 277550.81 | E106: 207726.8 | F106: 0 | G106: 240903.85 | H106: 897305.91 | I106: 320650.11 | J106: 0 | K106: 116607.77 | L106: 31981.36 | M106: 80279.81 | N106: 263922.33 | O106: 0 | P106: 66980.28 | Q106: 467725.65 | R106: 0 | S106: 134591.16 | T106: 0 | U106: 2096.22 | V106: 113143.04 | W106: 182098.35 | X106: 52697.5 | Y106: 41739.84 | Z106: 19055.22 | AA106: 69394.71 | AB106: 334.57 | AC106: 22146.02 | AD106: 149987.29 | AE106: 21374.95 | AF106: 0 | AG106: 10500.19 | AH106: 0 | AI106: 32695.22 | AJ106: 0 | AK106: 94710.05 | AL106: 2568.5 | AM106: 11360.94 | AN106: 11587.25 | AO106: 31472.35 | AP106: 0 | AQ106: 18847.98 | AR106: 122150 | AS106: 27779.12 | AT106: -547635.79 | AU106: 0 | AV106: -14596.66 | AW106: -9666.57 | AX106: -24887.49 | AY106: -780294.78 | AZ106: 0 | BA106: 0 | BB106: -9104.74 | BC106: 0 | BD106: 0 | BE106: 0 | BF106: -588811.33 | BG106: 0 | BH106: 0 | BI106: 0 | BJ106: 0 | CF106: 52697.5 | CP106: =+GC106-BZ133-CF106 -> 6047472.5 | DK106: 3915149 | DL106: 277568 | DM106: 206272 | DN106: 0 | DO106: 139826 | DP106: 1104720 | DQ106: 305385 | DR106: 0 | DS106: 108995 | DT106: 32044 | DU106: 82944 | DV106: 231456 | DW106: 0 | DX106: 55000 | DY106: 124580 | DZ106: 0 | EA106: 122204 | EB106: 0 | EC106: 2000 | ED106: 125604 | EE106: 110000 | EF106: 52697.5 | EG106: 30000 | EH106: 16800 | EI106: 1600 | EJ106: 350 | EK106: 7500 | EL106: 95500 | EM106: 12000 | EN106: 0 | EO106: 5000 | EP106: 5153.56 | EQ106: 25200 | ER106: 0 | ES106: 120000 | ET106: 2000 | EU106: 6630 | EV106: 5330 | EW106: 19000 | EX106: 0 | EY106: 14000 | EZ106: 122150 | FA106: 27514 | FB106: -984519 | FC106: 0 | FD106: 0 | FE106: -3000 | FF106: -25000 | FG106: -9000 | FH106: 0 | FI106: 0 | FJ106: -9880 | FK106: 0 | FL106: 0 | FM106: 0 | FN106: 0 | FO106: 0 | FP106: 0 | FQ106: 0 | FR106: -380603.06 | FS106: 0 | FT106: -380603.06 | FU106: 0 | FV106: =+FW106+FX106 -> 208208.27 | FW106: 0 | FX106: 208208.27 | FY106: 0 | FZ106: 0 | GA106: 0 | GB106: 0 | GC106: 6100170 | GD106: =+FW106-FS106 -> 0 | GF106: =SUM(C106:BJ106) -> 6100170 | GG106: 6100170 | GH106: =SUM(DK106:FQ106) -> 6480773.1 | GI106: =+GC106-GG106 -> 0 | GJ106: EA125 | GK106: Cantonian High School | GL106: 4194129 | GM106: =+GF106-GL106 -> 1906041 | GN106: 3326584 | GO106: =+GH106-GN106 -> 3154189.1 | GQ106: 4194129 | GR106: =+GF106-GQ106 -> 1906041
A107: EA126 | B107: Cardiff High School | C107: 6830050 | D107: 0 | E107: 75998.64 | F107: 1844.43 | G107: 0 | H107: 15302.22 | I107: 768812.57 | J107: 0 | K107: 432443.67 | L107: 44296.93 | M107: 46764.36 | N107: 327514.11 | O107: 0 | P107: 24239.2 | Q107: 235559.33 | R107: 0 | S107: 198218.13 | T107: 191267.89 | U107: 11253.94 | V107: 229329.14 | W107: 268025.46 | X107: 172538 | Y107: 79982.79 | Z107: 26107.41 | AA107: 0 | AB107: 0 | AC107: 6579.65 | AD107: 269010.83 | AE107: 18679.93 | AF107: 210.62 | AG107: 400116.24 | AH107: 0 | AI107: 154042.44 | AJ107: 0 | AK107: 218648.47 | AL107: 0 | AM107: 2809.16 | AN107: 400 | AO107: 25422.07 | AP107: 0 | AQ107: 21246.06 | AR107: 55210.78 | AS107: 71633.06 | AT107: -880992 | AU107: 0 | AV107: -51530.13 | AW107: -74572 | AX107: -664785.5 | AY107: -681512.96 | AZ107: -137887.89 | BA107: 0 | BB107: -89979.03 | BC107: -20573.57 | BD107: 0 | BE107: 0 | BF107: 180652.12 | BG107: 0 | BH107: 0 | BI107: -23666.55 | BJ107: 0 | CF107: 172538 | CP107: =+GC107-BZ107-CF107 -> 8606172 | DK107: 6921198 | DL107: 0 | DM107: 70856 | DN107: 0 | DO107: 0 | DP107: 0 | DQ107: 841389 | DR107: 0 | DS107: 407568 | DT107: 25000 | DU107: 61987 | DV107: 381185 | DW107: 0 | DX107: 98456 | DY107: 155359 | DZ107: 0 | EA107: 204599 | EB107: 206582 | EC107: 12500 | ED107: 242269 | EE107: 292576 | EF107: 172538 | EG107: 66200 | EH107: 22820 | EI107: 0 | EJ107: 500 | EK107: 10000 | EL107: 238441 | EM107: 3500 | EN107: 500 | EO107: 0 | EP107: 15473.83 | EQ107: 111740 | ER107: 0 | ES107: 264000 | ET107: 0 | EU107: 0 | EV107: 0 | EW107: 23000 | EX107: 0 | EY107: 0 | EZ107: 45580 | FA107: 79315 | FB107: -432264 | FC107: 0 | FD107: 0 | FE107: -25000 | FF107: -10000 | FG107: 0 | FH107: -206582 | FI107: 0 | FJ107: -50000 | FK107: 0 | FL107: 0 | FM107: 0 | FN107: 0 | FO107: 0 | FP107: 0 | FQ107: 0 | FR107: -1472575.8 | FS107: 0 | FT107: -1472575.8 | FU107: 0 | FV107: =+FW107+FX107 -> -1653228 | FW107: 0 | FX107: -1653228 | FY107: 0 | FZ107: 0 | GA107: 0 | GB107: 0 | GC107: 8778710 | GD107: =+FW107-FS107 -> 0 | GF107: =SUM(C107:BJ107) -> 8778710 | GG107: 8778710 | GH107: =SUM(DK107:FQ107) -> 10251286 | GI107: =+GC107-GG107 -> 0 | GJ107: EA126 | GK107: Cardiff High School | GL107: 7240440 | GM107: =+GF107-GL107 -> 1538270 | GN107: 7400547 | GO107: =+GH107-GN107 -> 2850738.8 | GQ107: 7240440 | GR107: =+GF107-GQ107 -> 1538270
A108: EA127 | B108: Cathays High School | C108: 4346745.4 | D108: 301918.93 | E108: 0 | F108: 0 | G108: 287495.1 | H108: 804772.36 | I108: 131728.86 | J108: 0 | K108: 219284.63 | L108: 64601.17 | M108: 15337.34 | N108: 369787.4 | O108: 0 | P108: 120279.33 | Q108: 168032.1 | R108: 0 | S108: 101457.37 | T108: 0 | U108: 6013.44 | V108: 165497.42 | W108: 184835.36 | X108: 69015 | Y108: 69954.06 | Z108: 35067.55 | AA108: 0 | AB108: 3521.08 | AC108: 1822.01 | AD108: 190631.27 | AE108: 6153 | AF108: 0 | AG108: 20843.61 | AH108: 0 | AI108: 13567.41 | AJ108: 0 | AK108: 168822.98 | AL108: 7909 | AM108: 0 | AN108: 560 | AO108: 20352.18 | AP108: 0 | AQ108: 84.4 | AR108: 119202.8 | AS108: 33265.22 | AT108: -172847.05 | AU108: 0 | AV108: -2348 | AW108: -4655 | AX108: -10540.91 | AY108: -1062787.9 | AZ108: 0 | BA108: 0 | BB108: -16279.55 | BC108: 0 | BD108: 0 | BE108: 0 | BF108: -103543.14 | BG108: 0 | BH108: 0 | BI108: -1676.25 | BJ108: 0 | CF108: 69015 | CP108: =+GC108-BZ108-CF108 -> 6604865 | DK108: 4397443 | DL108: 295459 | DM108: 0 | DN108: 0 | DO108: 135021 | DP108: 906574 | DQ108: 195431 | DR108: 0 | DS108: 226538 | DT108: 62797 | DU108: 0 | DV108: 368869 | DW108: 0 | DX108: 20000 | DY108: 45286 | DZ108: 0 | EA108: 98330 | EB108: 14547 | EC108: 6014 | ED108: 170889 | EE108: 170000 | EF108: 69015 | EG108: 75000 | EH108: 10000 | EI108: 0 | EJ108: 3000 | EK108: 4000 | EL108: 166150 | EM108: 3500 | EN108: 0 | EO108: 11400 | EP108: 50000.57 | EQ108: 120000 | ER108: 0 | ES108: 200000 | ET108: 10000 | EU108: 100250 | EV108: 810 | EW108: 20000 | EX108: 0 | EY108: 1500 | EZ108: 118150 | FA108: 29335 | FB108: -856226 | FC108: 0 | FD108: 0 | FE108: -7500 | FF108: -7500 | FG108: 0 | FH108: 0 | FI108: 0 | FJ108: -7500 | FK108: 0 | FL108: 0 | FM108: 0 | FN108: 0 | FO108: 0 | FP108: -150 | FQ108: 0 | FR108: -552552.57 | FS108: 0 | FT108: -552552.57 | FU108: 0 | FV108: =+FW108+FX108 -> -449009.43 | FW108: 0 | FX108: -449009.43 | FY108: 0 | FZ108: 0 | GA108: 0 | GB108: 0 | GC108: 6673880 | GD108: =+FW108-FS108 -> 0 | GF108: =SUM(C108:BJ108) -> 6673880 | GG108: 6673880 | GH108: =SUM(DK108:FQ108) -> 7226432.6 | GI108: =+GC108-GG108 -> 0 | GJ108: EA127 | GK108: Cathays High School | GL108: 4818240 | GM108: =+GF108-GL108 -> 1855640 | GN108: 4809159 | GO108: =+GH108-GN108 -> 2417273.6 | GQ108: 4818240 | GR108: =+GF108-GQ108 -> 1855640
